Workbook

Sheet Смета 12 гр. по ФЕР
A1: =Source!B1 -> Smeta.RU (495) 974-1589
H4: Приложение 1 к Форме 7
B11: Локальный сметный расчет
B15: на монтаж комплекса систем пожарной безопасности согласно рабочей документации № 581-32/17К-ПБ.СР в здании НИЯУ МИФИ по адресу: г. Москва, Каширское шоссе д. 64, к.1 | AD15: =IF(Source!G12<>"Новый объект", Source!G12, "") -> Капитальный ремонт системы пожарки учебного корпуса НИЯУ МИФИ , Каширка, 64_РОСАТОМ
G20: базовая цена | I20: текущая цена
C21: Сметная стоимость | G21: =SUM(O1:O346)/1000 -> 505.29176 | I21: =(Source!P424/1000) -> 3024.358 | K21: тыс. руб.
C22: Строительные работы | G22: =SUM(W1:W346)/1000 -> 22.00679 | I22: =(Source!P411)/1000 -> 143.70434 | K22: тыс. руб.
C23: Монтажные работы | G23: =SUM(X1:X346)/1000 -> 480.77291 | I23: =(Source!P412)/1000 -> 2371.9587 | K23: тыс. руб.
C24: Оборудование | G24: =SUM(Y1:Y346)/1000 -> 0 | I24: =(Source!P403)/1000 -> 0 | K24: тыс. руб.
C25: Прочие работы | G25: =SUM(Z1:Z346)/1000 -> 2.51206 | I25: =(Source!P413+Source!P414)/1000 -> 47.3522 | K25: тыс. руб.
C26: Нормативная трудоемкость | G26: =I26 -> 4794.4605 | I26: =(Source!P416+Source!P417) -> 4794.4605 | K26: чел. -ч.
C27: Средства на оплату труда | G27: =SUM(R1:R346)/1000 -> 43.10504 | I27: =((Source!P409 + Source!P408)/1000) -> 296.57274 | K27: тыс. руб.
A29: Составлена в ценах 1 квартал 2018 года
A30: № п/п | B30: Шифр расценки и коды ресурсов | C30: Наименование работ и затрат | D30: Ед. изм. | E30: Кол-во единиц | F30: Цена на ед. изм. | G30: Попра-вочные коэфф. | H30: Стоимость в ценах 2001г. | I30: Пункт коэфф. пересчета | J30: Коэфф. пересчета | K30: Стоимость в текущих ценах | L30: ЗТР всего чел.-час
A31: 1 | B31: 2 | C31: 3 | D31: 4 | E31: 5 | F31: 6 | G31: 7 | H31: 8 | I31: 9 | J31: 10 | K31: 11 | L31: 12
A33: =CONCATENATE("Локальная смета: ",IF(Source!G20<>"Новая локальная смета", Source!G20, "")) -> Локальная смета:
A35: =CONCATENATE("Раздел: ",IF(Source!G24<>"Новый раздел", Source!G24, "")) -> Раздел: Раздел 1 Демонтажные работы
A36: =Source!E29 -> 1 | B36: =Source!F29 -> м10-08-002-02 | C36: =Source!G29 -> Демонтаж:ПС автоматический дымовой, фотоэлектрический, радиоизотопный, световой в нормальном исполнении | D36: =Source!H29 -> ШТ | E36: =Source!I29 -> 394 | F36: =Source!AL29+Source!AM29+Source!AO29 -> 18.91 | I36: =Source!BO29 | S36: =ROUND((Source!FX29/100)*((ROUND(Source!AF29*Source!I29, 2)+ROUND(Source!AE29*Source!I29, 2))), 2) -> 1528.09 | T36: =Source!X29 -> 9978.42 | U36: =ROUND((Source!FY29/100)*((ROUND(Source!AF29*Source!I29, 2)+ROUND(Source!AE29*Source!I29, 2))), 2) -> 1146.07 | V36: =Source!Y29 -> 7483.82
C37: Зарплата | F37: =Source!AO29 -> 16.16 | G37: =Source!DG29 -> )*0,3 | H37: =ROUND(Source!AF29*Source!I29, 2) -> 1910.11 | J37: =IF(Source!BA29<> 0, Source!BA29, 1) -> 6.53 | K37: =Source!S29 -> 12473.03 | R37: =H37 -> 1910.11
C38: НР от ФОТ | D38: % | E38: =Source!BZ29 -> 80 | H38: =SUM(S36:S40) -> 1528.09 | J38: =Source!AT29 -> 80 | K38: =SUM(T36:T40) -> 9978.42
C39: СП от ФОТ | D39: % | E39: =Source!CA29 -> 60 | H39: =SUM(U36:U40) -> 1146.07 | J39: =Source!AU29 -> 60 | K39: =SUM(V36:V40) -> 7483.82
C40: Затраты труда | D40: чел-ч | E40: =Source!AQ29 -> 1.68 | G40: =Source!DI29 -> )*0,3 | L40: =Source!U29 -> 198.576
G41: =H37+H38+H39 -> 4584.27 | J41: =K37+K38+K39 -> 29935.27 | L41: =Source!U29 -> 198.576 | O41: =G41 -> 4584.27 | P41: =J41 -> 29935.27 | Q41: =L41 -> 198.576 | W41: =IF(Source!BI29<=1,H37+H38+H39, 0) -> 0 | X41: =IF(Source!BI29=2,H37+H38+H39, 0) -> 4584.27 | Y41: =IF(Source!BI29=3,H37+H38+H39, 0) -> 0 | Z41: =IF(Source!BI29=4,H37+H38+H39, 0) -> 0
A42: =Source!E31 -> 2 | B42: =Source!F31 -> м10-08-001-02 | C42: =Source!G31 -> Демонтаж:Приборы ПС приемно-контрольные, пусковые, концентратор блок базовый на 20 лучей | D42: =Source!H31 -> ШТ | E42: =Source!I31 -> 1 | F42: =Source!AL31+Source!AM31+Source!AO31 -> 130.23 | I42: =Source!BO31 | S42: =ROUND((Source!FX31/100)*((ROUND(Source!AF31*Source!I31, 2)+ROUND(Source!AE31*Source!I31, 2))), 2) -> 28.25 | T42: =Source!X31 -> 184.46 | U42: =ROUND((Source!FY31/100)*((ROUND(Source!AF31*Source!I31, 2)+ROUND(Source!AE31*Source!I31, 2))), 2) -> 21.19 | V42: =Source!Y31 -> 138.34
C43: Зарплата | F43: =Source!AO31 -> 117.7 | G43: =Source!DG31 -> )*0,3 | H43: =ROUND(Source!AF31*Source!I31, 2) -> 35.31 | J43: =IF(Source!BA31<> 0, Source!BA31, 1) -> 6.53 | K43: =Source!S31 -> 230.57 | R43: =H43 -> 35.31
C44: НР от ФОТ | D44: % | E44: =Source!BZ31 -> 80 | H44: =SUM(S42:S46) -> 28.25 | J44: =Source!AT31 -> 80 | K44: =SUM(T42:T46) -> 184.46
C45: СП от ФОТ | D45: % | E45: =Source!CA31 -> 60 | H45: =SUM(U42:U46) -> 21.19 | J45: =Source!AU31 -> 60 | K45: =SUM(V42:V46) -> 138.34
C46: Затраты труда | D46: чел-ч | E46: =Source!AQ31 -> 11.7 | G46: =Source!DI31 -> )*0,3 | L46: =Source!U31 -> 3.51
G47: =H43+H44+H45 -> 84.75 | J47: =K43+K44+K45 -> 553.37 | L47: =Source!U31 -> 3.51 | O47: =G47 -> 84.75 | P47: =J47 -> 553.37 | Q47: =L47 -> 3.51 | W47: =IF(Source!BI31<=1,H43+H44+H45, 0) -> 0 | X47: =IF(Source!BI31=2,H43+H44+H45, 0) -> 84.75 | Y47: =IF(Source!BI31=3,H43+H44+H45, 0) -> 0 | Z47: =IF(Source!BI31=4,H43+H44+H45, 0) -> 0
A48: =Source!E33 -> 3 | B48: =Source!F33 -> м10-08-003-03 | C48: =Source!G33 -> Демонтаж:Устройство ультразвуковое, блок питания и контроля | D48: =Source!H33 -> ШТ | E48: =Source!I33 -> 7 | F48: =Source!AL33+Source!AM33+Source!AO33 -> 41.09 | I48: =Source!BO33 | S48: =ROUND((Source!FX33/100)*((ROUND(Source!AF33*Source!I33, 2)+ROUND(Source!AE33*Source!I33, 2))), 2) -> 61.76 | T48: =Source!X33 -> 403.27 | U48: =ROUND((Source!FY33/100)*((ROUND(Source!AF33*Source!I33, 2)+ROUND(Source!AE33*Source!I33, 2))), 2) -> 46.32 | V48: =Source!Y33 -> 302.45
C49: Зарплата | F49: =Source!AO33 -> 36.76 | G49: =Source!DG33 -> )*0,3 | H49: =ROUND(Source!AF33*Source!I33, 2) -> 77.2 | J49: =IF(Source!BA33<> 0, Source!BA33, 1) -> 6.53 | K49: =Source!S33 -> 504.09 | R49: =H49 -> 77.2
C50: НР от ФОТ | D50: % | E50: =Source!BZ33 -> 80 | H50: =SUM(S48:S52) -> 61.76 | J50: =Source!AT33 -> 80 | K50: =SUM(T48:T52) -> 403.27
C51: СП от ФОТ | D51: % | E51: =Source!CA33 -> 60 | H51: =SUM(U48:U52) -> 46.32 | J51: =Source!AU33 -> 60 | K51: =SUM(V48:V52) -> 302.45
C52: Затраты труда | D52: чел-ч | E52: =Source!AQ33 -> 3.6 | G52: =Source!DI33 -> )*0,3 | L52: =Source!U33 -> 7.56
G53: =H49+H50+H51 -> 185.28 | J53: =K49+K50+K51 -> 1209.81 | L53: =Source!U33 -> 7.56 | O53: =G53 -> 185.28 | P53: =J53 -> 1209.81 | Q53: =L53 -> 7.56 | W53: =IF(Source!BI33<=1,H49+H50+H51, 0) -> 0 | X53: =IF(Source!BI33=2,H49+H50+H51, 0) -> 185.28 | Y53: =IF(Source!BI33=3,H49+H50+H51, 0) -> 0 | Z53: =IF(Source!BI33=4,H49+H50+H51, 0) -> 0
A54: =Source!E35 -> 4 | B54: =Source!F35 -> м10-04-101-07 | C54: =Source!G35 -> Демонтаж:Громкоговоритель или звуковая колонка в помещении | D54: =Source!H35 -> ШТ | E54: =Source!I35 -> 204 | F54: =Source!AL35+Source!AM35+Source!AO35 -> 30.77 | I54: =Source!BO35 | S54: =ROUND((Source!FX35/100)*((ROUND(Source!AF35*Source!I35, 2)+ROUND(Source!AE35*Source!I35, 2))), 2) -> 1021.36 | T54: =Source!X35 -> 6669.45 | U54: =ROUND((Source!FY35/100)*((ROUND(Source!AF35*Source!I35, 2)+ROUND(Source!AE35*Source!I35, 2))), 2) -> 721.61 | V54: =Source!Y35 -> 4712.11
C55: Зарплата | F55: =Source!AO35 -> 18.14 | G55: =Source!DG35 -> )*0,3 | H55: =ROUND(Source!AF35*Source!I35, 2) -> 1110.17 | J55: =IF(Source!BA35<> 0, Source!BA35, 1) -> 6.53 | K55: =Source!S35 -> 7249.4 | R55: =H55 -> 1110.17
C56: НР от ФОТ | D56: % | E56: =Source!BZ35 -> 92 | H56: =SUM(S54:S58) -> 1021.36 | J56: =Source!AT35 -> 92 | K56: =SUM(T54:T58) -> 6669.45
C57: СП от ФОТ | D57: % | E57: =Source!CA35 -> 65 | H57: =SUM(U54:U58) -> 721.61 | J57: =Source!AU35 -> 65 | K57: =SUM(V54:V58) -> 4712.11
C58: Затраты труда | D58: чел-ч | E58: =Source!AQ35 -> 2 | G58: =Source!DI35 -> )*0,3 | L58: =Source!U35 -> 122.4
G59: =H55+H56+H57 -> 2853.14 | J59: =K55+K56+K57 -> 18630.96 | L59: =Source!U35 -> 122.4 | O59: =G59 -> 2853.14 | P59: =J59 -> 18630.96 | Q59: =L59 -> 122.4 | W59: =IF(Source!BI35<=1,H55+H56+H57, 0) -> 0 | X59: =IF(Source!BI35=2,H55+H56+H57, 0) -> 2853.14 | Y59: =IF(Source!BI35=3,H55+H56+H57, 0) -> 0 | Z59: =IF(Source!BI35=4,H55+H56+H57, 0) -> 0
A60: =Source!E37 -> 5 | B60: =Source!F37 -> 67-3-1 | C60: =Source!G37 -> Демонтаж кабеля | D60: =Source!H37 -> 100 м | E60: =Source!I37 -> 116.75 | F60: =Source!AL37+Source!AM37+Source!AO37 -> 75.5 | I60: =Source!BO37 | S60: =ROUND((Source!FX37/100)*((ROUND(Source!AF37*Source!I37, 2)+ROUND(Source!AE37*Source!I37, 2))), 2) -> 7475.56 | T60: =Source!X37 -> 48815.41 | U60: =ROUND((Source!FY37/100)*((ROUND(Source!AF37*Source!I37, 2)+ROUND(Source!AE37*Source!I37, 2))), 2) -> 5716.61 | V60: =Source!Y37 -> 37329.43
C61: ="Объем: "&Source!I37&"=11675/"&"100" -> Объем: 116,75=11675/100
C62: Зарплата | F62: =Source!AO37 -> 75.19 | G62: =Source!DG37 | H62: =ROUND(Source!AF37*Source!I37, 2) -> 8778.43 | J62: =IF(Source!BA37<> 0, Source!BA37, 1) -> 6.53 | K62: =Source!S37 -> 57323.16 | R62: =H62 -> 8778.43
C63: Эксплуатация машин | F63: =Source!AM37 -> 0.31 | G63: =Source!DE37 | H63: =ROUND(Source!AD37*Source!I37, 2) -> 36.19 | J63: =IF(Source!BB37<> 0, Source!BB37, 1) -> 6.53 | K63: =Source!Q37 -> 236.34
C64: в т.ч. зарплата машинистов | F64: =Source!AN37 -> 0.14 | G64: =Source!DF37 | H64: =ROUND(Source!AE37*Source!I37, 2) -> 16.35 | J64: =IF(Source!BS37<> 0, Source!BS37, 1) -> 6.53 | K64: =Source!R37 -> 106.73 | R64: =H64 -> 16.35
C65: НР от ФОТ | D65: % | E65: =Source!BZ37 -> 85 | H65: =SUM(S60:S67) -> 7475.56 | J65: =Source!AT37 -> 85 | K65: =SUM(T60:T67) -> 48815.41
C66: СП от ФОТ | D66: % | E66: =Source!CA37 -> 65 | H66: =SUM(U60:U67) -> 5716.61 | J66: =Source!AU37 -> 65 | K66: =SUM(V60:V67) -> 37329.43
C67: Затраты труда | D67: чел-ч | E67: =Source!AQ37 -> 9.64 | G67: =Source!DI37 | L67: =Source!U37 -> 1125.47
G68: =H62+H63+H65+H66 -> 22006.79 | J68: =K62+K63+K65+K66 -> 143704.34 | L68: =Source!U37 -> 1125.47 | O68: =G68 -> 22006.79 | P68: =J68 -> 143704.34 | Q68: =L68 -> 1125.47 | W68: =IF(Source!BI37<=1,H62+H63+H65+H66, 0) -> 22006.79 | X68: =IF(Source!BI37=2,H62+H63+H65+H66, 0) -> 0 | Y68: =IF(Source!BI37=3,H62+H63+H65+H66, 0) -> 0 | Z68: =IF(Source!BI37=4,H62+H63+H65+H66, 0) -> 0
A70: =CONCATENATE("Итого по разделу: ",IF(Source!G39<>"Новый раздел", Source!G39, "")) -> Итого по разделу: Раздел 1 Демонтажные работы | G70: =SUM(O35:O69) -> 29714.23 | J70: =SUM(P35:P69) -> 194033.75 | L70: =SUM(Q35:Q69) -> 1457.516
C73: =Source!H67 -> Всего | J73: =IF(Source!P67=0, "", Source!P67) -> 194033.75
C74: =Source!H68 -> Итого НДС 18% | J74: =IF(Source!P68=0, "", Source!P68) -> 34926.08
C75: =Source!H69 -> Всего по смете | J75: =IF(Source!P69=0, "", Source!P69) -> 228959.83
A77: =CONCATENATE("Раздел: ",IF(Source!G71<>"Новый раздел", Source!G71, "")) -> Раздел: Раздел 2 Основное оборудование
A78: =Source!E76 -> 6 | B78: =Source!F76 -> м10-08-001-10 | C78: =Source!G76 -> Приборы приемно-контрольные объектовые на 1 луч | D78: =Source!H76 -> ШТ | E78: =Source!I76 -> 9 | F78: =Source!AL76+Source!AM76+Source!AO76 -> 36.71 | I78: =Source!BO76 | S78: =ROUND((Source!FX76/100)*((ROUND(Source!AF76*Source!I76, 2)+ROUND(Source!AE76*Source!I76, 2))), 2) -> 235.73 | T78: =Source!X76 -> 1539.3 | U78: =ROUND((Source!FY76/100)*((ROUND(Source!AF76*Source!I76, 2)+ROUND(Source!AE76*Source!I76, 2))), 2) -> 176.8 | V78: =Source!Y76 -> 1154.48
C79: Зарплата | F79: =Source!AO76 -> 32.74 | G79: =Source!DG76 | H79: =ROUND(Source!AF76*Source!I76, 2) -> 294.66 | J79: =IF(Source!BA76<> 0, Source!BA76, 1) -> 6.53 | K79: =Source!S76 -> 1924.13 | R79: =H79 -> 294.66
C80: Материальные ресурсы | F80: =Source!AL76 -> 3.97 | G80: =Source!DD76 | H80: =ROUND(Source!AC76*Source!I76, 2) -> 35.73 | J80: =IF(Source!BC76<> 0, Source!BC76, 1) -> 6.53 | K80: =Source!P76 -> 233.32
C81: НР от ФОТ | D81: % | E81: =Source!BZ76 -> 80 | H81: =SUM(S78:S85) -> 235.73 | J81: =Source!AT76 -> 80 | K81: =SUM(T78:T85) -> 1539.3
C82: СП от ФОТ | D82: % | E82: =Source!CA76 -> 60 | H82: =SUM(U78:U85) -> 176.8 | J82: =Source!AU76 -> 60 | K82: =SUM(V78:V85) -> 1154.48
C83: Затраты труда | D83: чел-ч | E83: =Source!AQ76 -> 3.3 | G83: =Source!DI76 | L83: =Source!U76 -> 29.7
A84: =Source!E78 -> 6,1 | B84: =Source!F78 -> 61.2.07.04-0002 | C84: =Source!G78 -> Контроллер двухпроводной линии связи, марка "С2000-КДЛ" | D84: =Source!H78 -> шт. | E84: =Source!I78 -> 8 | F84: =Source!AL78+Source!AM78+Source!AO78 -> 175.63 | H84: =ROUND(Source!AC78*Source!I78, 2)+ROUND(Source!AD78*Source!I78, 2)+ROUND(Source!AF78*Source!I78, 2) -> 1405.04 | J84: =IF(Source!BC78<> 0, Source!BC78, 1) -> 6.53 | K84: =Source!O78 -> 9174.91 | S84: =ROUND((Source!FX78/100)*((ROUND(Source!AF78*Source!I78, 2)+ROUND(Source!AE78*Source!I78, 2))), 2) -> 0 | T84: =Source!X78 -> 0 | U84: =ROUND((Source!FY78/100)*((ROUND(Source!AF78*Source!I78, 2)+ROUND(Source!AE78*Source!I78, 2))), 2) -> 0 | V84: =Source!Y78 -> 0 | W84: =IF(Source!BI78<=1,H84, 0) -> 0 | X84: =IF(Source!BI78=2,H84, 0) -> 1405.04 | Y84: =IF(Source!BI78=3,H84, 0) -> 0 | Z84: =IF(Source!BI78=4,H84, 0) -> 0
A85: =Source!E80 -> 6,2 | B85: =Source!F80 -> 61.2.04.10-0004 | C85: =Source!G80 -> Пульт контроля и управления охранно-пожарный, марка "С2000- М" | D85: =Source!H80 -> шт. | E85: =Source!I80 -> 1 | F85: =Source!AL80+Source!AM80+Source!AO80 -> 627.51 | H85: =ROUND(Source!AC80*Source!I80, 2)+ROUND(Source!AD80*Source!I80, 2)+ROUND(Source!AF80*Source!I80, 2) -> 627.51 | J85: =IF(Source!BC80<> 0, Source!BC80, 1) -> 6.53 | K85: =Source!O80 -> 4097.64 | S85: =ROUND((Source!FX80/100)*((ROUND(Source!AF80*Source!I80, 2)+ROUND(Source!AE80*Source!I80, 2))), 2) -> 0 | T85: =Source!X80 -> 0 | U85: =ROUND((Source!FY80/100)*((ROUND(Source!AF80*Source!I80, 2)+ROUND(Source!AE80*Source!I80, 2))), 2) -> 0 | V85: =Source!Y80 -> 0 | W85: =IF(Source!BI80<=1,H85, 0) -> 0 | X85: =IF(Source!BI80=2,H85, 0) -> 627.51 | Y85: =IF(Source!BI80=3,H85, 0) -> 0 | Z85: =IF(Source!BI80=4,H85, 0) -> 0
G86: =H79+H80+H81+H82+SUM(H84:H85) -> 2775.47 | J86: =K79+K80+K81+K82+SUM(K84:K85) -> 18123.78 | L86: =Source!U76 -> 29.7 | O86: =G86 -> 2775.47 | P86: =J86 -> 18123.78 | Q86: =L86 -> 29.7 | W86: =IF(Source!BI76<=1,H79+H80+H81+H82, 0) -> 0 | X86: =IF(Source!BI76=2,H79+H80+H81+H82, 0) -> 742.92 | Y86: =IF(Source!BI76=3,H79+H80+H81+H82, 0) -> 0 | Z86: =IF(Source!BI76=4,H79+H80+H81+H82, 0) -> 0
A87: =Source!E82 -> 7 | B87: =Source!F82 -> м10-08-001-12 | C87: =Source!G82 -> Устройства промежуточные на количество лучей 5 | D87: =Source!H82 -> ШТ | E87: =Source!I82 -> 8 | F87: =Source!AL82+Source!AM82+Source!AO82 -> 28.93 | I87: =Source!BO82 | S87: =ROUND((Source!FX82/100)*((ROUND(Source!AF82*Source!I82, 2)+ROUND(Source!AE82*Source!I82, 2))), 2) -> 158.98 | T87: =Source!X82 -> 1038.11 | U87: =ROUND((Source!FY82/100)*((ROUND(Source!AF82*Source!I82, 2)+ROUND(Source!AE82*Source!I82, 2))), 2) -> 119.23 | V87: =Source!Y82 -> 778.58
C88: Зарплата | F88: =Source!AO82 -> 24.84 | G88: =Source!DG82 | H88: =ROUND(Source!AF82*Source!I82, 2) -> 198.72 | J88: =IF(Source!BA82<> 0, Source!BA82, 1) -> 6.53 | K88: =Source!S82 -> 1297.64 | R88: =H88 -> 198.72
C89: Материальные ресурсы | F89: =Source!AL82 -> 4.09 | G89: =Source!DD82 | H89: =ROUND(Source!AC82*Source!I82, 2) -> 32.72 | J89: =IF(Source!BC82<> 0, Source!BC82, 1) -> 6.53 | K89: =Source!P82 -> 213.66
C90: НР от ФОТ | D90: % | E90: =Source!BZ82 -> 80 | H90: =SUM(S87:S94) -> 158.98 | J90: =Source!AT82 -> 80 | K90: =SUM(T87:T94) -> 1038.11
C91: СП от ФОТ | D91: % | E91: =Source!CA82 -> 60 | H91: =SUM(U87:U94) -> 119.23 | J91: =Source!AU82 -> 60 | K91: =SUM(V87:V94) -> 778.58
C92: Затраты труда | D92: чел-ч | E92: =Source!AQ82 -> 2.4 | G92: =Source!DI82 | L92: =Source!U82 -> 19.2
A93: =Source!E84 -> 7,1 | B93: =Source!F84 -> 61.2.07.02-0034 | C93: =Source!G84 -> Блок контрольно-пусковой, марка "С2000-КПБ" | D93: =Source!H84 -> шт. | E93: =Source!I84 -> 7 | F93: =Source!AL84+Source!AM84+Source!AO84 -> 243.85 | H93: =ROUND(Source!AC84*Source!I84, 2)+ROUND(Source!AD84*Source!I84, 2)+ROUND(Source!AF84*Source!I84, 2) -> 1706.95 | J93: =IF(Source!BC84<> 0, Source!BC84, 1) -> 6.53 | K93: =Source!O84 -> 11146.38 | S93: =ROUND((Source!FX84/100)*((ROUND(Source!AF84*Source!I84, 2)+ROUND(Source!AE84*Source!I84, 2))), 2) -> 0 | T93: =Source!X84 -> 0 | U93: =ROUND((Source!FY84/100)*((ROUND(Source!AF84*Source!I84, 2)+ROUND(Source!AE84*Source!I84, 2))), 2) -> 0 | V93: =Source!Y84 -> 0 | W93: =IF(Source!BI84<=1,H93, 0) -> 0 | X93: =IF(Source!BI84=2,H93, 0) -> 1706.95 | Y93: =IF(Source!BI84=3,H93, 0) -> 0 | Z93: =IF(Source!BI84=4,H93, 0) -> 0
A94: =Source!E86 -> 7,2 | B94: =Source!F86 -> 61.2.07.02-0079 | C94: =Source!G86 -> Блок сигнально-пусковой (релейный блок), марка "С2000-СП1" | D94: =Source!H86 -> шт. | E94: =Source!I86 -> 1 | F94: =Source!AL86+Source!AM86+Source!AO86 -> 153.02 | H94: =ROUND(Source!AC86*Source!I86, 2)+ROUND(Source!AD86*Source!I86, 2)+ROUND(Source!AF86*Source!I86, 2) -> 153.02 | J94: =IF(Source!BC86<> 0, Source!BC86, 1) -> 6.53 | K94: =Source!O86 -> 999.22 | S94: =ROUND((Source!FX86/100)*((ROUND(Source!AF86*Source!I86, 2)+ROUND(Source!AE86*Source!I86, 2))), 2) -> 0 | T94: =Source!X86 -> 0 | U94: =ROUND((Source!FY86/100)*((ROUND(Source!AF86*Source!I86, 2)+ROUND(Source!AE86*Source!I86, 2))), 2) -> 0 | V94: =Source!Y86 -> 0 | W94: =IF(Source!BI86<=1,H94, 0) -> 0 | X94: =IF(Source!BI86=2,H94, 0) -> 153.02 | Y94: =IF(Source!BI86=3,H94, 0) -> 0 | Z94: =IF(Source!BI86=4,H94, 0) -> 0
G95: =H88+H89+H90+H91+SUM(H93:H94) -> 2369.62 | J95: =K88+K89+K90+K91+SUM(K93:K94) -> 15473.59 | L95: =Source!U82 -> 19.2 | O95: =G95 -> 2369.62 | P95: =J95 -> 15473.59 | Q95: =L95 -> 19.2 | W95: =IF(Source!BI82<=1,H88+H89+H90+H91, 0) -> 0 | X95: =IF(Source!BI82=2,H88+H89+H90+H91, 0) -> 509.65 | Y95: =IF(Source!BI82=3,H88+H89+H90+H91, 0) -> 0 | Z95: =IF(Source!BI82=4,H88+H89+H90+H91, 0) -> 0
A96: =Source!E88 -> 8 | B96: =Source!F88 -> м10-08-002-02 | C96: =Source!G88 -> Извещатель ПС автоматический дымовой, фотоэлектрический, радиоизотопный, световой в нормальном исполнении | D96: =Source!H88 -> ШТ | E96: =Source!I88 -> 425 | F96: =Source!AL88+Source!AM88+Source!AO88 -> 18.91 | I96: =Source!BO88 | S96: =ROUND((Source!FX88/100)*((ROUND(Source!AF88*Source!I88, 2)+ROUND(Source!AE88*Source!I88, 2))), 2) -> 5494.4 | T96: =Source!X88 -> 35878.43 | U96: =ROUND((Source!FY88/100)*((ROUND(Source!AF88*Source!I88, 2)+ROUND(Source!AE88*Source!I88, 2))), 2) -> 4120.8 | V96: =Source!Y88 -> 26908.82
C97: Зарплата | F97: =Source!AO88 -> 16.16 | G97: =Source!DG88 | H97: =ROUND(Source!AF88*Source!I88, 2) -> 6868 | J97: =IF(Source!BA88<> 0, Source!BA88, 1) -> 6.53 | K97: =Source!S88 -> 44848.04 | R97: =H97 -> 6868
C98: Материальные ресурсы | F98: =Source!AL88 -> 2.75 | G98: =Source!DD88 | H98: =ROUND(Source!AC88*Source!I88, 2) -> 1168.75 | J98: =IF(Source!BC88<> 0, Source!BC88, 1) -> 6.53 | K98: =Source!P88 -> 7631.94
C99: НР от ФОТ | D99: % | E99: =Source!BZ88 -> 80 | H99: =SUM(S96:S103) -> 5494.4 | J99: =Source!AT88 -> 80 | K99: =SUM(T96:T103) -> 35878.43
C100: СП от ФОТ | D100: % | E100: =Source!CA88 -> 60 | H100: =SUM(U96:U103) -> 4120.8 | J100: =Source!AU88 -> 60 | K100: =SUM(V96:V103) -> 26908.82
C101: Затраты труда | D101: чел-ч | E101: =Source!AQ88 -> 1.68 | G101: =Source!DI88 | L101: =Source!U88 -> 714
A102: =Source!E90 -> 8,1 | B102: =Source!F90 -> 61.2.02.01-0019 | C102: =Source!G90 -> Извещатель пожарный дымовой ДИП-34А | D102: =Source!H90 -> 10 шт. | E102: =Source!I90 -> 39.4 | F102: =Source!AL90+Source!AM90+Source!AO90 -> 1165.22 | H102: =ROUND(Source!AC90*Source!I90, 2)+ROUND(Source!AD90*Source!I90, 2)+ROUND(Source!AF90*Source!I90, 2) -> 45909.67 | J102: =IF(Source!BC90<> 0, Source!BC90, 1) -> 6.53 | K102: =Source!O90 -> 299790.13 | S102: =ROUND((Source!FX90/100)*((ROUND(Source!AF90*Source!I90, 2)+ROUND(Source!AE90*Source!I90, 2))), 2) -> 0 | T102: =Source!X90 -> 0 | U102: =ROUND((Source!FY90/100)*((ROUND(Source!AF90*Source!I90, 2)+ROUND(Source!AE90*Source!I90, 2))), 2) -> 0 | V102: =Source!Y90 -> 0 | W102: =IF(Source!BI90<=1,H102, 0) -> 0 | X102: =IF(Source!BI90=2,H102, 0) -> 45909.67 | Y102: =IF(Source!BI90=3,H102, 0) -> 0 | Z102: =IF(Source!BI90=4,H102, 0) -> 0
A103: =Source!E92 -> 8,2 | B103: =Source!F92 -> 61.2.02.03-0037 | C103: =Source!G92 -> Извещатель пожарный ручной ИПР 513-3А исп. 02 | D103: =Source!H92 -> 10 шт. | E103: =Source!I92 -> 3.1 | F103: =Source!AL92+Source!AM92+Source!AO92 -> 1066.43 | H103: =ROUND(Source!AC92*Source!I92, 2)+ROUND(Source!AD92*Source!I92, 2)+ROUND(Source!AF92*Source!I92, 2) -> 3305.93 | J103: =IF(Source!BC92<> 0, Source!BC92, 1) -> 6.53 | K103: =Source!O92 -> 21587.74 | S103: =ROUND((Source!FX92/100)*((ROUND(Source!AF92*Source!I92, 2)+ROUND(Source!AE92*Source!I92, 2))), 2) -> 0 | T103: =Source!X92 -> 0 | U103: =ROUND((Source!FY92/100)*((ROUND(Source!AF92*Source!I92, 2)+ROUND(Source!AE92*Source!I92, 2))), 2) -> 0 | V103: =Source!Y92 -> 0 | W103: =IF(Source!BI92<=1,H103, 0) -> 0 | X103: =IF(Source!BI92=2,H103, 0) -> 3305.93 | Y103: =IF(Source!BI92=3,H103, 0) -> 0 | Z103: =IF(Source!BI92=4,H103, 0) -> 0
G104: =H97+H98+H99+H100+SUM(H102:H103) -> 66867.55 | J104: =K97+K98+K99+K100+SUM(K102:K103) -> 436645.1 | L104: =Source!U88 -> 714 | O104: =G104 -> 66867.55 | P104: =J104 -> 436645.1 | Q104: =L104 -> 714 | W104: =IF(Source!BI88<=1,H97+H98+H99+H100, 0) -> 0 | X104: =IF(Source!BI88=2,H97+H98+H99+H100, 0) -> 17651.95 | Y104: =IF(Source!BI88=3,H97+H98+H99+H100, 0) -> 0 | Z104: =IF(Source!BI88=4,H97+H98+H99+H100, 0) -> 0
A105: =Source!E94 -> 9 | B105: =Source!F94 -> м10-08-002-01 | C105: =Source!G94 -> Извещатель ПС автоматический тепловой электро-контактный, магнитоконтактный в нормальном исполнении | D105: =Source!H94 -> ШТ | E105: =Source!I94 -> 11 | F105: =Source!AL94+Source!AM94+Source!AO94 -> 9.36 | I105: =Source!BO94 | S105: =ROUND((Source!FX94/100)*((ROUND(Source!AF94*Source!I94, 2)+ROUND(Source!AE94*Source!I94, 2))), 2) -> 71.1 | T105: =Source!X94 -> 464.31 | U105: =ROUND((Source!FY94/100)*((ROUND(Source!AF94*Source!I94, 2)+ROUND(Source!AE94*Source!I94, 2))), 2) -> 53.33 | V105: =Source!Y94 -> 348.23
C106: Зарплата | F106: =Source!AO94 -> 8.08 | G106: =Source!DG94 | H106: =ROUND(Source!AF94*Source!I94, 2) -> 88.88 | J106: =IF(Source!BA94<> 0, Source!BA94, 1) -> 6.53 | K106: =Source!S94 -> 580.39 | R106: =H106 -> 88.88
C107: Материальные ресурсы | F107: =Source!AL94 -> 1.28 | G107: =Source!DD94 | H107: =ROUND(Source!AC94*Source!I94, 2) -> 14.08 | J107: =IF(Source!BC94<> 0, Source!BC94, 1) -> 6.53 | K107: =Source!P94 -> 91.94
C108: НР от ФОТ | D108: % | E108: =Source!BZ94 -> 80 | H108: =SUM(S105:S112) -> 71.1 | J108: =Source!AT94 -> 80 | K108: =SUM(T105:T112) -> 464.31
C109: СП от ФОТ | D109: % | E109: =Source!CA94 -> 60 | H109: =SUM(U105:U112) -> 53.33 | J109: =Source!AU94 -> 60 | K109: =SUM(V105:V112) -> 348.23
C110: Затраты труда | D110: чел-ч | E110: =Source!AQ94 -> 0.84 | G110: =Source!DI94 | L110: =Source!U94 -> 9.24
A111: =Source!E96 -> 9,1 | B111: =Source!F96 -> 61.2.02.02-0051 | C111: =Source!G96 -> Извещатель пожарный тепловой максимально- дифференциальный адресно-аналоговый, марка "С2000-ИП" | D111: =Source!H96 -> шт. | E111: =Source!I96 -> 7 | F111: =Source!AL96+Source!AM96+Source!AO96 -> 137.34 | H111: =ROUND(Source!AC96*Source!I96, 2)+ROUND(Source!AD96*Source!I96, 2)+ROUND(Source!AF96*Source!I96, 2) -> 961.38 | J111: =IF(Source!BC96<> 0, Source!BC96, 1) -> 6.53 | K111: =Source!O96 -> 6277.81 | S111: =ROUND((Source!FX96/100)*((ROUND(Source!AF96*Source!I96, 2)+ROUND(Source!AE96*Source!I96, 2))), 2) -> 0 | T111: =Source!X96 -> 0 | U111: =ROUND((Source!FY96/100)*((ROUND(Source!AF96*Source!I96, 2)+ROUND(Source!AE96*Source!I96, 2))), 2) -> 0 | V111: =Source!Y96 -> 0 | W111: =IF(Source!BI96<=1,H111, 0) -> 0 | X111: =IF(Source!BI96=2,H111, 0) -> 961.38 | Y111: =IF(Source!BI96=3,H111, 0) -> 0 | Z111: =IF(Source!BI96=4,H111, 0) -> 0
A112: =Source!E98 -> 9,2 | B112: =Source!F98 -> Цена поставщика | C112: Извещатель пожарный пламени многодиапазонный ИК/УФ адресный С2000-Спектрон-607 Базисная стоимость: 4 492,92 = [18 714,8 / 1,18 / 3,53] | D112: =Source!H98 -> ШТ | E112: =Source!I98 -> 4 | F112: =Source!AL98+Source!AM98+Source!AO98 -> 4492.92 | H112: =ROUND(Source!AC98*Source!I98, 2)+ROUND(Source!AD98*Source!I98, 2)+ROUND(Source!AF98*Source!I98, 2) -> 17971.68 | J112: =IF(Source!BC98<> 0, Source!BC98, 1) -> 3.53 | K112: =Source!O98 -> 63440.03 | S112: =ROUND((Source!FX98/100)*((ROUND(Source!AF98*Source!I98, 2)+ROUND(Source!AE98*Source!I98, 2))), 2) -> 0 | T112: =Source!X98 -> 0 | U112: =ROUND((Source!FY98/100)*((ROUND(Source!AF98*Source!I98, 2)+ROUND(Source!AE98*Source!I98, 2))), 2) -> 0 | V112: =Source!Y98 -> 0 | W112: =IF(Source!BI98<=1,H112, 0) -> 0 | X112: =IF(Source!BI98=2,H112, 0) -> 17971.68 | Y112: =IF(Source!BI98=3,H112, 0) -> 0 | Z112: =IF(Source!BI98=4,H112, 0) -> 0
G113: =H106+H107+H108+H109+SUM(H111:H112) -> 19160.45 | J113: =K106+K107+K108+K109+SUM(K111:K112) -> 71202.71 | L113: =Source!U94 -> 9.24 | O113: =G113 -> 19160.45 | P113: =J113 -> 71202.71 | Q113: =L113 -> 9.24 | W113: =IF(Source!BI94<=1,H106+H107+H108+H109, 0) -> 0 | X113: =IF(Source!BI94=2,H106+H107+H108+H109, 0) -> 227.39 | Y113: =IF(Source!BI94=3,H106+H107+H108+H109, 0) -> 0 | Z113: =IF(Source!BI94=4,H106+H107+H108+H109, 0) -> 0
A114: =Source!E100 -> 10 | B114: =Source!F100 -> м10-04-101-15 | C114: =Source!G100 -> Транспарант световой (табло) | D114: =Source!H100 -> ШТ | E114: =Source!I100 -> 35 | F114: =Source!AL100+Source!AM100+Source!AO100 -> 21.32 | I114: =Source!BO100 | S114: =ROUND((Source!FX100/100)*((ROUND(Source!AF100*Source!I100, 2)+ROUND(Source!AE100*Source!I100, 2))), 2) -> 619.53 | T114: =Source!X100 -> 4045.52 | U114: =ROUND((Source!FY100/100)*((ROUND(Source!AF100*Source!I100, 2)+ROUND(Source!AE100*Source!I100, 2))), 2) -> 437.71 | V114: =Source!Y100 -> 2858.25
C115: Зарплата | F115: =Source!AO100 -> 19.24 | G115: =Source!DG100 | H115: =ROUND(Source!AF100*Source!I100, 2) -> 673.4 | J115: =IF(Source!BA100<> 0, Source!BA100, 1) -> 6.53 | K115: =Source!S100 -> 4397.3 | R115: =H115 -> 673.4
C116: Материальные ресурсы | F116: =Source!AL100 -> 2.08 | G116: =Source!DD100 | H116: =ROUND(Source!AC100*Source!I100, 2) -> 72.8 | J116: =IF(Source!BC100<> 0, Source!BC100, 1) -> 6.53 | K116: =Source!P100 -> 475.38
C117: НР от ФОТ | D117: % | E117: =Source!BZ100 -> 92 | H117: =SUM(S114:S120) -> 619.53 | J117: =Source!AT100 -> 92 | K117: =SUM(T114:T120) -> 4045.52
C118: СП от ФОТ | D118: % | E118: =Source!CA100 -> 65 | H118: =SUM(U114:U120) -> 437.71 | J118: =Source!AU100 -> 65 | K118: =SUM(V114:V120) -> 2858.25
C119: Затраты труда | D119: чел-ч | E119: =Source!AQ100 -> 2 | G119: =Source!DI100 | L119: =Source!U100 -> 70
A120: =Source!E102 -> 10,1 | B120: =Source!F102 -> 61.2.04.07-0008 | C120: =Source!G102 -> Оповещатель световой МОЛНИЯ-12(24) | D120: =Source!H102 -> шт. | E120: =Source!I102 -> 35 | F120: =Source!AL102+Source!AM102+Source!AO102 -> 38.38 | H120: =ROUND(Source!AC102*Source!I102, 2)+ROUND(Source!AD102*Source!I102, 2)+ROUND(Source!AF102*Source!I102, 2) -> 1343.3 | J120: =IF(Source!BC102<> 0, Source!BC102, 1) -> 6.53 | K120: =Source!O102 -> 8771.75 | S120: =ROUND((Source!FX102/100)*((ROUND(Source!AF102*Source!I102, 2)+ROUND(Source!AE102*Source!I102, 2))), 2) -> 0 | T120: =Source!X102 -> 0 | U120: =ROUND((Source!FY102/100)*((ROUND(Source!AF102*Source!I102, 2)+ROUND(Source!AE102*Source!I102, 2))), 2) -> 0 | V120: =Source!Y102 -> 0 | W120: =IF(Source!BI102<=1,H120, 0) -> 0 | X120: =IF(Source!BI102=2,H120, 0) -> 1343.3 | Y120: =IF(Source!BI102=3,H120, 0) -> 0 | Z120: =IF(Source!BI102=4,H120, 0) -> 0
G121: =H115+H116+H117+H118+SUM(H120:H120) -> 3146.74 | J121: =K115+K116+K117+K118+SUM(K120:K120) -> 20548.2 | L121: =Source!U100 -> 70 | O121: =G121 -> 3146.74 | P121: =J121 -> 20548.2 | Q121: =L121 -> 70 | W121: =IF(Source!BI100<=1,H115+H116+H117+H118, 0) -> 0 | X121: =IF(Source!BI100=2,H115+H116+H117+H118, 0) -> 1803.44 | Y121: =IF(Source!BI100=3,H115+H116+H117+H118, 0) -> 0 | Z121: =IF(Source!BI100=4,H115+H116+H117+H118, 0) -> 0
A122: =Source!E104 -> 11 | B122: =Source!F104 -> м10-04-100-06 | C122: =Source!G104 -> Оборудование радиотрансляционных узлов аппаратура настольная, масса до 20 кг | D122: =Source!H104 -> ШТ | E122: =Source!I104 -> 4 | F122: =Source!AL104+Source!AM104+Source!AO104 -> 250.69 | I122: =Source!BO104 | S122: =ROUND((Source!FX104/100)*((ROUND(Source!AF104*Source!I104, 2)+ROUND(Source!AE104*Source!I104, 2))), 2) -> 247.81 | T122: =Source!X104 -> 1618.21 | U122: =ROUND((Source!FY104/100)*((ROUND(Source!AF104*Source!I104, 2)+ROUND(Source!AE104*Source!I104, 2))), 2) -> 175.08 | V122: =Source!Y104 -> 1143.3
...

Sheet Акт КС-2 c НР и СП
A1: =Source!B1 -> Smeta.RU (495) 974-1589
E2: Унифицированная форма № КС-2
E3: Утверждена постановлением Госкомстата России
E4: от 11.11.99. № 100
G6: Код
F7: Форма по ОКУД | G7: 0322005
G8: =IF(Source!AT15 <> "", Source!AT15, "")
A9: Инвестор | C9: =IF(Source!BA15 <> "", Source!BA15, IF(Source!AU15 <> "", Source!AU15, "")) | F9: по ОКПО
C10: организация, адрес, телефон, факс | G10: =IF(Source!AK15 <> "", Source!AK15, "")
A11: Заказчик | C11: =IF(Source!AX12<> "", Source!AX12, IF(Source!AJ12 <> "", Source!AJ12, "")) | F11: по ОКПО
C12: организация, адрес, телефон, факс | G12: =IF(Source!AO15 <> "", Source!AO15, "")
A13: Подрядчик | C13: =IF(Source!AY12<> "", Source!AY12, IF(Source!AN12 <> "", Source!AN12, "")) | F13: по ОКПО
C14: организация, адрес, телефон, факс | G14: =IF(Source!CO15 <> "", Source!CO15, "")
A15: Стройка | C15: Капитальный ремонт системы пожарки учебного корпуса НИЯУ МИФИ , Каширка, 64_РОСАТОМ | AE15: Капитальный ремонт системы пожарки учебного корпуса НИЯУ МИФИ , Каширка, 64_РОСАТОМ
C16: наименование, адрес | G16: =IF(Source!CP15 <> "", Source!CP15, "")
A17: Объект | C17: =IF(Source!G12<>"Новый объект", Source!G12, "") -> Капитальный ремонт системы пожарки учебного корпуса НИЯУ МИФИ , Каширка, 64_РОСАТОМ | AE17: =IF(Source!G12<>"Новый объект", Source!G12, "") -> Капитальный ремонт системы пожарки учебного корпуса НИЯУ МИФИ , Каширка, 64_РОСАТОМ
C18: наименование
D19: Вид деятельности по ОКДП | G19: =IF(Source!CQ15 <> "", Source!CQ15, "")
D20: Договор подряда | F20: номер | G20: =IF(Source!CR15 <> "", Source!CR15, "")
F21: дата | G21: =IF(Source!CS15 <> 0, Source!CS15, "")
F22: Вид операции | G22: =IF(Source!CT15 <> "", Source!CT15, "")
D24: Номер документа | E24: Дата составления | F24: Отчетный период
F25: с | G25: по
D26: =IF(Source!CN15 <> "", Source!CN15, "") | E26: 43230.648
A28: AKT
A29: О ПРИЕМКЕ ВЫПОЛНЕННЫХ РАБОТ
A31: Сметная (договорная) стоимость в соответствии с договором подряда (субподряда) | F31: =(Source!P424/1000) -> 3024.358 | H31: тыс.руб
A33: Номер | C33: Наименование работ | D33: Номер единичной расценки | E33: Единица измерения | F33: Выполнено работ
A34: по порядку | B34: поз. по смете | F34: Количество | G34: цена за единицу, руб | H34: стоимость, руб
A35: 1 | B35: 2 | C35: 3 | D35: 4 | E35: 5 | F35: 6 | G35: 7 | H35: 8
A37: =CONCATENATE("Локальная смета: ",IF(Source!G20<>"Новая локальная смета", Source!G20, "")) -> Локальная смета:
A39: =CONCATENATE("Раздел: ",IF(Source!G24<>"Новый раздел", Source!G24, "")) -> Раздел: Раздел 1 Демонтажные работы
A40: 1 | B40: =Source!E29 -> 1 | C40: =Source!G29 -> Демонтаж:ПС автоматический дымовой, фотоэлектрический, радиоизотопный, световой в нормальном исполнении | D40: =Source!F29 -> м10-08-002-02 | E40: =Source!H29 -> ШТ | F40: =Source!I29 -> 394 | G40: =Source!AB29 -> 4.848 | H40: =Source!O29 -> 12473.03 | T40: =Source!O29+Source!X29+Source!Y29 -> 29935.27 | U40: =Source!P29 -> 0 | V40: =Source!S29 -> 12473.03 | W40: =Source!Q29 -> 0 | X40: =Source!R29 -> 0 | Y40: =Source!U29 -> 198.576 | Z40: =Source!V29 -> 0 | AA40: =Source!X29 -> 9978.42 | AB40: =Source!Y29 -> 7483.82
C41: Коэфф. к ОЗП | D41: =Source!BA29 -> 6.53
C42: Коэфф. к эксплуатации машин | D42: =Source!BB29 -> 6.53
C43: Коэфф. к материалам | D43: =Source!BC29 -> 6.53
C44: Коэфф. к ЗПМ | D44: =Source!BS29 -> 6.53
C45: Стоимость материалов | D45: )*0
C46: Эксплуатация машин | D46: )*0,3
C47: Оплата труда машинистов | D47: )*0,3
C48: Оплата труда рабочих | D48: )*0,3
C49: Затраты труда рабочих | D49: )*0,3
C50: Затраты труда машинистов | D50: )*0,3
C51: % НР | F51: =Source!BZ29 -> 80 | G51: =(Source!AF29+Source!AE29)*Source!FX29/100 -> 3.8784 | H51: =Source!X29 -> 9978.42
C52: % СП | F52: =Source!CA29 -> 60 | G52: =(Source!AF29+Source!AE29)*Source!FY29/100 -> 2.9088 | H52: =Source!Y29 -> 7483.82
C53: Итого с НР и СП | G53: =((Source!AF29+Source!AE29)*Source!FX29/100)+((Source!AF29+Source!AE29)*Source!FY29/100)+Source!AB29 -> 11.6352 | H53: =Source!O29+Source!X29+Source!Y29 -> 29935.27
A54: 2 | B54: =Source!E31 -> 2 | C54: =Source!G31 -> Демонтаж:Приборы ПС приемно-контрольные, пусковые, концентратор блок базовый на 20 лучей | D54: =Source!F31 -> м10-08-001-02 | E54: =Source!H31 -> ШТ | F54: =Source!I31 -> 1 | G54: =Source!AB31 -> 35.31 | H54: =Source!O31 -> 230.57 | T54: =Source!O31+Source!X31+Source!Y31 -> 553.37 | U54: =Source!P31 -> 0 | V54: =Source!S31 -> 230.57 | W54: =Source!Q31 -> 0 | X54: =Source!R31 -> 0 | Y54: =Source!U31 -> 3.51 | Z54: =Source!V31 -> 0 | AA54: =Source!X31 -> 184.46 | AB54: =Source!Y31 -> 138.34
C55: Коэфф. к ОЗП | D55: =Source!BA31 -> 6.53
C56: Коэфф. к эксплуатации машин | D56: =Source!BB31 -> 6.53
C57: Коэфф. к материалам | D57: =Source!BC31 -> 6.53
C58: Коэфф. к ЗПМ | D58: =Source!BS31 -> 6.53
C59: Стоимость материалов | D59: )*0
C60: Эксплуатация машин | D60: )*0,3
C61: Оплата труда машинистов | D61: )*0,3
C62: Оплата труда рабочих | D62: )*0,3
C63: Затраты труда рабочих | D63: )*0,3
C64: Затраты труда машинистов | D64: )*0,3
C65: % НР | F65: =Source!BZ31 -> 80 | G65: =(Source!AF31+Source!AE31)*Source!FX31/100 -> 28.248 | H65: =Source!X31 -> 184.46
C66: % СП | F66: =Source!CA31 -> 60 | G66: =(Source!AF31+Source!AE31)*Source!FY31/100 -> 21.186 | H66: =Source!Y31 -> 138.34
C67: Итого с НР и СП | G67: =((Source!AF31+Source!AE31)*Source!FX31/100)+((Source!AF31+Source!AE31)*Source!FY31/100)+Source!AB31 -> 84.744 | H67: =Source!O31+Source!X31+Source!Y31 -> 553.37
A68: 3 | B68: =Source!E33 -> 3 | C68: =Source!G33 -> Демонтаж:Устройство ультразвуковое, блок питания и контроля | D68: =Source!F33 -> м10-08-003-03 | E68: =Source!H33 -> ШТ | F68: =Source!I33 -> 7 | G68: =Source!AB33 -> 11.028 | H68: =Source!O33 -> 504.09 | T68: =Source!O33+Source!X33+Source!Y33 -> 1209.81 | U68: =Source!P33 -> 0 | V68: =Source!S33 -> 504.09 | W68: =Source!Q33 -> 0 | X68: =Source!R33 -> 0 | Y68: =Source!U33 -> 7.56 | Z68: =Source!V33 -> 0 | AA68: =Source!X33 -> 403.27 | AB68: =Source!Y33 -> 302.45
C69: Коэфф. к ОЗП | D69: =Source!BA33 -> 6.53
C70: Коэфф. к эксплуатации машин | D70: =Source!BB33 -> 6.53
C71: Коэфф. к материалам | D71: =Source!BC33 -> 6.53
C72: Коэфф. к ЗПМ | D72: =Source!BS33 -> 6.53
C73: Стоимость материалов | D73: )*0
C74: Эксплуатация машин | D74: )*0,3
C75: Оплата труда машинистов | D75: )*0,3
C76: Оплата труда рабочих | D76: )*0,3
C77: Затраты труда рабочих | D77: )*0,3
C78: Затраты труда машинистов | D78: )*0,3
C79: % НР | F79: =Source!BZ33 -> 80 | G79: =(Source!AF33+Source!AE33)*Source!FX33/100 -> 8.8224 | H79: =Source!X33 -> 403.27
C80: % СП | F80: =Source!CA33 -> 60 | G80: =(Source!AF33+Source!AE33)*Source!FY33/100 -> 6.6168 | H80: =Source!Y33 -> 302.45
C81: Итого с НР и СП | G81: =((Source!AF33+Source!AE33)*Source!FX33/100)+((Source!AF33+Source!AE33)*Source!FY33/100)+Source!AB33 -> 26.4672 | H81: =Source!O33+Source!X33+Source!Y33 -> 1209.81
A82: 4 | B82: =Source!E35 -> 4 | C82: =Source!G35 -> Демонтаж:Громкоговоритель или звуковая колонка в помещении | D82: =Source!F35 -> м10-04-101-07 | E82: =Source!H35 -> ШТ | F82: =Source!I35 -> 204 | G82: =Source!AB35 -> 5.442 | H82: =Source!O35 -> 7249.4 | T82: =Source!O35+Source!X35+Source!Y35 -> 18630.96 | U82: =Source!P35 -> 0 | V82: =Source!S35 -> 7249.4 | W82: =Source!Q35 -> 0 | X82: =Source!R35 -> 0 | Y82: =Source!U35 -> 122.4 | Z82: =Source!V35 -> 0 | AA82: =Source!X35 -> 6669.45 | AB82: =Source!Y35 -> 4712.11
C83: Коэфф. к ОЗП | D83: =Source!BA35 -> 6.53
C84: Коэфф. к эксплуатации машин | D84: =Source!BB35 -> 6.53
C85: Коэфф. к материалам | D85: =Source!BC35 -> 6.53
C86: Коэфф. к ЗПМ | D86: =Source!BS35 -> 6.53
C87: Стоимость материалов | D87: )*0
C88: Эксплуатация машин | D88: )*0,3
C89: Оплата труда машинистов | D89: )*0,3
C90: Оплата труда рабочих | D90: )*0,3
C91: Затраты труда рабочих | D91: )*0,3
C92: Затраты труда машинистов | D92: )*0,3
C93: % НР | F93: =Source!BZ35 -> 92 | G93: =(Source!AF35+Source!AE35)*Source!FX35/100 -> 5.00664 | H93: =Source!X35 -> 6669.45
C94: % СП | F94: =Source!CA35 -> 65 | G94: =(Source!AF35+Source!AE35)*Source!FY35/100 -> 3.5373 | H94: =Source!Y35 -> 4712.11
C95: Итого с НР и СП | G95: =((Source!AF35+Source!AE35)*Source!FX35/100)+((Source!AF35+Source!AE35)*Source!FY35/100)+Source!AB35 -> 13.98594 | H95: =Source!O35+Source!X35+Source!Y35 -> 18630.96
A96: 5 | B96: =Source!E37 -> 5 | C96: =Source!G37 -> Демонтаж кабеля | D96: =Source!F37 -> 67-3-1 | E96: =Source!H37 -> 100 м | F96: =Source!I37 -> 116.75 | G96: =Source!AB37 -> 75.5 | H96: =Source!O37 -> 57559.5 | T96: =Source!O37+Source!X37+Source!Y37 -> 143704.34 | U96: =Source!P37 -> 0 | V96: =Source!S37 -> 57323.16 | W96: =Source!Q37 -> 236.34 | X96: =Source!R37 -> 106.73 | Y96: =Source!U37 -> 1125.47 | Z96: =Source!V37 -> 1.1675 | AA96: =Source!X37 -> 48815.41 | AB96: =Source!Y37 -> 37329.43
C97: ="Объем: "&Source!I37&"=11675/"&"100" -> Объем: 116,75=11675/100
C98: Коэфф. к ОЗП | D98: =Source!BA37 -> 6.53
C99: Коэфф. к эксплуатации машин | D99: =Source!BB37 -> 6.53
C100: Коэфф. к материалам | D100: =Source!BC37 -> 6.53
C101: Коэфф. к ЗПМ | D101: =Source!BS37 -> 6.53
C102: % НР | F102: =Source!BZ37 -> 85 | G102: =(Source!AF37+Source!AE37)*Source!FX37/100 -> 64.0305 | H102: =Source!X37 -> 48815.41
C103: % СП | F103: =Source!CA37 -> 65 | G103: =(Source!AF37+Source!AE37)*Source!FY37/100 -> 48.9645 | H103: =Source!Y37 -> 37329.43
C104: Итого с НР и СП | G104: =((Source!AF37+Source!AE37)*Source!FX37/100)+((Source!AF37+Source!AE37)*Source!FY37/100)+Source!AB37 -> 188.495 | H104: =Source!O37+Source!X37+Source!Y37 -> 143704.34
C106: =CONCATENATE("Итого по разделу: ",IF(Source!G39<>"Новый раздел", Source!G39, "")) -> Итого по разделу: Раздел 1 Демонтажные работы | H106: =IF(SUM(T39:T105)=0, "-", SUM(T39:T105)) -> 194033.75
C109: =Source!H67 -> Всего | G109: =IF(Source!P67=0, "", Source!P67) -> 194033.75
C110: =Source!H68 -> Итого НДС 18% | G110: =IF(Source!P68=0, "", Source!P68) -> 34926.08
...

Sheet Source
A1: 0 | B1: Smeta.RU (495) 974-1589 | D1: _PS_ | F1: 0 | G1: 0 | H1: 0 | I1: Smeta.RU | J1: НИЯУ МИФИ Доп. раб. место MCCS-0027251 | K1: 0 | L1: 27251 | M1: 10
A12: 1 | B12: 455 | C12: 0 | D12: =ROW(A394) -> 394 | E12: 0 | F12: Новый объект_(Копия) | G12: Капитальный ремонт системы пожарки учебного корпуса НИЯУ МИФИ , Каширка, 64_РОСАТОМ | I12: 0 | K12: 0 | O12: 0 | P12: 0 | Q12: 0 | R12: 0 | S12: 0 | V12: 0 | BH12: Сметные нормы списания | BI12: Коды ценников | BJ12: 1 | BK12: 1 | BL12: 0 | BM12: 0 | BN12: 1 | BO12: 0 | BP12: 6 | BQ12: 2 | BR12: 1 | BS12: 1 | BT12: 0 | BU12: 0 | BV12: 0 | BW12: 0 | BX12: 0 | BY12: ФЕР-2017 | BZ12: ТР для Версии 10: Центральные регионы (с учетом п-ма 2536-ИП/12/ГС от 22.03.2017 г | CA12: ФЕР-2017 | CB12: ФЕР-2017 | CC12: ФЕР-2017 | CD12: ФЕР-2017 | CE12: Поправки для ГСН 2017 от 31.03.2017 г | CF12: 0 | CG12: 0 | CH12: 524296 | CK12: 4 | EC12: 0
A15: 15 | B15: 1
A18: 52 | B18: =B394 -> 455 | C18: =C394 -> 1 | D18: =D394 -> 12 | E18: =E394 -> 0 | F18: =F394 -> Новый объект_(Копия) | G18: =G394 -> Капитальный ремонт системы пожарки учебного корпуса НИЯУ МИФИ , Каширка, 64_РОСАТОМ | O18: =O394 -> 184306.15 | P18: =P394 -> 140721.82 | Q18: =Q394 -> 569.79 | R18: =R394 -> 90.5 | S18: =S394 -> 43014.54 | T18: =T394 -> 0 | U18: =U394 -> 4787.303 | V18: =V394 -> 7.1575 | ... GX18: =GX394 -> 0
A20: 3 | B20: 1 | D20: =ROW(A362) -> 362 | F20: Новая локальная смета | G20: Новая локальная смета | I20: 0 | K20: 0 | V20: 0 | BX20: 0 | CF20: 0 | CG20: 0
A22: 52 | B22: =B362 -> 1 | C22: =C362 -> 3 | D22: =D362 -> 20 | E22: =E362 -> 0 | F22: =F362 -> Новая локальная смета | G22: =G362 -> Новая локальная смета | O22: =O362 -> 184306.15 | P22: =P362 -> 140721.82 | Q22: =Q362 -> 569.79 | R22: =R362 -> 90.5 | S22: =S362 -> 43014.54 | T22: =T362 -> 0 | U22: =U362 -> 4787.303 | V22: =V362 -> 7.1575 | ... GX22: =GX362 -> 0
A24: 4 | B24: 1 | D24: =ROW(A39) -> 39 | F24: Новый раздел | G24: Раздел 1 Демонтажные работы | I24: 0 | K24: 0 | V24: 0 | BX24: 0 | CJ24: 0
A26: 52 | B26: =B39 -> 1 | C26: =C39 -> 4 | D26: =D39 -> 24 | E26: =E39 -> 0 | F26: =F39 -> Новый раздел | G26: =G39 -> Раздел 1 Демонтажные работы | O26: =O39 -> 11947.41 | P26: =P39 -> 0 | Q26: =Q39 -> 36.19 | R26: =R39 -> 16.35 | S26: =S39 -> 11911.22 | T26: =T39 -> 0 | U26: =U39 -> 1457.516 | V26: =V39 -> 1.1675 | ... GX26: =GX39 -> 0
A28: 17 | B28: 1 | C28: =ROW(SmtRes!A6) -> 6 | D28: =ROW(EtalonRes!A6) -> 6 | E28: 1 | F28: м10-08-002-02 | G28: Демонтаж:ПС автоматический дымовой, фотоэлектрический, радиоизотопный, световой в нормальном исполнении | H28: ШТ | I28: 394 | J28: 0 | O28: =ROUND(CP28,2) -> 1910.11 | P28: =ROUND(CQ28*I28,2) -> 0 | Q28: =ROUND(CR28*I28,2) -> 0 | R28: =ROUND(CS28*I28,2) -> 0 | S28: =ROUND(CT28*I28,2) -> 1910.11 | T28: =ROUND(CU28*I28,2) -> 0 | U28: =CV28*I28 -> 198.576 | V28: =CW28*I28 -> 0 | W28: =ROUND(CX28*I28,2) -> 0 | X28: =ROUND(CY28,2) -> 1528.09 | Y28: =ROUND(CZ28,2) -> 1146.07 | AA28: 16670159 | AB28: =ROUND((AC28+AD28+AF28),6) -> 4.848 | AC28: =ROUND(((ES28*0)),6) -> 0 | AD28: =ROUND(((((ET28*0.3))-((EU28*0.3)))+AE28),6) -> 0 | AE28: =ROUND(((EU28*0.3)),6) -> 0 | AF28: =ROUND(((EV28*0.3)),6) -> 4.848 | AG28: =ROUND((AP28),6) -> 0 | AH28: =((EW28*0.3)) -> 0.504 | AI28: =((EX28*0.3)) -> 0 | AJ28: =ROUND((AS28),6) -> 0 | AK28: 18.91 | AL28: 2.75 | AM28: 0 | AN28: 0 | AO28: 16.16 | AP28: 0 | AQ28: 1.68 | AR28: 0 | AS28: 0 | AT28: 80 | AU28: 60 | AV28: 1 | AW28: 1 | AZ28: 1 | BA28: 1 | BB28: 1 | BC28: 1 | BH28: 0 | BI28: 2 | BJ28: ФЕРм-2001, м10-08-002-02, приказ Минстроя России №1039/пр от 30.12.2016г. | BM28: 110011 | BN28: 0 | BP28: 0 | BQ28: 3 | BR28: 0 | BS28: 1 | BT28: 1 | BU28: 1 | BV28: 1 | BW28: 1 | BX28: 1 | BZ28: 80 | CA28: 60 | CF28: 0 | CG28: 0 | CM28: 0 | CN28: Поправка: Табл.3, п.4 Наименование: Демонтаж: Оборудование, не пригодное для дальнейшего использования, (предназначено в лом) без разборки и резки | CO28: 0 | CP28: =(P28+Q28+S28) -> 1910.11 | CQ28: =AC28*BC28 -> 0 | CR28: =AD28*BB28 -> 0 | CS28: =AE28*BS28 -> 0 | CT28: =AF28*BA28 -> 4.848 | CU28: =AG28 -> 0 | CV28: =AH28 -> 0.504 | CW28: =AI28 -> 0 | CX28: =AJ28 -> 0 | CY28: =(((S28+R28)*AT28)/100) -> 1528.088 | CZ28: =(((S28+R28)*AU28)/100) -> 1146.066 | DD28: )*0 | DE28: )*0,3 | DF28: )*0,3 | DG28: )*0,3 | DI28: )*0,3 | DJ28: )*0,3 | DN28: 0 | DO28: 0 | DP28: 1 | DQ28: 1 | DU28: 1013 | DV28: ШТ | DW28: ШТ | DX28: 1 | EE28: 16510417 | EF28: 3 | EG28: Монтажные работы | EH28: 0 | EJ28: 2 | EK28: 110011 | EL28: Связь: пожарно-охранная сигнализация и пром. телевиз. установки ( отделы 8 и 9 ) (при устройстве средств посадки самолетов : НР=95%, СП=55% - {АВИА}=1) | EM28: мФЕР-10 | EO28: Поправка: Табл.3, п.4 | EQ28: 0 | ER28: 18.91 | ES28: 2.75 | ET28: 0 | EU28: 0 | EV28: 16.16 | EW28: 1.68 | EX28: 0 | EY28: 0 | FQ28: 0 | FR28: =ROUND(IF(AND(BH28=3,BI28=3),P28,0),2) -> 0 | FS28: 0 | FX28: 80 | FY28: 60 | GD28: 0 | GF28: 115411083 | GG28: 1 | GH28: 1 | GI28: -2 | GJ28: 0 | GK28: =ROUND(R28*(R12)/100,2) -> 0 | GL28: =ROUND(IF(AND(BH28=3,BI28=3,FS28<>0),P28,0),2) -> 0 | GM28: =ROUND(O28+X28+Y28+GK28,2)+GX28 -> 4584.27 | GN28: =IF(OR(BI28=0,BI28=1),ROUND(O28+X28+Y28+GK28,2),0) -> 0 | GO28: =IF(BI28=2,ROUND(O28+X28+Y28+GK28,2),0) -> 4584.27 | GP28: =IF(BI28=4,ROUND(O28+X28+Y28+GK28,2)+GX28,0) -> 0 | GR28: 0 | GS28: 3 | GT28: 0 | GV28: =ROUND(GT28,6) -> 0 | GW28: 1 | GX28: =ROUND(GV28*GW28*I28,2) -> 0 | HA28: 0 | HB28: 0 | IK28: 0
A29: 17 | B29: 1 | C29: =ROW(SmtRes!A12) -> 12 | D29: =ROW(EtalonRes!A12) -> 12 | E29: 1 | F29: м10-08-002-02 | G29: Демонтаж:ПС автоматический дымовой, фотоэлектрический, радиоизотопный, световой в нормальном исполнении | H29: ШТ | I29: 394 | J29: 0 | O29: =ROUND(CP29,2) -> 12473.03 | P29: =ROUND(CQ29*I29,2) -> 0 | Q29: =ROUND(CR29*I29,2) -> 0 | R29: =ROUND(CS29*I29,2) -> 0 | S29: =ROUND(CT29*I29,2) -> 12473.03 | T29: =ROUND(CU29*I29,2) -> 0 | U29: =CV29*I29 -> 198.576 | V29: =CW29*I29 -> 0 | W29: =ROUND(CX29*I29,2) -> 0 | X29: =ROUND(CY29,2) -> 9978.42 | Y29: =ROUND(CZ29,2) -> 7483.82 | AA29: 16670161 | AB29: =ROUND((AC29+AD29+AF29),6) -> 4.848 | AC29: =ROUND(((ES29*0)),6) -> 0 | AD29: =ROUND(((((ET29*0.3))-((EU29*0.3)))+AE29),6) -> 0 | AE29: =ROUND(((EU29*0.3)),6) -> 0 | AF29: =ROUND(((EV29*0.3)),6) -> 4.848 | AG29: =ROUND((AP29),6) -> 0 | AH29: =((EW29*0.3)) -> 0.504 | AI29: =((EX29*0.3)) -> 0 | AJ29: =ROUND((AS29),6) -> 0 | AK29: 18.91 | AL29: 2.75 | AM29: 0 | AN29: 0 | AO29: 16.16 | AP29: 0 | AQ29: 1.68 | AR29: 0 | AS29: 0 | AT29: 80 | AU29: 60 | AV29: 1 | AW29: 1 | AZ29: 6.53 | BA29: 6.53 | BB29: 6.53 | BC29: 6.53 | BH29: 0 | BI29: 2 | BJ29: ФЕРм-2001, м10-08-002-02, приказ Минстроя России №1039/пр от 30.12.2016г. | BM29: 110011 | BN29: 0 | BP29: 0 | BQ29: 3 | BR29: 0 | BS29: 6.53 | BT29: 1 | BU29: 1 | BV29: 1 | BW29: 1 | BX29: 1 | BZ29: 80 | CA29: 60 | CF29: 0 | CG29: 0 | CM29: 0 | CN29: Поправка: Табл.3, п.4 Наименование: Демонтаж: Оборудование, не пригодное для дальнейшего использования, (предназначено в лом) без разборки и резки | CO29: 0 | CP29: =(P29+Q29+S29) -> 12473.03 | CQ29: =AC29*BC29 -> 0 | CR29: =AD29*BB29 -> 0 | CS29: =AE29*BS29 -> 0 | CT29: =AF29*BA29 -> 31.65744 | CU29: =AG29 -> 0 | CV29: =AH29 -> 0.504 | CW29: =AI29 -> 0 | CX29: =AJ29 -> 0 | CY29: =(((S29+R29)*AT29)/100) -> 9978.424 | CZ29: =(((S29+R29)*AU29)/100) -> 7483.818 | DD29: )*0 | DE29: )*0,3 | DF29: )*0,3 | DG29: )*0,3 | DI29: )*0,3 | DJ29: )*0,3 | DN29: 0 | DO29: 0 | DP29: 1 | DQ29: 1 | DU29: 1013 | DV29: ШТ | DW29: ШТ | DX29: 1 | EE29: 16510417 | EF29: 3 | EG29: Монтажные работы | EH29: 0 | EJ29: 2 | EK29: 110011 | EL29: Связь: пожарно-охранная сигнализация и пром. телевиз. установки ( отделы 8 и 9 ) (при устройстве средств посадки самолетов : НР=95%, СП=55% - {АВИА}=1) | EM29: мФЕР-10 | EO29: Поправка: Табл.3, п.4 | EQ29: 0 | ER29: 18.91 | ES29: 2.75 | ET29: 0 | EU29: 0 | EV29: 16.16 | EW29: 1.68 | EX29: 0 | EY29: 0 | FQ29: 0 | FR29: =ROUND(IF(AND(BH29=3,BI29=3),P29,0),2) -> 0 | FS29: 0 | FX29: 80 | FY29: 60 | GD29: 0 | GF29: 115411083 | GG29: 1 | GH29: 1 | GI29: 4 | GJ29: 0 | GK29: =ROUND(R29*(S12)/100,2) -> 0 | GL29: =ROUND(IF(AND(BH29=3,BI29=3,FS29<>0),P29,0),2) -> 0 | GM29: =ROUND(O29+X29+Y29+GK29,2)+GX29 -> 29935.27 | GN29: =IF(OR(BI29=0,BI29=1),ROUND(O29+X29+Y29+GK29,2),0) -> 0 | GO29: =IF(BI29=2,ROUND(O29+X29+Y29+GK29,2),0) -> 29935.27 | GP29: =IF(BI29=4,ROUND(O29+X29+Y29+GK29,2)+GX29,0) -> 0 | GR29: 0 | GS29: 3 | GT29: 0 | GV29: =ROUND(GT29,6) -> 0 | GW29: 1 | GX29: =ROUND(GV29*GW29*I29,2) -> 0 | HA29: 0 | HB29: 0 | IK29: 0
A30: 17 | B30: 1 | C30: =ROW(SmtRes!A17) -> 17 | D30: =ROW(EtalonRes!A17) -> 17 | E30: 2 | F30: м10-08-001-02 | G30: Демонтаж:Приборы ПС приемно-контрольные, пусковые, концентратор блок базовый на 20 лучей | H30: ШТ | I30: 1 | J30: 0 | O30: =ROUND(CP30,2) -> 35.31 | P30: =ROUND(CQ30*I30,2) -> 0 | Q30: =ROUND(CR30*I30,2) -> 0 | R30: =ROUND(CS30*I30,2) -> 0 | S30: =ROUND(CT30*I30,2) -> 35.31 | T30: =ROUND(CU30*I30,2) -> 0 | U30: =CV30*I30 -> 3.51 | V30: =CW30*I30 -> 0 | W30: =ROUND(CX30*I30,2) -> 0 | X30: =ROUND(CY30,2) -> 28.25 | Y30: =ROUND(CZ30,2) -> 21.19 | AA30: 16670159 | AB30: =ROUND((AC30+AD30+AF30),6) -> 35.31 | AC30: =ROUND(((ES30*0)),6) -> 0 | AD30: =ROUND(((((ET30*0.3))-((EU30*0.3)))+AE30),6) -> 0 | AE30: =ROUND(((EU30*0.3)),6) -> 0 | AF30: =ROUND(((EV30*0.3)),6) -> 35.31 | AG30: =ROUND((AP30),6) -> 0 | AH30: =((EW30*0.3)) -> 3.51 | AI30: =((EX30*0.3)) -> 0 | AJ30: =ROUND((AS30),6) -> 0 | AK30: 130.23 | AL30: 12.53 | AM30: 0 | AN30: 0 | AO30: 117.7 | AP30: 0 | AQ30: 11.7 | AR30: 0 | AS30: 0 | AT30: 80 | AU30: 60 | AV30: 1 | AW30: 1 | AZ30: 1 | BA30: 1 | BB30: 1 | BC30: 1 | BH30: 0 | BI30: 2 | BJ30: ФЕРм-2001, м10-08-001-02, приказ Минстроя России №1039/пр от 30.12.2016г. | BM30: 110011 | BN30: 0 | BP30: 0 | BQ30: 3 | BR30: 0 | BS30: 1 | BT30: 1 | BU30: 1 | BV30: 1 | BW30: 1 | BX30: 1 | BZ30: 80 | CA30: 60 | CF30: 0 | CG30: 0 | CM30: 0 | CN30: Поправка: Табл.3, п.4 Наименование: Демонтаж: Оборудование, не пригодное для дальнейшего использования, (предназначено в лом) без разборки и резки | CO30: 0 | CP30: =(P30+Q30+S30) -> 35.31 | CQ30: =AC30*BC30 -> 0 | CR30: =AD30*BB30 -> 0 | CS30: =AE30*BS30 -> 0 | CT30: =AF30*BA30 -> 35.31 | CU30: =AG30 -> 0 | CV30: =AH30 -> 3.51 | CW30: =AI30 -> 0 | CX30: =AJ30 -> 0 | CY30: =(((S30+R30)*AT30)/100) -> 28.248 | CZ30: =(((S30+R30)*AU30)/100) -> 21.186 | DD30: )*0 | DE30: )*0,3 | DF30: )*0,3 | DG30: )*0,3 | DI30: )*0,3 | DJ30: )*0,3 | DN30: 0 | DO30: 0 | DP30: 1 | DQ30: 1 | DU30: 1013 | DV30: ШТ | DW30: ШТ | DX30: 1 | EE30: 16510417 | EF30: 3 | EG30: Монтажные работы | EH30: 0 | EJ30: 2 | EK30: 110011 | EL30: Связь: пожарно-охранная сигнализация и пром. телевиз. установки ( отделы 8 и 9 ) (при устройстве средств посадки самолетов : НР=95%, СП=55% - {АВИА}=1) | EM30: мФЕР-10 | EO30: Поправка: Табл.3, п.4 | EQ30: 0 | ER30: 130.23 | ES30: 12.53 | ET30: 0 | EU30: 0 | EV30: 117.7 | EW30: 11.7 | EX30: 0 | EY30: 0 | FQ30: 0 | FR30: =ROUND(IF(AND(BH30=3,BI30=3),P30,0),2) -> 0 | FS30: 0 | FX30: 80 | FY30: 60 | GD30: 0 | GF30: 1818641454 | GG30: 1 | GH30: 1 | GI30: -2 | GJ30: 0 | GK30: =ROUND(R30*(R12)/100,2) -> 0 | GL30: =ROUND(IF(AND(BH30=3,BI30=3,FS30<>0),P30,0),2) -> 0 | GM30: =ROUND(O30+X30+Y30+GK30,2)+GX30 -> 84.75 | GN30: =IF(OR(BI30=0,BI30=1),ROUND(O30+X30+Y30+GK30,2),0) -> 0 | GO30: =IF(BI30=2,ROUND(O30+X30+Y30+GK30,2),0) -> 84.75 | GP30: =IF(BI30=4,ROUND(O30+X30+Y30+GK30,2)+GX30,0) -> 0 | GR30: 0 | GS30: 3 | GT30: 0 | GV30: =ROUND(GT30,6) -> 0 | GW30: 1 | GX30: =ROUND(GV30*GW30*I30,2) -> 0 | HA30: 0 | HB30: 0 | IK30: 0
A31: 17 | B31: 1 | C31: =ROW(SmtRes!A22) -> 22 | D31: =ROW(EtalonRes!A22) -> 22 | E31: 2 | F31: м10-08-001-02 | G31: Демонтаж:Приборы ПС приемно-контрольные, пусковые, концентратор блок базовый на 20 лучей | H31: ШТ | I31: 1 | J31: 0 | O31: =ROUND(CP31,2) -> 230.57 | P31: =ROUND(CQ31*I31,2) -> 0 | Q31: =ROUND(CR31*I31,2) -> 0 | R31: =ROUND(CS31*I31,2) -> 0 | S31: =ROUND(CT31*I31,2) -> 230.57 | T31: =ROUND(CU31*I31,2) -> 0 | U31: =CV31*I31 -> 3.51 | V31: =CW31*I31 -> 0 | W31: =ROUND(CX31*I31,2) -> 0 | X31: =ROUND(CY31,2) -> 184.46 | Y31: =ROUND(CZ31,2) -> 138.34 | AA31: 16670161 | AB31: =ROUND((AC31+AD31+AF31),6) -> 35.31 | AC31: =ROUND(((ES31*0)),6) -> 0 | AD31: =ROUND(((((ET31*0.3))-((EU31*0.3)))+AE31),6) -> 0 | AE31: =ROUND(((EU31*0.3)),6) -> 0 | AF31: =ROUND(((EV31*0.3)),6) -> 35.31 | AG31: =ROUND((AP31),6) -> 0 | AH31: =((EW31*0.3)) -> 3.51 | AI31: =((EX31*0.3)) -> 0 | AJ31: =ROUND((AS31),6) -> 0 | AK31: 130.23 | AL31: 12.53 | AM31: 0 | AN31: 0 | AO31: 117.7 | AP31: 0 | AQ31: 11.7 | AR31: 0 | AS31: 0 | AT31: 80 | AU31: 60 | AV31: 1 | AW31: 1 | AZ31: 6.53 | BA31: 6.53 | BB31: 6.53 | BC31: 6.53 | BH31: 0 | BI31: 2 | BJ31: ФЕРм-2001, м10-08-001-02, приказ Минстроя России №1039/пр от 30.12.2016г. | BM31: 110011 | BN31: 0 | BP31: 0 | BQ31: 3 | BR31: 0 | BS31: 6.53 | BT31: 1 | BU31: 1 | BV31: 1 | BW31: 1 | BX31: 1 | BZ31: 80 | CA31: 60 | CF31: 0 | CG31: 0 | CM31: 0 | CN31: Поправка: Табл.3, п.4 Наименование: Демонтаж: Оборудование, не пригодное для дальнейшего использования, (предназначено в лом) без разборки и резки | CO31: 0 | CP31: =(P31+Q31+S31) -> 230.57 | CQ31: =AC31*BC31 -> 0 | CR31: =AD31*BB31 -> 0 | CS31: =AE31*BS31 -> 0 | CT31: =AF31*BA31 -> 230.5743 | CU31: =AG31 -> 0 | CV31: =AH31 -> 3.51 | CW31: =AI31 -> 0 | CX31: =AJ31 -> 0 | CY31: =(((S31+R31)*AT31)/100) -> 184.456 | CZ31: =(((S31+R31)*AU31)/100) -> 138.342 | DD31: )*0 | DE31: )*0,3 | DF31: )*0,3 | DG31: )*0,3 | DI31: )*0,3 | DJ31: )*0,3 | DN31: 0 | DO31: 0 | DP31: 1 | DQ31: 1 | DU31: 1013 | DV31: ШТ | DW31: ШТ | DX31: 1 | EE31: 16510417 | EF31: 3 | EG31: Монтажные работы | EH31: 0 | EJ31: 2 | EK31: 110011 | EL31: Связь: пожарно-охранная сигнализация и пром. телевиз. установки ( отделы 8 и 9 ) (при устройстве средств посадки самолетов : НР=95%, СП=55% - {АВИА}=1) | EM31: мФЕР-10 | EO31: Поправка: Табл.3, п.4 | EQ31: 0 | ER31: 130.23 | ES31: 12.53 | ET31: 0 | EU31: 0 | EV31: 117.7 | EW31: 11.7 | EX31: 0 | EY31: 0 | FQ31: 0 | FR31: =ROUND(IF(AND(BH31=3,BI31=3),P31,0),2) -> 0 | FS31: 0 | FX31: 80 | FY31: 60 | GD31: 0 | GF31: 1818641454 | GG31: 1 | GH31: 1 | GI31: 4 | GJ31: 0 | GK31: =ROUND(R31*(S12)/100,2) -> 0 | GL31: =ROUND(IF(AND(BH31=3,BI31=3,FS31<>0),P31,0),2) -> 0 | GM31: =ROUND(O31+X31+Y31+GK31,2)+GX31 -> 553.37 | GN31: =IF(OR(BI31=0,BI31=1),ROUND(O31+X31+Y31+GK31,2),0) -> 0 | GO31: =IF(BI31=2,ROUND(O31+X31+Y31+GK31,2),0) -> 553.37 | GP31: =IF(BI31=4,ROUND(O31+X31+Y31+GK31,2)+GX31,0) -> 0 | GR31: 0 | GS31: 3 | GT31: 0 | GV31: =ROUND(GT31,6) -> 0 | GW31: 1 | GX31: =ROUND(GV31*GW31*I31,2) -> 0 | HA31: 0 | HB31: 0 | IK31: 0
A32: 17 | B32: 1 | C32: =ROW(SmtRes!A28) -> 28 | D32: =ROW(EtalonRes!A28) -> 28 | E32: 3 | F32: м10-08-003-03 | G32: Демонтаж:Устройство ультразвуковое, блок питания и контроля | H32: ШТ | I32: 7 | J32: 0 | O32: =ROUND(CP32,2) -> 77.2 | P32: =ROUND(CQ32*I32,2) -> 0 | Q32: =ROUND(CR32*I32,2) -> 0 | R32: =ROUND(CS32*I32,2) -> 0 | S32: =ROUND(CT32*I32,2) -> 77.2 | T32: =ROUND(CU32*I32,2) -> 0 | U32: =CV32*I32 -> 7.56 | V32: =CW32*I32 -> 0 | W32: =ROUND(CX32*I32,2) -> 0 | X32: =ROUND(CY32,2) -> 61.76 | Y32: =ROUND(CZ32,2) -> 46.32 | AA32: 16670159 | AB32: =ROUND((AC32+AD32+AF32),6) -> 11.028 | AC32: =ROUND(((ES32*0)),6) -> 0 | AD32: =ROUND(((((ET32*0.3))-((EU32*0.3)))+AE32),6) -> 0 | AE32: =ROUND(((EU32*0.3)),6) -> 0 | AF32: =ROUND(((EV32*0.3)),6) -> 11.028 | AG32: =ROUND((AP32),6) -> 0 | AH32: =((EW32*0.3)) -> 1.08 | AI32: =((EX32*0.3)) -> 0 | AJ32: =ROUND((AS32),6) -> 0 | AK32: 41.09 | AL32: 4.33 | AM32: 0 | AN32: 0 | AO32: 36.76 | AP32: 0 | AQ32: 3.6 | AR32: 0 | AS32: 0 | AT32: 80 | AU32: 60 | AV32: 1 | AW32: 1 | AZ32: 1 | BA32: 1 | BB32: 1 | BC32: 1 | BH32: 0 | BI32: 2 | BJ32: ФЕРм-2001, м10-08-003-03, приказ Минстроя России №1039/пр от 30.12.2016г. | BM32: 110011 | BN32: 0 | BP32: 0 | BQ32: 3 | BR32: 0 | BS32: 1 | BT32: 1 | BU32: 1 | BV32: 1 | BW32: 1 | BX32: 1 | BZ32: 80 | CA32: 60 | CF32: 0 | CG32: 0 | CM32: 0 | CN32: Поправка: Табл.3, п.4 Наименование: Демонтаж: Оборудование, не пригодное для дальнейшего использования, (предназначено в лом) без разборки и резки | CO32: 0 | CP32: =(P32+Q32+S32) -> 77.2 | CQ32: =AC32*BC32 -> 0 | CR32: =AD32*BB32 -> 0 | CS32: =AE32*BS32 -> 0 | CT32: =AF32*BA32 -> 11.028 | CU32: =AG32 -> 0 | CV32: =AH32 -> 1.08 | CW32: =AI32 -> 0 | CX32: =AJ32 -> 0 | CY32: =(((S32+R32)*AT32)/100) -> 61.76 | CZ32: =(((S32+R32)*AU32)/100) -> 46.32 | DD32: )*0 | DE32: )*0,3 | DF32: )*0,3 | DG32: )*0,3 | DI32: )*0,3 | DJ32: )*0,3 | DN32: 0 | DO32: 0 | DP32: 1 | DQ32: 1 | DU32: 1013 | DV32: ШТ | DW32: ШТ | DX32: 1 | EE32: 16510417 | EF32: 3 | EG32: Монтажные работы | EH32: 0 | EJ32: 2 | EK32: 110011 | EL32: Связь: пожарно-охранная сигнализация и пром. телевиз. установки ( отделы 8 и 9 ) (при устройстве средств посадки самолетов : НР=95%, СП=55% - {АВИА}=1) | EM32: мФЕР-10 | EO32: Поправка: Табл.3, п.4 | EQ32: 0 | ER32: 41.09 | ES32: 4.33 | ET32: 0 | EU32: 0 | EV32: 36.76 | EW32: 3.6 | EX32: 0 | EY32: 0 | FQ32: 0 | FR32: =ROUND(IF(AND(BH32=3,BI32=3),P32,0),2) -> 0 | FS32: 0 | FX32: 80 | FY32: 60 | GD32: 0 | GF32: 114270378 | GG32: 1 | GH32: 1 | GI32: -2 | GJ32: 0 | GK32: =ROUND(R32*(R12)/100,2) -> 0 | GL32: =ROUND(IF(AND(BH32=3,BI32=3,FS32<>0),P32,0),2) -> 0 | GM32: =ROUND(O32+X32+Y32+GK32,2)+GX32 -> 185.28 | GN32: =IF(OR(BI32=0,BI32=1),ROUND(O32+X32+Y32+GK32,2),0) -> 0 | GO32: =IF(BI32=2,ROUND(O32+X32+Y32+GK32,2),0) -> 185.28 | GP32: =IF(BI32=4,ROUND(O32+X32+Y32+GK32,2)+GX32,0) -> 0 | GR32: 0 | GS32: 3 | GT32: 0 | GV32: =ROUND(GT32,6) -> 0 | GW32: 1 | GX32: =ROUND(GV32*GW32*I32,2) -> 0 | HA32: 0 | HB32: 0 | IK32: 0
A33: 17 | B33: 1 | C33: =ROW(SmtRes!A34) -> 34 | D33: =ROW(EtalonRes!A34) -> 34 | E33: 3 | F33: м10-08-003-03 | G33: Демонтаж:Устройство ультразвуковое, блок питания и контроля | H33: ШТ | I33: 7 | J33: 0 | O33: =ROUND(CP33,2) -> 504.09 | P33: =ROUND(CQ33*I33,2) -> 0 | Q33: =ROUND(CR33*I33,2) -> 0 | R33: =ROUND(CS33*I33,2) -> 0 | S33: =ROUND(CT33*I33,2) -> 504.09 | T33: =ROUND(CU33*I33,2) -> 0 | U33: =CV33*I33 -> 7.56 | V33: =CW33*I33 -> 0 | W33: =ROUND(CX33*I33,2) -> 0 | X33: =ROUND(CY33,2) -> 403.27 | Y33: =ROUND(CZ33,2) -> 302.45 | AA33: 16670161 | AB33: =ROUND((AC33+AD33+AF33),6) -> 11.028 | AC33: =ROUND(((ES33*0)),6) -> 0 | AD33: =ROUND(((((ET33*0.3))-((EU33*0.3)))+AE33),6) -> 0 | AE33: =ROUND(((EU33*0.3)),6) -> 0 | AF33: =ROUND(((EV33*0.3)),6) -> 11.028 | AG33: =ROUND((AP33),6) -> 0 | AH33: =((EW33*0.3)) -> 1.08 | AI33: =((EX33*0.3)) -> 0 | AJ33: =ROUND((AS33),6) -> 0 | AK33: 41.09 | AL33: 4.33 | AM33: 0 | AN33: 0 | AO33: 36.76 | AP33: 0 | AQ33: 3.6 | AR33: 0 | AS33: 0 | AT33: 80 | AU33: 60 | AV33: 1 | AW33: 1 | AZ33: 6.53 | BA33: 6.53 | BB33: 6.53 | BC33: 6.53 | BH33: 0 | BI33: 2 | BJ33: ФЕРм-2001, м10-08-003-03, приказ Минстроя России №1039/пр от 30.12.2016г. | BM33: 110011 | BN33: 0 | BP33: 0 | BQ33: 3 | BR33: 0 | BS33: 6.53 | BT33: 1 | BU33: 1 | BV33: 1 | BW33: 1 | BX33: 1 | BZ33: 80 | CA33: 60 | CF33: 0 | CG33: 0 | CM33: 0 | CN33: Поправка: Табл.3, п.4 Наименование: Демонтаж: Оборудование, не пригодное для дальнейшего использования, (предназначено в лом) без разборки и резки | CO33: 0 | CP33: =(P33+Q33+S33) -> 504.09 | CQ33: =AC33*BC33 -> 0 | CR33: =AD33*BB33 -> 0 | CS33: =AE33*BS33 -> 0 | CT33: =AF33*BA33 -> 72.01284 | CU33: =AG33 -> 0 | CV33: =AH33 -> 1.08 | CW33: =AI33 -> 0 | CX33: =AJ33 -> 0 | CY33: =(((S33+R33)*AT33)/100) -> 403.272 | CZ33: =(((S33+R33)*AU33)/100) -> 302.454 | DD33: )*0 | DE33: )*0,3 | DF33: )*0,3 | DG33: )*0,3 | DI33: )*0,3 | DJ33: )*0,3 | DN33: 0 | DO33: 0 | DP33: 1 | DQ33: 1 | DU33: 1013 | DV33: ШТ | DW33: ШТ | DX33: 1 | EE33: 16510417 | EF33: 3 | EG33: Монтажные работы | EH33: 0 | EJ33: 2 | EK33: 110011 | EL33: Связь: пожарно-охранная сигнализация и пром. телевиз. установки ( отделы 8 и 9 ) (при устройстве средств посадки самолетов : НР=95%, СП=55% - {АВИА}=1) | EM33: мФЕР-10 | EO33: Поправка: Табл.3, п.4 | EQ33: 0 | ER33: 41.09 | ES33: 4.33 | ET33: 0 | EU33: 0 | EV33: 36.76 | EW33: 3.6 | EX33: 0 | EY33: 0 | FQ33: 0 | FR33: =ROUND(IF(AND(BH33=3,BI33=3),P33,0),2) -> 0 | FS33: 0 | FX33: 80 | FY33: 60 | GD33: 0 | GF33: 114270378 | GG33: 1 | GH33: 1 | GI33: 4 | GJ33: 0 | GK33: =ROUND(R33*(S12)/100,2) -> 0 | GL33: =ROUND(IF(AND(BH33=3,BI33=3,FS33<>0),P33,0),2) -> 0 | GM33: =ROUND(O33+X33+Y33+GK33,2)+GX33 -> 1209.81 | GN33: =IF(OR(BI33=0,BI33=1),ROUND(O33+X33+Y33+GK33,2),0) -> 0 | GO33: =IF(BI33=2,ROUND(O33+X33+Y33+GK33,2),0) -> 1209.81 | GP33: =IF(BI33=4,ROUND(O33+X33+Y33+GK33,2)+GX33,0) -> 0 | GR33: 0 | GS33: 3 | GT33: 0 | GV33: =ROUND(GT33,6) -> 0 | GW33: 1 | GX33: =ROUND(GV33*GW33*I33,2) -> 0 | HA33: 0 | HB33: 0 | IK33: 0
A34: 17 | B34: 1 | C34: =ROW(SmtRes!A39) -> 39 | D34: =ROW(EtalonRes!A39) -> 39 | E34: 4 | F34: м10-04-101-07 | G34: Демонтаж:Громкоговоритель или звуковая колонка в помещении | H34: ШТ | I34: 204 | J34: 0 | O34: =ROUND(CP34,2) -> 1110.17 | P34: =ROUND(CQ34*I34,2) -> 0 | Q34: =ROUND(CR34*I34,2) -> 0 | R34: =ROUND(CS34*I34,2) -> 0 | S34: =ROUND(CT34*I34,2) -> 1110.17 | T34: =ROUND(CU34*I34,2) -> 0 | U34: =CV34*I34 -> 122.4 | V34: =CW34*I34 -> 0 | W34: =ROUND(CX34*I34,2) -> 0 | X34: =ROUND(CY34,2) -> 1021.36 | Y34: =ROUND(CZ34,2) -> 721.61 | AA34: 16670159 | AB34: =ROUND((AC34+AD34+AF34),6) -> 5.442 | AC34: =ROUND(((ES34*0)),6) -> 0 | AD34: =ROUND(((((ET34*0.3))-((EU34*0.3)))+AE34),6) -> 0 | AE34: =ROUND(((EU34*0.3)),6) -> 0 | AF34: =ROUND(((EV34*0.3)),6) -> 5.442 | AG34: =ROUND((AP34),6) -> 0 | AH34: =((EW34*0.3)) -> 0.6 | AI34: =((EX34*0.3)) -> 0 | AJ34: =ROUND((AS34),6) -> 0 | AK34: 30.77 | AL34: 12.63 | AM34: 0 | AN34: 0 | AO34: 18.14 | AP34: 0 | AQ34: 2 | AR34: 0 | AS34: 0 | AT34: 92 | AU34: 65 | AV34: 1 | AW34: 1 | AZ34: 1 | BA34: 1 | BB34: 1 | BC34: 1 | BH34: 0 | BI34: 2 | BJ34: ФЕРм-2001, м10-04-101-07, приказ Минстроя России №1039/пр от 30.12.2016г. | BM34: 110004 | BN34: 0 | BP34: 0 | BQ34: 3 | BR34: 0 | BS34: 1 | BT34: 1 | BU34: 1 | BV34: 1 | BW34: 1 | BX34: 1 | BZ34: 92 | CA34: 65 | CF34: 0 | CG34: 0 | CM34: 0 | CN34: Поправка: Табл.3, п.4 Наименование: Демонтаж: Оборудование, не пригодное для дальнейшего использования, (предназначено в лом) без разборки и резки | CO34: 0 | CP34: =(P34+Q34+S34) -> 1110.17 | CQ34: =AC34*BC34 -> 0 | CR34: =AD34*BB34 -> 0 | CS34: =AE34*BS34 -> 0 | CT34: =AF34*BA34 -> 5.442 | CU34: =AG34 -> 0 | CV34: =AH34 -> 0.6 | CW34: =AI34 -> 0 | CX34: =AJ34 -> 0 | CY34: =(((S34+R34)*AT34)/100) -> 1021.3564 | CZ34: =(((S34+R34)*AU34)/100) -> 721.6105 | DD34: )*0 | DE34: )*0,3 | DF34: )*0,3 | DG34: )*0,3 | DI34: )*0,3 | DJ34: )*0,3 | DN34: 0 | DO34: 0 | DP34: 1 | DQ34: 1 | DU34: 1013 | DV34: ШТ | DW34: ШТ | DX34: 1 | EE34: 16510374 | EF34: 3 | EG34: Монтажные работы | EH34: 0 | EJ34: 2 | EK34: 110004 | EL34: Связь: монтаж теле- радио оборудования ( отдел 4 и 5 ) - (при устройстве средств посадки самолетов : НР=95%, СП=55% - {АВИА}=1) | EM34: мФЕР-10 | EO34: Поправка: Табл.3, п.4 | EQ34: 0 | ER34: 30.77 | ES34: 12.63 | ET34: 0 | EU34: 0 | EV34: 18.14 | EW34: 2 | EX34: 0 | EY34: 0 | FQ34: 0 | FR34: =ROUND(IF(AND(BH34=3,BI34=3),P34,0),2) -> 0 | FS34: 0 | FX34: 92 | FY34: 65 | GD34: 0 | GF34: -1597645418 | GG34: 1 | GH34: 1 | GI34: -2 | GJ34: 0 | GK34: =ROUND(R34*(R12)/100,2) -> 0 | GL34: =ROUND(IF(AND(BH34=3,BI34=3,FS34<>0),P34,0),2) -> 0 | GM34: =ROUND(O34+X34+Y34+GK34,2)+GX34 -> 2853.14 | GN34: =IF(OR(BI34=0,BI34=1),ROUND(O34+X34+Y34+GK34,2),0) -> 0 | GO34: =IF(BI34=2,ROUND(O34+X34+Y34+GK34,2),0) -> 2853.14 | GP34: =IF(BI34=4,ROUND(O34+X34+Y34+GK34,2)+GX34,0) -> 0 | GR34: 0 | GS34: 3 | GT34: 0 | GV34: =ROUND(GT34,6) -> 0 | GW34: 1 | GX34: =ROUND(GV34*GW34*I34,2) -> 0 | HA34: 0 | HB34: 0 | IK34: 0
A35: 17 | B35: 1 | C35: =ROW(SmtRes!A44) -> 44 | D35: =ROW(EtalonRes!A44) -> 44 | E35: 4 | F35: м10-04-101-07 | G35: Демонтаж:Громкоговоритель или звуковая колонка в помещении | H35: ШТ | I35: 204 | J35: 0 | O35: =ROUND(CP35,2) -> 7249.4 | P35: =ROUND(CQ35*I35,2) -> 0 | Q35: =ROUND(CR35*I35,2) -> 0 | R35: =ROUND(CS35*I35,2) -> 0 | S35: =ROUND(CT35*I35,2) -> 7249.4 | T35: =ROUND(CU35*I35,2) -> 0 | U35: =CV35*I35 -> 122.4 | V35: =CW35*I35 -> 0 | W35: =ROUND(CX35*I35,2) -> 0 | X35: =ROUND(CY35,2) -> 6669.45 | Y35: =ROUND(CZ35,2) -> 4712.11 | AA35: 16670161 | AB35: =ROUND((AC35+AD35+AF35),6) -> 5.442 | AC35: =ROUND(((ES35*0)),6) -> 0 | AD35: =ROUND(((((ET35*0.3))-((EU35*0.3)))+AE35),6) -> 0 | AE35: =ROUND(((EU35*0.3)),6) -> 0 | AF35: =ROUND(((EV35*0.3)),6) -> 5.442 | AG35: =ROUND((AP35),6) -> 0 | AH35: =((EW35*0.3)) -> 0.6 | AI35: =((EX35*0.3)) -> 0 | AJ35: =ROUND((AS35),6) -> 0 | AK35: 30.77 | AL35: 12.63 | AM35: 0 | AN35: 0 | AO35: 18.14 | AP35: 0 | AQ35: 2 | AR35: 0 | AS35: 0 | AT35: 92 | AU35: 65 | AV35: 1 | AW35: 1 | AZ35: 6.53 | BA35: 6.53 | BB35: 6.53 | BC35: 6.53 | BH35: 0 | BI35: 2 | BJ35: ФЕРм-2001, м10-04-101-07, приказ Минстроя России №1039/пр от 30.12.2016г. | BM35: 110004 | BN35: 0 | BP35: 0 | BQ35: 3 | BR35: 0 | BS35: 6.53 | BT35: 1 | BU35: 1 | BV35: 1 | BW35: 1 | BX35: 1 | BZ35: 92 | CA35: 65 | CF35: 0 | CG35: 0 | CM35: 0 | CN35: Поправка: Табл.3, п.4 Наименование: Демонтаж: Оборудование, не пригодное для дальнейшего использования, (предназначено в лом) без разборки и резки | CO35: 0 | CP35: =(P35+Q35+S35) -> 7249.4 | CQ35: =AC35*BC35 -> 0 | CR35: =AD35*BB35 -> 0 | CS35: =AE35*BS35 -> 0 | CT35: =AF35*BA35 -> 35.53626 | CU35: =AG35 -> 0 | CV35: =AH35 -> 0.6 | CW35: =AI35 -> 0 | CX35: =AJ35 -> 0 | CY35: =(((S35+R35)*AT35)/100) -> 6669.448 | CZ35: =(((S35+R35)*AU35)/100) -> 4712.11 | DD35: )*0 | DE35: )*0,3 | DF35: )*0,3 | DG35: )*0,3 | DI35: )*0,3 | DJ35: )*0,3 | DN35: 0 | DO35: 0 | DP35: 1 | DQ35: 1 | DU35: 1013 | DV35: ШТ | DW35: ШТ | DX35: 1 | EE35: 16510374 | EF35: 3 | EG35: Монтажные работы | EH35: 0 | EJ35: 2 | EK35: 110004 | EL35: Связь: монтаж теле- радио оборудования ( отдел 4 и 5 ) - (при устройстве средств посадки самолетов : НР=95%, СП=55% - {АВИА}=1) | EM35: мФЕР-10 | EO35: Поправка: Табл.3, п.4 | EQ35: 0 | ER35: 30.77 | ES35: 12.63 | ET35: 0 | EU35: 0 | EV35: 18.14 | EW35: 2 | EX35: 0 | EY35: 0 | FQ35: 0 | FR35: =ROUND(IF(AND(BH35=3,BI35=3),P35,0),2) -> 0 | FS35: 0 | FX35: 92 | FY35: 65 | GD35: 0 | GF35: -1597645418 | GG35: 1 | GH35: 1 | GI35: 4 | GJ35: 0 | GK35: =ROUND(R35*(S12)/100,2) -> 0 | GL35: =ROUND(IF(AND(BH35=3,BI35=3,FS35<>0),P35,0),2) -> 0 | GM35: =ROUND(O35+X35+Y35+GK35,2)+GX35 -> 18630.96 | GN35: =IF(OR(BI35=0,BI35=1),ROUND(O35+X35+Y35+GK35,2),0) -> 0 | GO35: =IF(BI35=2,ROUND(O35+X35+Y35+GK35,2),0) -> 18630.96 | GP35: =IF(BI35=4,ROUND(O35+X35+Y35+GK35,2)+GX35,0) -> 0 | GR35: 0 | GS35: 3 | GT35: 0 | GV35: =ROUND(GT35,6) -> 0 | GW35: 1 | GX35: =ROUND(GV35*GW35*I35,2) -> 0 | HA35: 0 | HB35: 0 | IK35: 0
A36: 17 | B36: 1 | C36: =ROW(SmtRes!A47) -> 47 | D36: =ROW(EtalonRes!A47) -> 47 | E36: 5 | F36: 67-3-1 | G36: Демонтаж кабеля | H36: 100 м | I36: =ROUND(11675/100,9) -> 116.75 | J36: 0 | O36: =ROUND(CP36,2) -> 8814.62 | P36: =ROUND(CQ36*I36,2) -> 0 | Q36: =ROUND(CR36*I36,2) -> 36.19 | R36: =ROUND(CS36*I36,2) -> 16.35 | S36: =ROUND(CT36*I36,2) -> 8778.43 | T36: =ROUND(CU36*I36,2) -> 0 | U36: =CV36*I36 -> 1125.47 | V36: =CW36*I36 -> 1.1675 | W36: =ROUND(CX36*I36,2) -> 0 | X36: =ROUND(CY36,2) -> 7475.56 | Y36: =ROUND(CZ36,2) -> 5716.61 | AA36: 16670159 | AB36: =ROUND((AC36+AD36+AF36),6) -> 75.5 | AC36: =ROUND((ES36),6) -> 0 | AD36: =ROUND((((ET36)-(EU36))+AE36),6) -> 0.31 | AE36: =ROUND((EU36),6) -> 0.14 | AF36: =ROUND((EV36),6) -> 75.19 | AG36: =ROUND((AP36),6) -> 0 | AH36: =(EW36) -> 9.64 | AI36: =(EX36) -> 0.01 | AJ36: =ROUND((AS36),6) -> 0 | AK36: 75.5 | AL36: 0 | AM36: 0.31 | AN36: 0.14 | AO36: 75.19 | AP36: 0 | AQ36: 9.64 | AR36: 0.01 | AS36: 0 | AT36: 85 | AU36: 65 | AV36: 1 | AW36: 1 | AZ36: 1 | BA36: 1 | BB36: 1 | BC36: 1 | BH36: 0 | BI36: 1 | BJ36: ФЕРр-2001, 67-3-1, приказ Минстроя России №1039/пр от 30.12.2016г. | BM36: 67001 | BN36: 0 | BP36: 0 | BQ36: 6 | BR36: 0 | BS36: 1 | BT36: 1 | BU36: 1 | BV36: 1 | BW36: 1 | BX36: 1 | BZ36: 85 | CA36: 65 | CF36: 0 | CG36: 0 | CM36: 0 | CO36: 0 | CP36: =(P36+Q36+S36) -> 8814.62 | CQ36: =AC36*BC36 -> 0 | CR36: =AD36*BB36 -> 0.31 | CS36: =AE36*BS36 -> 0.14 | CT36: =AF36*BA36 -> 75.19 | CU36: =AG36 -> 0 | CV36: =AH36 -> 9.64 | CW36: =AI36 -> 0.01 | CX36: =AJ36 -> 0 | CY36: =(((S36+R36)*AT36)/100) -> 7475.563 | CZ36: =(((S36+R36)*AU36)/100) -> 5716.607 | DN36: 0 | DO36: 0 | DP36: 1 | DQ36: 1 | DU36: 1003 | DV36: 100 м | DW36: 100 м | DX36: 100 | EE36: 16510612 | EF36: 6 | EG36: Ремонтно-строительные работы | EH36: 0 | EJ36: 1 | EK36: 67001 | EL36: Электромонтажные работы | EM36: рФЕР-67 | EQ36: 0 | ER36: 75.5 | ES36: 0 | ET36: 0.31 | EU36: 0.14 | EV36: 75.19 | EW36: 9.64 | EX36: 0.01 | EY36: 0 | FQ36: 0 | FR36: =ROUND(IF(AND(BH36=3,BI36=3),P36,0),2) -> 0 | FS36: 0 | FX36: 85 | FY36: 65 | GD36: 0 | GF36: 994189354 | GG36: 1 | GH36: 1 | GI36: -2 | GJ36: 0 | GK36: =ROUND(R36*(R12)/100,2) -> 0 | GL36: =ROUND(IF(AND(BH36=3,BI36=3,FS36<>0),P36,0),2) -> 0 | GM36: =ROUND(O36+X36+Y36+GK36,2)+GX36 -> 22006.79 | GN36: =IF(OR(BI36=0,BI36=1),ROUND(O36+X36+Y36+GK36,2),0) -> 22006.79 | GO36: =IF(BI36=2,ROUND(O36+X36+Y36+GK36,2),0) -> 0 | GP36: =IF(BI36=4,ROUND(O36+X36+Y36+GK36,2)+GX36,0) -> 0 | GR36: 0 | GS36: 3 | GT36: 0 | GV36: =ROUND(GT36,6) -> 0 | GW36: 1 | GX36: =ROUND(GV36*GW36*I36,2) -> 0 | HA36: 0 | HB36: 0 | IK36: 0
A37: 17 | B37: 1 | C37: =ROW(SmtRes!A50) -> 50 | D37: =ROW(EtalonRes!A50) -> 50 | E37: 5 | F37: 67-3-1 | G37: Демонтаж кабеля | H37: 100 м | I37: =ROUND(11675/100,9) -> 116.75 | J37: 0 | O37: =ROUND(CP37,2) -> 57559.5 | P37: =ROUND(CQ37*I37,2) -> 0 | Q37: =ROUND(CR37*I37,2) -> 236.34 | R37: =ROUND(CS37*I37,2) -> 106.73 | S37: =ROUND(CT37*I37,2) -> 57323.16 | T37: =ROUND(CU37*I37,2) -> 0 | U37: =CV37*I37 -> 1125.47 | V37: =CW37*I37 -> 1.1675 | W37: =ROUND(CX37*I37,2) -> 0 | X37: =ROUND(CY37,2) -> 48815.41 | Y37: =ROUND(CZ37,2) -> 37329.43 | AA37: 16670161 | AB37: =ROUND((AC37+AD37+AF37),6) -> 75.5 | AC37: =ROUND((ES37),6) -> 0 | AD37: =ROUND((((ET37)-(EU37))+AE37),6) -> 0.31 | AE37: =ROUND((EU37),6) -> 0.14 | AF37: =ROUND((EV37),6) -> 75.19 | AG37: =ROUND((AP37),6) -> 0 | AH37: =(EW37) -> 9.64 | AI37: =(EX37) -> 0.01 | AJ37: =ROUND((AS37),6) -> 0 | AK37: 75.5 | AL37: 0 | AM37: 0.31 | AN37: 0.14 | AO37: 75.19 | AP37: 0 | AQ37: 9.64 | AR37: 0.01 | AS37: 0 | AT37: 85 | AU37: 65 | AV37: 1 | AW37: 1 | AZ37: 6.53 | BA37: 6.53 | BB37: 6.53 | BC37: 6.53 | BH37: 0 | BI37: 1 | BJ37: ФЕРр-2001, 67-3-1, приказ Минстроя России №1039/пр от 30.12.2016г. | BM37: 67001 | BN37: 0 | BP37: 0 | BQ37: 6 | BR37: 0 | BS37: 6.53 | BT37: 1 | BU37: 1 | BV37: 1 | BW37: 1 | BX37: 1 | BZ37: 85 | CA37: 65 | CF37: 0 | CG37: 0 | CM37: 0 | CO37: 0 | CP37: =(P37+Q37+S37) -> 57559.5 | CQ37: =AC37*BC37 -> 0 | CR37: =AD37*BB37 -> 2.0243 | CS37: =AE37*BS37 -> 0.9142 | CT37: =AF37*BA37 -> 490.9907 | CU37: =AG37 -> 0 | CV37: =AH37 -> 9.64 | CW37: =AI37 -> 0.01 | CX37: =AJ37 -> 0 | CY37: =(((S37+R37)*AT37)/100) -> 48815.407 | CZ37: =(((S37+R37)*AU37)/100) -> 37329.429 | DN37: 0 | DO37: 0 | DP37: 1 | DQ37: 1 | DU37: 1003 | DV37: 100 м | DW37: 100 м | DX37: 100 | EE37: 16510612 | EF37: 6 | EG37: Ремонтно-строительные работы | EH37: 0 | EJ37: 1 | EK37: 67001 | EL37: Электромонтажные работы | EM37: рФЕР-67 | EQ37: 0 | ER37: 75.5 | ES37: 0 | ET37: 0.31 | EU37: 0.14 | EV37: 75.19 | EW37: 9.64 | EX37: 0.01 | EY37: 0 | FQ37: 0 | FR37: =ROUND(IF(AND(BH37=3,BI37=3),P37,0),2) -> 0 | FS37: 0 | FX37: 85 | FY37: 65 | GD37: 0 | GF37: 994189354 | GG37: 1 | GH37: 1 | GI37: 4 | GJ37: 0 | GK37: =ROUND(R37*(S12)/100,2) -> 0 | GL37: =ROUND(IF(AND(BH37=3,BI37=3,FS37<>0),P37,0),2) -> 0 | GM37: =ROUND(O37+X37+Y37+GK37,2)+GX37 -> 143704.34 | GN37: =IF(OR(BI37=0,BI37=1),ROUND(O37+X37+Y37+GK37,2),0) -> 143704.34 | GO37: =IF(BI37=2,ROUND(O37+X37+Y37+GK37,2),0) -> 0 | GP37: =IF(BI37=4,ROUND(O37+X37+Y37+GK37,2)+GX37,0) -> 0 | GR37: 0 | GS37: 3 | GT37: 0 | GV37: =ROUND(GT37,6) -> 0 | GW37: 1 | GX37: =ROUND(GV37*GW37*I37,2) -> 0 | HA37: 0 | HB37: 0 | IK37: 0
A39: 51 | B39: =B24 -> 1 | C39: =A24 -> 4 | D39: =ROW(A24) -> 24 | F39: =IF(F24<>"",F24,"") -> Новый раздел | G39: =IF(G24<>"",G24,"") -> Раздел 1 Демонтажные работы | H39: 0 | O39: =ROUND(AB39,2) -> 11947.41 | P39: =ROUND(AC39,2) -> 0 | Q39: =ROUND(AD39,2) -> 36.19 | R39: =ROUND(AE39,2) -> 16.35 | S39: =ROUND(AF39,2) -> 11911.22 | T39: =ROUND(AG39,2) -> 0 | U39: =AH39 -> 1457.516 | V39: =AI39 -> 1.1675 | W39: =ROUND(AJ39,2) -> 0 | X39: =ROUND(AK39,2) -> 10115.02 | Y39: =ROUND(AL39,2) -> 7651.8 | AB39: =ROUND(SUMIF(AA28:AA37,"=16670159",O28:O37),2) -> 11947.41 | AC39: =ROUND(SUMIF(AA28:AA37,"=16670159",P28:P37),2) -> 0 | AD39: =ROUND(SUMIF(AA28:AA37,"=16670159",Q28:Q37),2) -> 36.19 | AE39: =ROUND(SUMIF(AA28:AA37,"=16670159",R28:R37),2) -> 16.35 | AF39: =ROUND(SUMIF(AA28:AA37,"=16670159",S28:S37),2) -> 11911.22 | AG39: =ROUND(SUMIF(AA28:AA37,"=16670159",T28:T37),2) -> 0 | AH39: =SUMIF(AA28:AA37,"=16670159",U28:U37) -> 1457.516 | AI39: =SUMIF(AA28:AA37,"=16670159",V28:V37) -> 1.1675 | AJ39: =ROUND(SUMIF(AA28:AA37,"=16670159",W28:W37),2) -> 0 | AK39: =ROUND(SUMIF(AA28:AA37,"=16670159",X28:X37),2) -> 10115.02 | AL39: =ROUND(SUMIF(AA28:AA37,"=16670159",Y28:Y37),2) -> 7651.8 | AO39: =ROUND(BX39,2) -> 0 | AP39: =ROUND(BY39,2) -> 0 | AQ39: =ROUND(BZ39,2) -> 0 | AR39: =ROUND(CA39,2) -> 29714.23 | AS39: =ROUND(CB39,2) -> 22006.79 | AT39: =ROUND(CC39,2) -> 7707.44 | AU39: =ROUND(CD39,2) -> 0 | AV39: =ROUND(CE39,2) -> 0 | ... BC39: =ROUND(CL39,2) -> 0 | BX39: =ROUND(SUMIF(AA28:AA37,"=16670159",FQ28:FQ37),2) -> 0 | BY39: =ROUND(SUMIF(AA28:AA37,"=16670159",FR28:FR37),2) -> 0 | BZ39: =ROUND(SUMIF(AA28:AA37,"=16670159",GL28:GL37),2) -> 0 | CA39: =ROUND(SUMIF(AA28:AA37,"=16670159",GM28:GM37),2) -> 29714.23 | CB39: =ROUND(SUMIF(AA28:AA37,"=16670159",GN28:GN37),2) -> 22006.79 | CC39: =ROUND(SUMIF(AA28:AA37,"=16670159",GO28:GO37),2) -> 7707.44 | CD39: =ROUND(SUMIF(AA28:AA37,"=16670159",GP28:GP37),2) -> 0 | CE39: =AC39-BX39 -> 0 | CF39: =AC39-BY39 -> 0 | CG39: =BX39-BZ39 -> 0 | CH39: =AC39-BX39-BY39+BZ39 -> 0 | CI39: =BY39-BZ39 -> 0 | CJ39: =ROUND(SUMIF(AA28:AA37,"=16670159",GX28:GX37),2) -> 0 | CK39: =ROUND(SUMIF(AA28:AA37,"=16670159",GY28:GY37),2) -> 0 | CL39: =ROUND(SUMIF(AA28:AA37,"=16670159",GZ28:GZ37),2) -> 0 | DG39: =ROUND(DT39,2) -> 78016.59 | DH39: =ROUND(DU39,2) -> 0 | DI39: =ROUND(DV39,2) -> 236.34 | DJ39: =ROUND(DW39,2) -> 106.73 | DK39: =ROUND(DX39,2) -> 77780.25 | DL39: =ROUND(DY39,2) -> 0 | DM39: =DZ39 -> 1457.516 | DN39: =EA39 -> 1.1675 | DO39: =ROUND(EB39,2) -> 0 | DP39: =ROUND(EC39,2) -> 66051.01 | DQ39: =ROUND(ED39,2) -> 49966.15 | DT39: =ROUND(SUMIF(AA28:AA37,"=16670161",O28:O37),2) -> 78016.59 | DU39: =ROUND(SUMIF(AA28:AA37,"=16670161",P28:P37),2) -> 0 | DV39: =ROUND(SUMIF(AA28:AA37,"=16670161",Q28:Q37),2) -> 236.34 | DW39: =ROUND(SUMIF(AA28:AA37,"=16670161",R28:R37),2) -> 106.73 | DX39: =ROUND(SUMIF(AA28:AA37,"=16670161",S28:S37),2) -> 77780.25 | DY39: =ROUND(SUMIF(AA28:AA37,"=16670161",T28:T37),2) -> 0 | DZ39: =SUMIF(AA28:AA37,"=16670161",U28:U37) -> 1457.516 | EA39: =SUMIF(AA28:AA37,"=16670161",V28:V37) -> 1.1675 | EB39: =ROUND(SUMIF(AA28:AA37,"=16670161",W28:W37),2) -> 0 | EC39: =ROUND(SUMIF(AA28:AA37,"=16670161",X28:X37),2) -> 66051.01 | ED39: =ROUND(SUMIF(AA28:AA37,"=16670161",Y28:Y37),2) -> 49966.15 | EG39: =ROUND(FP39,2) -> 0 | EH39: =ROUND(FQ39,2) -> 0 | EI39: =ROUND(FR39,2) -> 0 | EJ39: =ROUND(FS39,2) -> 194033.75 | EK39: =ROUND(FT39,2) -> 143704.34 | EL39: =ROUND(FU39,2) -> 50329.41 | EM39: =ROUND(FV39,2) -> 0 | EN39: =ROUND(FW39,2) -> 0 | ... EU39: =ROUND(GD39,2) -> 0 | FP39: =ROUND(SUMIF(AA28:AA37,"=16670161",FQ28:FQ37),2) -> 0 | FQ39: =ROUND(SUMIF(AA28:AA37,"=16670161",FR28:FR37),2) -> 0 | FR39: =ROUND(SUMIF(AA28:AA37,"=16670161",GL28:GL37),2) -> 0 | FS39: =ROUND(SUMIF(AA28:AA37,"=16670161",GM28:GM37),2) -> 194033.75 | FT39: =ROUND(SUMIF(AA28:AA37,"=16670161",GN28:GN37),2) -> 143704.34 | FU39: =ROUND(SUMIF(AA28:AA37,"=16670161",GO28:GO37),2) -> 50329.41 | FV39: =ROUND(SUMIF(AA28:AA37,"=16670161",GP28:GP37),2) -> 0 | FW39: =DU39-FP39 -> 0 | FX39: =DU39-FQ39 -> 0 | FY39: =FP39-FR39 -> 0 | FZ39: =DU39-FP39-FQ39+FR39 -> 0 | GA39: =FQ39-FR39 -> 0 | GB39: =ROUND(SUMIF(AA28:AA37,"=16670161",GX28:GX37),2) -> 0 | GC39: =ROUND(SUMIF(AA28:AA37,"=16670161",GY28:GY37),2) -> 0 | GD39: =ROUND(SUMIF(AA28:AA37,"=16670161",GZ28:GZ37),2) -> 0 | GX39: 0
A41: 50 | B41: 0 | C41: 0 | D41: 1 | E41: 201 | F41: =ROUND(Source!O39,O41) -> 11947.41 | G41: ПЗ | H41: Прямые затраты | K41: 201 | L41: 1 | M41: 3 | O41: 2 | P41: =ROUND(Source!DG39,O41) -> 78016.59
A42: 50 | B42: 0 | C42: 0 | D42: 1 | E42: 202 | F42: =ROUND(Source!P39,O42) -> 0 | G42: СтМатОб | H42: Стоимость материальных ресурсов (всего) | K42: 202 | L42: 2 | M42: 3 | O42: 2 | P42: =ROUND(Source!DH39,O42) -> 0
A43: 50 | B43: 0 | C43: 0 | D43: 1 | E43: 222 | F43: =ROUND(Source!AO39,O43) -> 0 | G43: СтМатОбЗак | H43: Стоимость материалов и оборудования заказчика | K43: 222 | L43: 3 | M43: 3 | O43: 2 | P43: =ROUND(Source!EG39,O43) -> 0
A44: 50 | B44: 0 | C44: 0 | D44: 1 | E44: 225 | F44: =ROUND(Source!AV39,O44) -> 0 | G44: СтМатОбПод | H44: Стоимость материалов и оборудования подрядчика | K44: 225 | L44: 4 | M44: 3 | O44: 2 | P44: =ROUND(Source!EN39,O44) -> 0
A45: 50 | B45: 0 | C45: 0 | D45: 1 | E45: 226 | F45: =ROUND(Source!AW39,O45) -> 0 | G45: СтМат | H45: Стоимость материалов (всего) | K45: 226 | L45: 5 | M45: 3 | O45: 2 | P45: =ROUND(Source!EO39,O45) -> 0
A46: 50 | B46: 0 | C46: 0 | D46: 1 | E46: 227 | F46: =ROUND(Source!AX39,O46) -> 0 | G46: СтМатЗак | H46: Стоимость материалов заказчика | K46: 227 | L46: 6 | M46: 3 | O46: 2 | P46: =ROUND(Source!EP39,O46) -> 0
A47: 50 | B47: 0 | C47: 0 | D47: 1 | E47: 228 | F47: =ROUND(Source!AY39,O47) -> 0 | G47: СтМатПод | H47: Стоимость материалов подрядчика | K47: 228 | L47: 7 | M47: 3 | O47: 2 | P47: =ROUND(Source!EQ39,O47) -> 0
A48: 50 | B48: 0 | C48: 0 | D48: 1 | E48: 216 | F48: =ROUND(Source!AP39,O48) -> 0 | G48: Оборуд | H48: Стоимость оборудования (всего) | K48: 216 | L48: 8 | M48: 3 | O48: 2 | P48: =ROUND(Source!EH39,O48) -> 0
A49: 50 | B49: 0 | C49: 0 | D49: 1 | E49: 223 | F49: =ROUND(Source!AQ39,O49) -> 0 | G49: ОборудЗак | H49: Стоимость оборудования заказчика | K49: 223 | L49: 9 | M49: 3 | O49: 2 | P49: =ROUND(Source!EI39,O49) -> 0
A50: 50 | B50: 0 | C50: 0 | D50: 1 | E50: 229 | F50: =ROUND(Source!AZ39,O50) -> 0 | G50: ОборудПод | H50: Стоимость оборудования подрядчика | K50: 229 | L50: 10 | M50: 3 | O50: 2 | P50: =ROUND(Source!ER39,O50) -> 0
A51: 50 | B51: 0 | C51: 0 | D51: 1 | E51: 203 | F51: =ROUND(Source!Q39,O51) -> 36.19 | G51: ЭММ | H51: Эксплуатация машин | K51: 203 | L51: 11 | M51: 3 | O51: 2 | P51: =ROUND(Source!DI39,O51) -> 236.34
A52: 50 | B52: 0 | C52: 0 | D52: 1 | E52: 231 | F52: =ROUND(Source!BB39,O52) -> 0 | G52: ЭММсНРиСП | H52: Эксплуатация машин по ТСН-2001.16 | K52: 231 | L52: 12 | M52: 3 | O52: 2 | P52: =ROUND(Source!ET39,O52) -> 0
A53: 50 | B53: 0 | C53: 0 | D53: 1 | E53: 204 | F53: =ROUND(Source!R39,O53) -> 16.35 | G53: ЗПМ | H53: ЗП машинистов | K53: 204 | L53: 13 | M53: 3 | O53: 2 | P53: =ROUND(Source!DJ39,O53) -> 106.73
A54: 50 | B54: 0 | C54: 0 | D54: 1 | E54: 205 | F54: =ROUND(Source!S39,O54) -> 11911.22 | G54: ОЗП | H54: Основная ЗП рабочих | K54: 205 | L54: 14 | M54: 3 | O54: 2 | P54: =ROUND(Source!DK39,O54) -> 77780.25
A55: 50 | B55: 0 | C55: 0 | D55: 1 | E55: 232 | F55: =ROUND(Source!BC39,O55) -> 0 | G55: ОЗПсНРиСП | H55: Основная ЗП рабочих по ТСН-2001.16 | K55: 232 | L55: 15 | M55: 3 | O55: 2 | P55: =ROUND(Source!EU39,O55) -> 0
A56: 50 | B56: 0 | C56: 0 | D56: 1 | E56: 214 | F56: =ROUND(Source!AS39,O56) -> 22006.79 | G56: Строит | H56: Строительные работы с НР и СП | K56: 214 | L56: 16 | M56: 3 | O56: 2 | P56: =ROUND(Source!EK39,O56) -> 143704.34
A57: 50 | B57: 0 | C57: 0 | D57: 1 | E57: 215 | F57: =ROUND(Source!AT39,O57) -> 7707.44 | G57: Монтаж | H57: Монтажные работы с НР и СП | K57: 215 | L57: 17 | M57: 3 | O57: 2 | P57: =ROUND(Source!EL39,O57) -> 50329.41
A58: 50 | B58: 0 | C58: 0 | D58: 1 | E58: 217 | F58: =ROUND(Source!AU39,O58) -> 0 | G58: Прочие | H58: Прочие работы с НР и СП | K58: 217 | L58: 18 | M58: 3 | O58: 2 | P58: =ROUND(Source!EM39,O58) -> 0
A59: 50 | B59: 0 | C59: 0 | D59: 1 | E59: 230 | F59: =ROUND(Source!BA39,O59) -> 0 | G59: ПрочиеЗатр | H59: Прочие затраты по ТСН-2001.16 | K59: 230 | L59: 19 | M59: 3 | O59: 2 | P59: =ROUND(Source!ES39,O59) -> 0
A60: 50 | B60: 0 | C60: 0 | D60: 1 | E60: 206 | F60: =ROUND(Source!T39,O60) -> 0 | G60: ВозврМат | H60: Возврат материалов | K60: 206 | L60: 20 | M60: 3 | O60: 2 | P60: =ROUND(Source!DL39,O60) -> 0
A61: 50 | B61: 0 | C61: 0 | D61: 1 | E61: 207 | F61: =Source!U39 -> 1457.516 | G61: ТрудСтр | H61: Трудозатраты строителей | K61: 207 | L61: 21 | M61: 3 | O61: -1 | P61: =Source!DM39 -> 1457.516
A62: 50 | B62: 0 | C62: 0 | D62: 1 | E62: 208 | F62: =Source!V39 -> 1.1675 | G62: ТрудМаш | H62: Трудозатраты машинистов | K62: 208 | L62: 22 | M62: 3 | O62: -1 | P62: =Source!DN39 -> 1.1675
A63: 50 | B63: 0 | C63: 0 | D63: 1 | E63: 209 | F63: =ROUND(Source!W39,O63) -> 0 | G63: ТранспМат | H63: Транспорт материалов | K63: 209 | L63: 23 | M63: 3 | O63: 2 | P63: =ROUND(Source!DO39,O63) -> 0
A64: 50 | B64: 0 | C64: 0 | D64: 1 | E64: 210 | F64: =ROUND(Source!X39,O64) -> 10115.02 | G64: НР | H64: Накладные расходы | K64: 210 | L64: 24 | M64: 3 | O64: 2 | P64: =ROUND(Source!DP39,O64) -> 66051.01
A65: 50 | B65: 0 | C65: 0 | D65: 1 | E65: 211 | F65: =ROUND(Source!Y39,O65) -> 7651.8 | G65: СмПриб | H65: Сметная прибыль | K65: 211 | L65: 25 | M65: 3 | O65: 2 | P65: =ROUND(Source!DQ39,O65) -> 49966.15
A66: 50 | B66: 0 | C66: 0 | D66: 1 | E66: 0 | F66: =ROUND(Source!AR39,O66) -> 29714.23 | G66: Всего | H66: Всего с НР и СП | K66: 224 | L66: 26 | M66: 3 | O66: 2 | P66: =ROUND(Source!EJ39,O66) -> 194033.75
A67: 50 | B67: 1 | C67: 0 | D67: 2 | E67: 0 | F67: =ROUND(F66,O67) -> 29714.23 | G67: Итого 1 | H67: Всего | K67: 212 | L67: 27 | M67: 0 | O67: 2 | P67: =ROUND(P66,O67) -> 194033.75
A68: 50 | B68: 1 | C68: 0 | D68: 2 | E68: 0 | F68: =ROUND(F67*0.18,O68) -> 5348.56 | G68: Итого2 | H68: Итого НДС 18% | K68: 212 | L68: 28 | M68: 0 | O68: 2 | P68: =ROUND(P67*0.18,O68) -> 34926.08
A69: 50 | B69: 1 | C69: 0 | D69: 2 | E69: 224 | F69: =ROUND(F67+F68,O69) -> 35062.79 | G69: Итого 3 | H69: Всего по смете | K69: 212 | L69: 29 | M69: 0 | O69: 2 | P69: =ROUND(P67+P68,O69) -> 228959.83
A71: 4 | B71: 1 | D71: =ROW(A184) -> 184 | F71: Новый раздел | G71: Раздел 2 Основное оборудование | I71: 0 | K71: 0 | V71: 0 | BX71: 0 | CJ71: 0
A73: 52 | B73: =B184 -> 1 | C73: =C184 -> 4 | D73: =D184 -> 71 | E73: =E184 -> 0 | F73: =F184 -> Новый раздел | G73: =G184 -> Раздел 2 Основное оборудование | O73: =O184 -> 111963.64 | P73: =P184 -> 90079.26 | Q73: =Q184 -> 385.94 | R73: =R184 -> 48.93 | S73: =S184 -> 21498.44 | T73: =T184 -> 0 | U73: =U184 -> 2363.63 | V73: =V184 -> 4.08 | ... GX73: =GX184 -> 0
A75: 17 | B75: 1 | C75: =ROW(SmtRes!A58) -> 58 | D75: =ROW(EtalonRes!A56) -> 56 | E75: 6 | F75: м10-08-001-10 | G75: Приборы приемно-контрольные объектовые на 1 луч | H75: ШТ | I75: 9 | J75: 0 | O75: =ROUND(CP75,2) -> 330.39 | P75: =ROUND(CQ75*I75,2) -> 35.73 | Q75: =ROUND(CR75*I75,2) -> 0 | R75: =ROUND(CS75*I75,2) -> 0 | S75: =ROUND(CT75*I75,2) -> 294.66 | T75: =ROUND(CU75*I75,2) -> 0 | U75: =CV75*I75 -> 29.7 | V75: =CW75*I75 -> 0 | W75: =ROUND(CX75*I75,2) -> 0 | X75: =ROUND(CY75,2) -> 235.73 | Y75: =ROUND(CZ75,2) -> 176.8 | AA75: 16670159 | AB75: =ROUND((AC75+AD75+AF75),6) -> 36.71 | AC75: =ROUND((ES75),6) -> 3.97 | AD75: =ROUND((((ET75)-(EU75))+AE75),6) -> 0 | AE75: =ROUND((EU75),6) -> 0 | AF75: =ROUND((EV75),6) -> 32.74 | AG75: =ROUND((AP75),6) -> 0 | AH75: =(EW75) -> 3.3 | AI75: =(EX75) -> 0 | AJ75: =ROUND((AS75),6) -> 0 | AK75: 36.71 | AL75: 3.97 | AM75: 0 | AN75: 0 | AO75: 32.74 | AP75: 0 | AQ75: 3.3 | AR75: 0 | AS75: 0 | AT75: 80 | AU75: 60 | AV75: 1 | AW75: 1 | AZ75: 1 | BA75: 1 | BB75: 1 | BC75: 1 | BH75: 0 | BI75: 2 | BJ75: ФЕРм-2001, м10-08-001-10, приказ Минстроя России №1039/пр от 30.12.2016г. | BM75: 110011 | BN75: 0 | BP75: 0 | BQ75: 3 | BR75: 0 | BS75: 1 | BT75: 1 | BU75: 1 | BV75: 1 | BW75: 1 | BX75: 1 | BZ75: 80 | CA75: 60 | CF75: 0 | CG75: 0 | CM75: 0 | CO75: 0 | CP75: =(P75+Q75+S75) -> 330.39 | CQ75: =AC75*BC75 -> 3.97 | CR75: =AD75*BB75 -> 0 | CS75: =AE75*BS75 -> 0 | CT75: =AF75*BA75 -> 32.74 | CU75: =AG75 -> 0 | CV75: =AH75 -> 3.3 | CW75: =AI75 -> 0 | CX75: =AJ75 -> 0 | CY75: =(((S75+R75)*AT75)/100) -> 235.728 | CZ75: =(((S75+R75)*AU75)/100) -> 176.796 | DN75: 0 | DO75: 0 | DP75: 1 | DQ75: 1 | DU75: 1013 | DV75: ШТ | DW75: ШТ | DX75: 1 | EE75: 16510417 | EF75: 3 | EG75: Монтажные работы | EH75: 0 | EJ75: 2 | EK75: 110011 | EL75: Связь: пожарно-охранная сигнализация и пром. телевиз. установки ( отделы 8 и 9 ) (при устройстве средств посадки самолетов : НР=95%, СП=55% - {АВИА}=1) | EM75: мФЕР-10 | EQ75: 0 | ER75: 36.71 | ES75: 3.97 | ET75: 0 | EU75: 0 | EV75: 32.74 | EW75: 3.3 | EX75: 0 | EY75: 0 | FQ75: 0 | FR75: =ROUND(IF(AND(BH75=3,BI75=3),P75,0),2) -> 0 | FS75: 0 | FX75: 80 | FY75: 60 | GD75: 0 | GF75: 119056495 | GG75: 1 | GH75: 1 | GI75: -2 | GJ75: 0 | GK75: =ROUND(R75*(R12)/100,2) -> 0 | GL75: =ROUND(IF(AND(BH75=3,BI75=3,FS75<>0),P75,0),2) -> 0 | GM75: =ROUND(O75+X75+Y75+GK75,2)+GX75 -> 742.92 | GN75: =IF(OR(BI75=0,BI75=1),ROUND(O75+X75+Y75+GK75,2),0) -> 0 | GO75: =IF(BI75=2,ROUND(O75+X75+Y75+GK75,2),0) -> 742.92 | GP75: =IF(BI75=4,ROUND(O75+X75+Y75+GK75,2)+GX75,0) -> 0 | GR75: 0 | GS75: 3 | GT75: 0 | GV75: =ROUND(GT75,6) -> 0 | GW75: 1 | GX75: =ROUND(GV75*GW75*I75,2) -> 0 | HA75: 0 | HB75: 0 | IK75: 0
A76: 17 | B76: 1 | C76: =ROW(SmtRes!A66) -> 66 | D76: =ROW(EtalonRes!A62) -> 62 | E76: 6 | F76: м10-08-001-10 | G76: Приборы приемно-контрольные объектовые на 1 луч | H76: ШТ | I76: 9 | J76: 0 | O76: =ROUND(CP76,2) -> 2157.45 | P76: =ROUND(CQ76*I76,2) -> 233.32 | Q76: =ROUND(CR76*I76,2) -> 0 | R76: =ROUND(CS76*I76,2) -> 0 | S76: =ROUND(CT76*I76,2) -> 1924.13 | T76: =ROUND(CU76*I76,2) -> 0 | U76: =CV76*I76 -> 29.7 | V76: =CW76*I76 -> 0 | W76: =ROUND(CX76*I76,2) -> 0 | X76: =ROUND(CY76,2) -> 1539.3 | Y76: =ROUND(CZ76,2) -> 1154.48 | AA76: 16670161 | AB76: =ROUND((AC76+AD76+AF76),6) -> 36.71 | AC76: =ROUND((ES76),6) -> 3.97 | AD76: =ROUND((((ET76)-(EU76))+AE76),6) -> 0 | AE76: =ROUND((EU76),6) -> 0 | AF76: =ROUND((EV76),6) -> 32.74 | AG76: =ROUND((AP76),6) -> 0 | AH76: =(EW76) -> 3.3 | AI76: =(EX76) -> 0 | AJ76: =ROUND((AS76),6) -> 0 | AK76: 36.71 | AL76: 3.97 | AM76: 0 | AN76: 0 | AO76: 32.74 | AP76: 0 | AQ76: 3.3 | AR76: 0 | AS76: 0 | AT76: 80 | AU76: 60 | AV76: 1 | AW76: 1 | AZ76: 6.53 | BA76: 6.53 | BB76: 6.53 | BC76: 6.53 | BH76: 0 | BI76: 2 | BJ76: ФЕРм-2001, м10-08-001-10, приказ Минстроя России №1039/пр от 30.12.2016г. | BM76: 110011 | BN76: 0 | BP76: 0 | BQ76: 3 | BR76: 0 | BS76: 6.53 | BT76: 1 | BU76: 1 | BV76: 1 | BW76: 1 | BX76: 1 | BZ76: 80 | CA76: 60 | CF76: 0 | CG76: 0 | CM76: 0 | CO76: 0 | CP76: =(P76+Q76+S76) -> 2157.45 | CQ76: =AC76*BC76 -> 25.9241 | CR76: =AD76*BB76 -> 0 | CS76: =AE76*BS76 -> 0 | CT76: =AF76*BA76 -> 213.7922 | CU76: =AG76 -> 0 | CV76: =AH76 -> 3.3 | CW76: =AI76 -> 0 | CX76: =AJ76 -> 0 | CY76: =(((S76+R76)*AT76)/100) -> 1539.304 | CZ76: =(((S76+R76)*AU76)/100) -> 1154.478 | DN76: 0 | DO76: 0 | DP76: 1 | DQ76: 1 | DU76: 1013 | DV76: ШТ | DW76: ШТ | DX76: 1 | EE76: 16510417 | EF76: 3 | EG76: Монтажные работы | EH76: 0 | EJ76: 2 | EK76: 110011 | EL76: Связь: пожарно-охранная сигнализация и пром. телевиз. установки ( отделы 8 и 9 ) (при устройстве средств посадки самолетов : НР=95%, СП=55% - {АВИА}=1) | EM76: мФЕР-10 | EQ76: 0 | ER76: 36.71 | ES76: 3.97 | ET76: 0 | EU76: 0 | EV76: 32.74 | EW76: 3.3 | EX76: 0 | EY76: 0 | FQ76: 0 | FR76: =ROUND(IF(AND(BH76=3,BI76=3),P76,0),2) -> 0 | FS76: 0 | FX76: 80 | FY76: 60 | GD76: 0 | GF76: 119056495 | GG76: 1 | GH76: 1 | GI76: 4 | GJ76: 0 | GK76: =ROUND(R76*(S12)/100,2) -> 0 | GL76: =ROUND(IF(AND(BH76=3,BI76=3,FS76<>0),P76,0),2) -> 0 | GM76: =ROUND(O76+X76+Y76+GK76,2)+GX76 -> 4851.23 | GN76: =IF(OR(BI76=0,BI76=1),ROUND(O76+X76+Y76+GK76,2),0) -> 0 | GO76: =IF(BI76=2,ROUND(O76+X76+Y76+GK76,2),0) -> 4851.23 | GP76: =IF(BI76=4,ROUND(O76+X76+Y76+GK76,2)+GX76,0) -> 0 | GR76: 0 | GS76: 3 | GT76: 0 | GV76: =ROUND(GT76,6) -> 0 | GW76: 1 | GX76: =ROUND(GV76*GW76*I76,2) -> 0 | HA76: 0 | HB76: 0 | IK76: 0
A77: 18 | B77: 1 | C77: 57 | E77: 6,1 | F77: 61.2.07.04-0002 | G77: Контроллер двухпроводной линии связи, марка "С2000-КДЛ" | H77: шт. | I77: =I75*J77 -> 8 | J77: 0.88888889 | O77: =ROUND(CP77,2) -> 1405.04 | P77: =ROUND(CQ77*I77,2) -> 1405.04 | Q77: =ROUND(CR77*I77,2) -> 0 | R77: =ROUND(CS77*I77,2) -> 0 | S77: =ROUND(CT77*I77,2) -> 0 | T77: =ROUND(CU77*I77,2) -> 0 | U77: =CV77*I77 -> 0 | V77: =CW77*I77 -> 0 | W77: =ROUND(CX77*I77,2) -> 0 | X77: =ROUND(CY77,2) -> 0 | Y77: =ROUND(CZ77,2) -> 0 | AA77: 16670159 | AB77: =ROUND((AC77+AD77+AF77),6) -> 175.63 | AC77: =ROUND((ES77),6) -> 175.63 | AD77: =ROUND((((ET77)-(EU77))+AE77),6) -> 0 | AE77: =ROUND((EU77),6) -> 0 | AF77: =ROUND((EV77),6) -> 0 | AG77: =ROUND((AP77),6) -> 0 | AH77: =(EW77) -> 0 | AI77: =(EX77) -> 0 | AJ77: =ROUND((AS77),6) -> 0 | AK77: 175.63 | AL77: 175.63 | AM77: 0 | AN77: 0 | AO77: 0 | AP77: 0 | AQ77: 0 | AR77: 0 | AS77: 0 | AT77: 80 | AU77: 60 | AV77: 1 | AW77: 1 | AZ77: 1 | BA77: 1 | BB77: 1 | BC77: 1 | BH77: 3 | BI77: 2 | BJ77: ФССЦ-2001, 61.2.07.04-0002, приказ Минстроя России №1039/пр от 30.12.2016г. | BM77: 110011 | BN77: 0 | BP77: 0 | BQ77: 3 | BR77: 0 | BS77: 1 | BT77: 1 | BU77: 1 | BV77: 1 | BW77: 1 | BX77: 1 | BZ77: 80 | CA77: 60 | CF77: 0 | CG77: 0 | CM77: 0 | CO77: 0 | CP77: =(P77+Q77+S77) -> 1405.04 | CQ77: =AC77*BC77 -> 175.63 | CR77: =AD77*BB77 -> 0 | CS77: =AE77*BS77 -> 0 | CT77: =AF77*BA77 -> 0 | CU77: =AG77 -> 0 | CV77: =AH77 -> 0 | CW77: =AI77 -> 0 | CX77: =AJ77 -> 0 | CY77: =(((S77+R77)*AT77)/100) -> 0 | CZ77: =(((S77+R77)*AU77)/100) -> 0 | DN77: 0 | DO77: 0 | DP77: 1 | DQ77: 1 | DU77: 1010 | DV77: шт. | DW77: шт. | DX77: 1 | EE77: 16510417 | EF77: 3 | EG77: Монтажные работы | EH77: 0 | EJ77: 2 | EK77: 110011 | EL77: Связь: пожарно-охранная сигнализация и пром. телевиз. установки ( отделы 8 и 9 ) (при устройстве средств посадки самолетов : НР=95%, СП=55% - {АВИА}=1) | EM77: мФЕР-10 | EQ77: 0 | ER77: 175.63 | ES77: 175.63 | ET77: 0 | EU77: 0 | EV77: 0 | EW77: 0 | EX77: 0 | FQ77: 0 | FR77: =ROUND(IF(AND(BH77=3,BI77=3),P77,0),2) -> 0 | FS77: 0 | FX77: 80 | FY77: 60 | GD77: 0 | GF77: -2134391166 | GG77: 1 | GH77: 1 | GI77: -2 | GJ77: 0 | GK77: =ROUND(R77*(R12)/100,2) -> 0 | GL77: =ROUND(IF(AND(BH77=3,BI77=3,FS77<>0),P77,0),2) -> 0 | GM77: =ROUND(O77+X77+Y77+GK77,2)+GX77 -> 1405.04 | GN77: =IF(OR(BI77=0,BI77=1),ROUND(O77+X77+Y77+GK77,2),0) -> 0 | GO77: =IF(BI77=2,ROUND(O77+X77+Y77+GK77,2),0) -> 1405.04 | GP77: =IF(BI77=4,ROUND(O77+X77+Y77+GK77,2)+GX77,0) -> 0 | GR77: 0 | GS77: 3 | GT77: 0 | GV77: =ROUND(GT77,6) -> 0 | GW77: 1 | GX77: =ROUND(GV77*GW77*I77,2) -> 0 | HA77: 0 | HB77: 0 | IK77: 0
A78: 18 | B78: 1 | C78: 65 | E78: 6,1 | F78: 61.2.07.04-0002 | G78: Контроллер двухпроводной линии связи, марка "С2000-КДЛ" | H78: шт. | I78: =I76*J78 -> 8 | J78: 0.88888889 | O78: =ROUND(CP78,2) -> 9174.91 | P78: =ROUND(CQ78*I78,2) -> 9174.91 | Q78: =ROUND(CR78*I78,2) -> 0 | R78: =ROUND(CS78*I78,2) -> 0 | S78: =ROUND(CT78*I78,2) -> 0 | T78: =ROUND(CU78*I78,2) -> 0 | U78: =CV78*I78 -> 0 | V78: =CW78*I78 -> 0 | W78: =ROUND(CX78*I78,2) -> 0 | X78: =ROUND(CY78,2) -> 0 | Y78: =ROUND(CZ78,2) -> 0 | AA78: 16670161 | AB78: =ROUND((AC78+AD78+AF78),6) -> 175.63 | AC78: =ROUND((ES78),6) -> 175.63 | AD78: =ROUND((((ET78)-(EU78))+AE78),6) -> 0 | AE78: =ROUND((EU78),6) -> 0 | AF78: =ROUND((EV78),6) -> 0 | AG78: =ROUND((AP78),6) -> 0 | AH78: =(EW78) -> 0 | AI78: =(EX78) -> 0 | AJ78: =ROUND((AS78),6) -> 0 | AK78: 175.63 | AL78: 175.63 | AM78: 0 | AN78: 0 | AO78: 0 | AP78: 0 | AQ78: 0 | AR78: 0 | AS78: 0 | AT78: 80 | AU78: 60 | AV78: 1 | AW78: 1 | AZ78: 6.53 | BA78: 1 | BB78: 1 | BC78: 6.53 | BH78: 3 | BI78: 2 | BJ78: ФССЦ-2001, 61.2.07.04-0002, приказ Минстроя России №1039/пр от 30.12.2016г. | BM78: 110011 | BN78: 0 | BP78: 0 | BQ78: 3 | BR78: 0 | BS78: 1 | BT78: 1 | BU78: 1 | BV78: 1 | BW78: 1 | BX78: 1 | BZ78: 80 | CA78: 60 | CF78: 0 | CG78: 0 | CM78: 0 | CO78: 0 | CP78: =(P78+Q78+S78) -> 9174.91 | CQ78: =AC78*BC78 -> 1146.8639 | CR78: =AD78*BB78 -> 0 | CS78: =AE78*BS78 -> 0 | CT78: =AF78*BA78 -> 0 | CU78: =AG78 -> 0 | CV78: =AH78 -> 0 | CW78: =AI78 -> 0 | CX78: =AJ78 -> 0 | CY78: =(((S78+R78)*AT78)/100) -> 0 | CZ78: =(((S78+R78)*AU78)/100) -> 0 | DN78: 0 | DO78: 0 | DP78: 1 | DQ78: 1 | DU78: 1010 | DV78: шт. | DW78: шт. | DX78: 1 | EE78: 16510417 | EF78: 3 | EG78: Монтажные работы | EH78: 0 | EJ78: 2 | EK78: 110011 | EL78: Связь: пожарно-охранная сигнализация и пром. телевиз. установки ( отделы 8 и 9 ) (при устройстве средств посадки самолетов : НР=95%, СП=55% - {АВИА}=1) | EM78: мФЕР-10 | EQ78: 0 | ER78: 175.63 | ES78: 175.63 | ET78: 0 | EU78: 0 | EV78: 0 | EW78: 0 | EX78: 0 | FQ78: 0 | FR78: =ROUND(IF(AND(BH78=3,BI78=3),P78,0),2) -> 0 | FS78: 0 | FX78: 80 | FY78: 60 | GD78: 0 | GF78: -2134391166 | GG78: 1 | GH78: 1 | GI78: 4 | GJ78: 0 | GK78: =ROUND(R78*(S12)/100,2) -> 0 | GL78: =ROUND(IF(AND(BH78=3,BI78=3,FS78<>0),P78,0),2) -> 0 | GM78: =ROUND(O78+X78+Y78+GK78,2)+GX78 -> 9174.91 | GN78: =IF(OR(BI78=0,BI78=1),ROUND(O78+X78+Y78+GK78,2),0) -> 0 | GO78: =IF(BI78=2,ROUND(O78+X78+Y78+GK78,2),0) -> 9174.91 | GP78: =IF(BI78=4,ROUND(O78+X78+Y78+GK78,2)+GX78,0) -> 0 | GR78: 0 | GS78: 3 | GT78: 0 | GV78: =ROUND(GT78,6) -> 0 | GW78: 1 | GX78: =ROUND(GV78*GW78*I78,2) -> 0 | HA78: 0 | HB78: 0 | IK78: 0
A79: 18 | B79: 1 | C79: 56 | E79: 6,2 | F79: 61.2.04.10-0004 | G79: Пульт контроля и управления охранно-пожарный, марка "С2000- М" | H79: шт. | I79: =I75*J79 -> 1 | J79: 0.11111111 | O79: =ROUND(CP79,2) -> 627.51 | P79: =ROUND(CQ79*I79,2) -> 627.51 | Q79: =ROUND(CR79*I79,2) -> 0 | R79: =ROUND(CS79*I79,2) -> 0 | S79: =ROUND(CT79*I79,2) -> 0 | T79: =ROUND(CU79*I79,2) -> 0 | U79: =CV79*I79 -> 0 | V79: =CW79*I79 -> 0 | W79: =ROUND(CX79*I79,2) -> 0 | X79: =ROUND(CY79,2) -> 0 | Y79: =ROUND(CZ79,2) -> 0 | AA79: 16670159 | AB79: =ROUND((AC79+AD79+AF79),6) -> 627.51 | AC79: =ROUND((ES79),6) -> 627.51 | AD79: =ROUND((((ET79)-(EU79))+AE79),6) -> 0 | AE79: =ROUND((EU79),6) -> 0 | AF79: =ROUND((EV79),6) -> 0 | AG79: =ROUND((AP79),6) -> 0 | AH79: =(EW79) -> 0 | AI79: =(EX79) -> 0 | AJ79: =ROUND((AS79),6) -> 0 | AK79: 627.51 | AL79: 627.51 | AM79: 0 | AN79: 0 | AO79: 0 | AP79: 0 | AQ79: 0 | AR79: 0 | AS79: 0 | AT79: 80 | AU79: 60 | AV79: 1 | AW79: 1 | AZ79: 1 | BA79: 1 | BB79: 1 | BC79: 1 | BH79: 3 | BI79: 2 | BJ79: ФССЦ-2001, 61.2.04.10-0004, приказ Минстроя России №1039/пр от 30.12.2016г. | BM79: 110011 | BN79: 0 | BP79: 0 | BQ79: 3 | BR79: 0 | BS79: 1 | BT79: 1 | BU79: 1 | BV79: 1 | BW79: 1 | BX79: 1 | BZ79: 80 | CA79: 60 | CF79: 0 | CG79: 0 | CM79: 0 | CO79: 0 | CP79: =(P79+Q79+S79) -> 627.51 | CQ79: =AC79*BC79 -> 627.51 | CR79: =AD79*BB79 -> 0 | CS79: =AE79*BS79 -> 0 | CT79: =AF79*BA79 -> 0 | CU79: =AG79 -> 0 | CV79: =AH79 -> 0 | CW79: =AI79 -> 0 | CX79: =AJ79 -> 0 | CY79: =(((S79+R79)*AT79)/100) -> 0 | CZ79: =(((S79+R79)*AU79)/100) -> 0 | DN79: 0 | DO79: 0 | DP79: 1 | DQ79: 1 | DU79: 1010 | DV79: шт. | DW79: шт. | DX79: 1 | EE79: 16510417 | EF79: 3 | EG79: Монтажные работы | EH79: 0 | EJ79: 2 | EK79: 110011 | EL79: Связь: пожарно-охранная сигнализация и пром. телевиз. установки ( отделы 8 и 9 ) (при устройстве средств посадки самолетов : НР=95%, СП=55% - {АВИА}=1) | EM79: мФЕР-10 | EQ79: 0 | ER79: 627.51 | ES79: 627.51 | ET79: 0 | EU79: 0 | EV79: 0 | EW79: 0 | EX79: 0 | FQ79: 0 | FR79: =ROUND(IF(AND(BH79=3,BI79=3),P79,0),2) -> 0 | FS79: 0 | FX79: 80 | FY79: 60 | GD79: 0 | GF79: -688371732 | GG79: 1 | GH79: 1 | GI79: -2 | GJ79: 0 | GK79: =ROUND(R79*(R12)/100,2) -> 0 | GL79: =ROUND(IF(AND(BH79=3,BI79=3,FS79<>0),P79,0),2) -> 0 | GM79: =ROUND(O79+X79+Y79+GK79,2)+GX79 -> 627.51 | GN79: =IF(OR(BI79=0,BI79=1),ROUND(O79+X79+Y79+GK79,2),0) -> 0 | GO79: =IF(BI79=2,ROUND(O79+X79+Y79+GK79,2),0) -> 627.51 | GP79: =IF(BI79=4,ROUND(O79+X79+Y79+GK79,2)+GX79,0) -> 0 | GR79: 0 | GS79: 3 | GT79: 0 | GV79: =ROUND(GT79,6) -> 0 | GW79: 1 | GX79: =ROUND(GV79*GW79*I79,2) -> 0 | HA79: 0 | HB79: 0 | IK79: 0
A80: 18 | B80: 1 | C80: 64 | E80: 6,2 | F80: 61.2.04.10-0004 | G80: Пульт контроля и управления охранно-пожарный, марка "С2000- М" | H80: шт. | I80: =I76*J80 -> 1 | J80: 0.11111111 | O80: =ROUND(CP80,2) -> 4097.64 | P80: =ROUND(CQ80*I80,2) -> 4097.64 | Q80: =ROUND(CR80*I80,2) -> 0 | R80: =ROUND(CS80*I80,2) -> 0 | S80: =ROUND(CT80*I80,2) -> 0 | T80: =ROUND(CU80*I80,2) -> 0 | U80: =CV80*I80 -> 0 | V80: =CW80*I80 -> 0 | W80: =ROUND(CX80*I80,2) -> 0 | X80: =ROUND(CY80,2) -> 0 | Y80: =ROUND(CZ80,2) -> 0 | AA80: 16670161 | AB80: =ROUND((AC80+AD80+AF80),6) -> 627.51 | AC80: =ROUND((ES80),6) -> 627.51 | AD80: =ROUND((((ET80)-(EU80))+AE80),6) -> 0 | AE80: =ROUND((EU80),6) -> 0 | AF80: =ROUND((EV80),6) -> 0 | AG80: =ROUND((AP80),6) -> 0 | AH80: =(EW80) -> 0 | AI80: =(EX80) -> 0 | AJ80: =ROUND((AS80),6) -> 0 | AK80: 627.51 | AL80: 627.51 | AM80: 0 | AN80: 0 | AO80: 0 | AP80: 0 | AQ80: 0 | AR80: 0 | AS80: 0 | AT80: 80 | AU80: 60 | AV80: 1 | AW80: 1 | AZ80: 6.53 | BA80: 1 | BB80: 1 | BC80: 6.53 | BH80: 3 | BI80: 2 | BJ80: ФССЦ-2001, 61.2.04.10-0004, приказ Минстроя России №1039/пр от 30.12.2016г. | BM80: 110011 | BN80: 0 | BP80: 0 | BQ80: 3 | BR80: 0 | BS80: 1 | BT80: 1 | BU80: 1 | BV80: 1 | BW80: 1 | BX80: 1 | BZ80: 80 | CA80: 60 | CF80: 0 | CG80: 0 | CM80: 0 | CO80: 0 | CP80: =(P80+Q80+S80) -> 4097.64 | CQ80: =AC80*BC80 -> 4097.6403 | CR80: =AD80*BB80 -> 0 | CS80: =AE80*BS80 -> 0 | CT80: =AF80*BA80 -> 0 | CU80: =AG80 -> 0 | CV80: =AH80 -> 0 | CW80: =AI80 -> 0 | CX80: =AJ80 -> 0 | CY80: =(((S80+R80)*AT80)/100) -> 0 | CZ80: =(((S80+R80)*AU80)/100) -> 0 | DN80: 0 | DO80: 0 | DP80: 1 | DQ80: 1 | DU80: 1010 | DV80: шт. | DW80: шт. | DX80: 1 | EE80: 16510417 | EF80: 3 | EG80: Монтажные работы | EH80: 0 | EJ80: 2 | EK80: 110011 | EL80: Связь: пожарно-охранная сигнализация и пром. телевиз. установки ( отделы 8 и 9 ) (при устройстве средств посадки самолетов : НР=95%, СП=55% - {АВИА}=1) | EM80: мФЕР-10 | EQ80: 0 | ER80: 627.51 | ES80: 627.51 | ET80: 0 | EU80: 0 | EV80: 0 | EW80: 0 | EX80: 0 | FQ80: 0 | FR80: =ROUND(IF(AND(BH80=3,BI80=3),P80,0),2) -> 0 | FS80: 0 | FX80: 80 | FY80: 60 | GD80: 0 | GF80: -688371732 | GG80: 1 | GH80: 1 | GI80: 4 | GJ80: 0 | GK80: =ROUND(R80*(S12)/100,2) -> 0 | GL80: =ROUND(IF(AND(BH80=3,BI80=3,FS80<>0),P80,0),2) -> 0 | GM80: =ROUND(O80+X80+Y80+GK80,2)+GX80 -> 4097.64 | GN80: =IF(OR(BI80=0,BI80=1),ROUND(O80+X80+Y80+GK80,2),0) -> 0 | GO80: =IF(BI80=2,ROUND(O80+X80+Y80+GK80,2),0) -> 4097.64 | GP80: =IF(BI80=4,ROUND(O80+X80+Y80+GK80,2)+GX80,0) -> 0 | GR80: 0 | GS80: 3 | GT80: 0 | GV80: =ROUND(GT80,6) -> 0 | GW80: 1 | GX80: =ROUND(GV80*GW80*I80,2) -> 0 | HA80: 0 | HB80: 0 | IK80: 0
A81: 17 | B81: 1 | C81: =ROW(SmtRes!A74) -> 74 | D81: =ROW(EtalonRes!A68) -> 68 | E81: 7 | F81: м10-08-001-12 | G81: Устройства промежуточные на количество лучей 5 | H81: ШТ | I81: 8 | J81: 0 | O81: =ROUND(CP81,2) -> 231.44 | P81: =ROUND(CQ81*I81,2) -> 32.72 | Q81: =ROUND(CR81*I81,2) -> 0 | R81: =ROUND(CS81*I81,2) -> 0 | S81: =ROUND(CT81*I81,2) -> 198.72 | T81: =ROUND(CU81*I81,2) -> 0 | U81: =CV81*I81 -> 19.2 | V81: =CW81*I81 -> 0 | W81: =ROUND(CX81*I81,2) -> 0 | X81: =ROUND(CY81,2) -> 158.98 | Y81: =ROUND(CZ81,2) -> 119.23 | AA81: 16670159 | AB81: =ROUND((AC81+AD81+AF81),6) -> 28.93 | AC81: =ROUND((ES81),6) -> 4.09 | AD81: =ROUND((((ET81)-(EU81))+AE81),6) -> 0 | AE81: =ROUND((EU81),6) -> 0 | AF81: =ROUND((EV81),6) -> 24.84 | AG81: =ROUND((AP81),6) -> 0 | AH81: =(EW81) -> 2.4 | AI81: =(EX81) -> 0 | AJ81: =ROUND((AS81),6) -> 0 | AK81: 28.93 | AL81: 4.09 | AM81: 0 | AN81: 0 | AO81: 24.84 | AP81: 0 | AQ81: 2.4 | AR81: 0 | AS81: 0 | AT81: 80 | AU81: 60 | AV81: 1 | AW81: 1 | AZ81: 1 | BA81: 1 | BB81: 1 | BC81: 1 | BH81: 0 | BI81: 2 | BJ81: ФЕРм-2001, м10-08-001-12, приказ Минстроя России №1039/пр от 30.12.2016г. | BM81: 110011 | BN81: 0 | BP81: 0 | BQ81: 3 | BR81: 0 | BS81: 1 | BT81: 1 | BU81: 1 | BV81: 1 | BW81: 1 | BX81: 1 | BZ81: 80 | CA81: 60 | CF81: 0 | CG81: 0 | CM81: 0 | CO81: 0 | CP81: =(P81+Q81+S81) -> 231.44 | CQ81: =AC81*BC81 -> 4.09 | CR81: =AD81*BB81 -> 0 | CS81: =AE81*BS81 -> 0 | CT81: =AF81*BA81 -> 24.84 | CU81: =AG81 -> 0 | CV81: =AH81 -> 2.4 | CW81: =AI81 -> 0 | CX81: =AJ81 -> 0 | CY81: =(((S81+R81)*AT81)/100) -> 158.976 | CZ81: =(((S81+R81)*AU81)/100) -> 119.232 | DN81: 0 | DO81: 0 | DP81: 1 | DQ81: 1 | DU81: 1013 | DV81: ШТ | DW81: ШТ | DX81: 1 | EE81: 16510417 | EF81: 3 | EG81: Монтажные работы | EH81: 0 | EJ81: 2 | EK81: 110011 | EL81: Связь: пожарно-охранная сигнализация и пром. телевиз. установки ( отделы 8 и 9 ) (при устройстве средств посадки самолетов : НР=95%, СП=55% - {АВИА}=1) | EM81: мФЕР-10 | EQ81: 0 | ER81: 28.93 | ES81: 4.09 | ET81: 0 | EU81: 0 | EV81: 24.84 | EW81: 2.4 | EX81: 0 | EY81: 0 | FQ81: 0 | FR81: =ROUND(IF(AND(BH81=3,BI81=3),P81,0),2) -> 0 | FS81: 0 | FX81: 80 | FY81: 60 | GD81: 0 | GF81: 177670689 | GG81: 1 | GH81: 1 | GI81: -2 | GJ81: 0 | GK81: =ROUND(R81*(R12)/100,2) -> 0 | GL81: =ROUND(IF(AND(BH81=3,BI81=3,FS81<>0),P81,0),2) -> 0 | GM81: =ROUND(O81+X81+Y81+GK81,2)+GX81 -> 509.65 | GN81: =IF(OR(BI81=0,BI81=1),ROUND(O81+X81+Y81+GK81,2),0) -> 0 | GO81: =IF(BI81=2,ROUND(O81+X81+Y81+GK81,2),0) -> 509.65 | GP81: =IF(BI81=4,ROUND(O81+X81+Y81+GK81,2)+GX81,0) -> 0 | GR81: 0 | GS81: 3 | GT81: 0 | GV81: =ROUND(GT81,6) -> 0 | GW81: 1 | GX81: =ROUND(GV81*GW81*I81,2) -> 0 | HA81: 0 | HB81: 0 | IK81: 0
A82: 17 | B82: 1 | C82: =ROW(SmtRes!A82) -> 82 | D82: =ROW(EtalonRes!A74) -> 74 | E82: 7 | F82: м10-08-001-12 | G82: Устройства промежуточные на количество лучей 5 | H82: ШТ | I82: 8 | J82: 0 | O82: =ROUND(CP82,2) -> 1511.3 | P82: =ROUND(CQ82*I82,2) -> 213.66 | Q82: =ROUND(CR82*I82,2) -> 0 | R82: =ROUND(CS82*I82,2) -> 0 | S82: =ROUND(CT82*I82,2) -> 1297.64 | T82: =ROUND(CU82*I82,2) -> 0 | U82: =CV82*I82 -> 19.2 | V82: =CW82*I82 -> 0 | W82: =ROUND(CX82*I82,2) -> 0 | X82: =ROUND(CY82,2) -> 1038.11 | Y82: =ROUND(CZ82,2) -> 778.58 | AA82: 16670161 | AB82: =ROUND((AC82+AD82+AF82),6) -> 28.93 | AC82: =ROUND((ES82),6) -> 4.09 | AD82: =ROUND((((ET82)-(EU82))+AE82),6) -> 0 | AE82: =ROUND((EU82),6) -> 0 | AF82: =ROUND((EV82),6) -> 24.84 | AG82: =ROUND((AP82),6) -> 0 | AH82: =(EW82) -> 2.4 | AI82: =(EX82) -> 0 | AJ82: =ROUND((AS82),6) -> 0 | AK82: 28.93 | AL82: 4.09 | AM82: 0 | AN82: 0 | AO82: 24.84 | AP82: 0 | AQ82: 2.4 | AR82: 0 | AS82: 0 | AT82: 80 | AU82: 60 | AV82: 1 | AW82: 1 | AZ82: 6.53 | BA82: 6.53 | BB82: 6.53 | BC82: 6.53 | BH82: 0 | BI82: 2 | BJ82: ФЕРм-2001, м10-08-001-12, приказ Минстроя России №1039/пр от 30.12.2016г. | BM82: 110011 | BN82: 0 | BP82: 0 | BQ82: 3 | BR82: 0 | BS82: 6.53 | BT82: 1 | BU82: 1 | BV82: 1 | BW82: 1 | BX82: 1 | BZ82: 80 | CA82: 60 | CF82: 0 | CG82: 0 | CM82: 0 | CO82: 0 | CP82: =(P82+Q82+S82) -> 1511.3 | CQ82: =AC82*BC82 -> 26.7077 | CR82: =AD82*BB82 -> 0 | CS82: =AE82*BS82 -> 0 | CT82: =AF82*BA82 -> 162.2052 | CU82: =AG82 -> 0 | CV82: =AH82 -> 2.4 | CW82: =AI82 -> 0 | CX82: =AJ82 -> 0 | CY82: =(((S82+R82)*AT82)/100) -> 1038.112 | CZ82: =(((S82+R82)*AU82)/100) -> 778.584 | DN82: 0 | DO82: 0 | DP82: 1 | DQ82: 1 | DU82: 1013 | DV82: ШТ | DW82: ШТ | DX82: 1 | EE82: 16510417 | EF82: 3 | EG82: Монтажные работы | EH82: 0 | EJ82: 2 | EK82: 110011 | EL82: Связь: пожарно-охранная сигнализация и пром. телевиз. установки ( отделы 8 и 9 ) (при устройстве средств посадки самолетов : НР=95%, СП=55% - {АВИА}=1) | EM82: мФЕР-10 | EQ82: 0 | ER82: 28.93 | ES82: 4.09 | ET82: 0 | EU82: 0 | EV82: 24.84 | EW82: 2.4 | EX82: 0 | EY82: 0 | FQ82: 0 | FR82: =ROUND(IF(AND(BH82=3,BI82=3),P82,0),2) -> 0 | FS82: 0 | FX82: 80 | FY82: 60 | GD82: 0 | GF82: 177670689 | GG82: 1 | GH82: 1 | GI82: 4 | GJ82: 0 | GK82: =ROUND(R82*(S12)/100,2) -> 0 | GL82: =ROUND(IF(AND(BH82=3,BI82=3,FS82<>0),P82,0),2) -> 0 | GM82: =ROUND(O82+X82+Y82+GK82,2)+GX82 -> 3327.99 | GN82: =IF(OR(BI82=0,BI82=1),ROUND(O82+X82+Y82+GK82,2),0) -> 0 | GO82: =IF(BI82=2,ROUND(O82+X82+Y82+GK82,2),0) -> 3327.99 | GP82: =IF(BI82=4,ROUND(O82+X82+Y82+GK82,2)+GX82,0) -> 0 | GR82: 0 | GS82: 3 | GT82: 0 | GV82: =ROUND(GT82,6) -> 0 | GW82: 1 | GX82: =ROUND(GV82*GW82*I82,2) -> 0 | HA82: 0 | HB82: 0 | IK82: 0
A83: 18 | B83: 1 | C83: 72 | E83: 7,1 | F83: 61.2.07.02-0034 | G83: Блок контрольно-пусковой, марка "С2000-КПБ" | H83: шт. | I83: =I81*J83 -> 7 | J83: 0.875 | O83: =ROUND(CP83,2) -> 1706.95 | P83: =ROUND(CQ83*I83,2) -> 1706.95 | Q83: =ROUND(CR83*I83,2) -> 0 | R83: =ROUND(CS83*I83,2) -> 0 | S83: =ROUND(CT83*I83,2) -> 0 | T83: =ROUND(CU83*I83,2) -> 0 | U83: =CV83*I83 -> 0 | V83: =CW83*I83 -> 0 | W83: =ROUND(CX83*I83,2) -> 0 | X83: =ROUND(CY83,2) -> 0 | Y83: =ROUND(CZ83,2) -> 0 | AA83: 16670159 | AB83: =ROUND((AC83+AD83+AF83),6) -> 243.85 | AC83: =ROUND((ES83),6) -> 243.85 | AD83: =ROUND((((ET83)-(EU83))+AE83),6) -> 0 | AE83: =ROUND((EU83),6) -> 0 | AF83: =ROUND((EV83),6) -> 0 | AG83: =ROUND((AP83),6) -> 0 | AH83: =(EW83) -> 0 | AI83: =(EX83) -> 0 | AJ83: =ROUND((AS83),6) -> 0 | AK83: 243.85 | AL83: 243.85 | AM83: 0 | AN83: 0 | AO83: 0 | AP83: 0 | AQ83: 0 | AR83: 0 | AS83: 0 | AT83: 80 | AU83: 60 | AV83: 1 | AW83: 1 | AZ83: 1 | BA83: 1 | BB83: 1 | BC83: 1 | BH83: 3 | BI83: 2 | BJ83: ФССЦ-2001, 61.2.07.02-0034, приказ Минстроя России №1039/пр от 30.12.2016г. | BM83: 110011 | BN83: 0 | BP83: 0 | BQ83: 3 | BR83: 0 | BS83: 1 | BT83: 1 | BU83: 1 | BV83: 1 | BW83: 1 | BX83: 1 | BZ83: 80 | CA83: 60 | CF83: 0 | CG83: 0 | CM83: 0 | CO83: 0 | CP83: =(P83+Q83+S83) -> 1706.95 | CQ83: =AC83*BC83 -> 243.85 | CR83: =AD83*BB83 -> 0 | CS83: =AE83*BS83 -> 0 | CT83: =AF83*BA83 -> 0 | CU83: =AG83 -> 0 | CV83: =AH83 -> 0 | CW83: =AI83 -> 0 | CX83: =AJ83 -> 0 | CY83: =(((S83+R83)*AT83)/100) -> 0 | CZ83: =(((S83+R83)*AU83)/100) -> 0 | DN83: 0 | DO83: 0 | DP83: 1 | DQ83: 1 | DU83: 1010 | DV83: шт. | DW83: шт. | DX83: 1 | EE83: 16510417 | EF83: 3 | EG83: Монтажные работы | EH83: 0 | EJ83: 2 | EK83: 110011 | EL83: Связь: пожарно-охранная сигнализация и пром. телевиз. установки ( отделы 8 и 9 ) (при устройстве средств посадки самолетов : НР=95%, СП=55% - {АВИА}=1) | EM83: мФЕР-10 | EQ83: 0 | ER83: 243.85 | ES83: 243.85 | ET83: 0 | EU83: 0 | EV83: 0 | EW83: 0 | EX83: 0 | FQ83: 0 | FR83: =ROUND(IF(AND(BH83=3,BI83=3),P83,0),2) -> 0 | FS83: 0 | FX83: 80 | FY83: 60 | GD83: 0 | GF83: 1994226335 | GG83: 1 | GH83: 1 | GI83: -2 | GJ83: 0 | GK83: =ROUND(R83*(R12)/100,2) -> 0 | GL83: =ROUND(IF(AND(BH83=3,BI83=3,FS83<>0),P83,0),2) -> 0 | GM83: =ROUND(O83+X83+Y83+GK83,2)+GX83 -> 1706.95 | GN83: =IF(OR(BI83=0,BI83=1),ROUND(O83+X83+Y83+GK83,2),0) -> 0 | GO83: =IF(BI83=2,ROUND(O83+X83+Y83+GK83,2),0) -> 1706.95 | GP83: =IF(BI83=4,ROUND(O83+X83+Y83+GK83,2)+GX83,0) -> 0 | GR83: 0 | GS83: 3 | GT83: 0 | GV83: =ROUND(GT83,6) -> 0 | GW83: 1 | GX83: =ROUND(GV83*GW83*I83,2) -> 0 | HA83: 0 | HB83: 0 | IK83: 0
A84: 18 | B84: 1 | C84: 80 | E84: 7,1 | F84: 61.2.07.02-0034 | G84: Блок контрольно-пусковой, марка "С2000-КПБ" | H84: шт. | I84: =I82*J84 -> 7 | J84: 0.875 | O84: =ROUND(CP84,2) -> 11146.38 | P84: =ROUND(CQ84*I84,2) -> 11146.38 | Q84: =ROUND(CR84*I84,2) -> 0 | R84: =ROUND(CS84*I84,2) -> 0 | S84: =ROUND(CT84*I84,2) -> 0 | T84: =ROUND(CU84*I84,2) -> 0 | U84: =CV84*I84 -> 0 | V84: =CW84*I84 -> 0 | W84: =ROUND(CX84*I84,2) -> 0 | X84: =ROUND(CY84,2) -> 0 | Y84: =ROUND(CZ84,2) -> 0 | AA84: 16670161 | AB84: =ROUND((AC84+AD84+AF84),6) -> 243.85 | AC84: =ROUND((ES84),6) -> 243.85 | AD84: =ROUND((((ET84)-(EU84))+AE84),6) -> 0 | AE84: =ROUND((EU84),6) -> 0 | AF84: =ROUND((EV84),6) -> 0 | AG84: =ROUND((AP84),6) -> 0 | AH84: =(EW84) -> 0 | AI84: =(EX84) -> 0 | AJ84: =ROUND((AS84),6) -> 0 | AK84: 243.85 | AL84: 243.85 | AM84: 0 | AN84: 0 | AO84: 0 | AP84: 0 | AQ84: 0 | AR84: 0 | AS84: 0 | AT84: 80 | AU84: 60 | AV84: 1 | AW84: 1 | AZ84: 6.53 | BA84: 1 | BB84: 1 | BC84: 6.53 | BH84: 3 | BI84: 2 | BJ84: ФССЦ-2001, 61.2.07.02-0034, приказ Минстроя России №1039/пр от 30.12.2016г. | BM84: 110011 | BN84: 0 | BP84: 0 | BQ84: 3 | BR84: 0 | BS84: 1 | BT84: 1 | BU84: 1 | BV84: 1 | BW84: 1 | BX84: 1 | BZ84: 80 | CA84: 60 | CF84: 0 | CG84: 0 | CM84: 0 | CO84: 0 | CP84: =(P84+Q84+S84) -> 11146.38 | CQ84: =AC84*BC84 -> 1592.3405 | CR84: =AD84*BB84 -> 0 | CS84: =AE84*BS84 -> 0 | CT84: =AF84*BA84 -> 0 | CU84: =AG84 -> 0 | CV84: =AH84 -> 0 | CW84: =AI84 -> 0 | CX84: =AJ84 -> 0 | CY84: =(((S84+R84)*AT84)/100) -> 0 | CZ84: =(((S84+R84)*AU84)/100) -> 0 | DN84: 0 | DO84: 0 | DP84: 1 | DQ84: 1 | DU84: 1010 | DV84: шт. | DW84: шт. | DX84: 1 | EE84: 16510417 | EF84: 3 | EG84: Монтажные работы | EH84: 0 | EJ84: 2 | EK84: 110011 | EL84: Связь: пожарно-охранная сигнализация и пром. телевиз. установки ( отделы 8 и 9 ) (при устройстве средств посадки самолетов : НР=95%, СП=55% - {АВИА}=1) | EM84: мФЕР-10 | EQ84: 0 | ER84: 243.85 | ES84: 243.85 | ET84: 0 | EU84: 0 | EV84: 0 | EW84: 0 | EX84: 0 | FQ84: 0 | FR84: =ROUND(IF(AND(BH84=3,BI84=3),P84,0),2) -> 0 | FS84: 0 | FX84: 80 | FY84: 60 | GD84: 0 | GF84: 1994226335 | GG84: 1 | GH84: 1 | GI84: 4 | GJ84: 0 | GK84: =ROUND(R84*(S12)/100,2) -> 0 | GL84: =ROUND(IF(AND(BH84=3,BI84=3,FS84<>0),P84,0),2) -> 0 | GM84: =ROUND(O84+X84+Y84+GK84,2)+GX84 -> 11146.38 | GN84: =IF(OR(BI84=0,BI84=1),ROUND(O84+X84+Y84+GK84,2),0) -> 0 | GO84: =IF(BI84=2,ROUND(O84+X84+Y84+GK84,2),0) -> 11146.38 | GP84: =IF(BI84=4,ROUND(O84+X84+Y84+GK84,2)+GX84,0) -> 0 | GR84: 0 | GS84: 3 | GT84: 0 | GV84: =ROUND(GT84,6) -> 0 | GW84: 1 | GX84: =ROUND(GV84*GW84*I84,2) -> 0 | HA84: 0 | HB84: 0 | IK84: 0
A85: 18 | B85: 1 | C85: 73 | E85: 7,2 | F85: 61.2.07.02-0079 | G85: Блок сигнально-пусковой (релейный блок), марка "С2000-СП1" | H85: шт. | I85: =I81*J85 -> 1 | J85: 0.125 | O85: =ROUND(CP85,2) -> 153.02 | P85: =ROUND(CQ85*I85,2) -> 153.02 | Q85: =ROUND(CR85*I85,2) -> 0 | R85: =ROUND(CS85*I85,2) -> 0 | S85: =ROUND(CT85*I85,2) -> 0 | T85: =ROUND(CU85*I85,2) -> 0 | U85: =CV85*I85 -> 0 | V85: =CW85*I85 -> 0 | W85: =ROUND(CX85*I85,2) -> 0 | X85: =ROUND(CY85,2) -> 0 | Y85: =ROUND(CZ85,2) -> 0 | AA85: 16670159 | AB85: =ROUND((AC85+AD85+AF85),6) -> 153.02 | AC85: =ROUND((ES85),6) -> 153.02 | AD85: =ROUND((((ET85)-(EU85))+AE85),6) -> 0 | AE85: =ROUND((EU85),6) -> 0 | AF85: =ROUND((EV85),6) -> 0 | AG85: =ROUND((AP85),6) -> 0 | AH85: =(EW85) -> 0 | AI85: =(EX85) -> 0 | AJ85: =ROUND((AS85),6) -> 0 | AK85: 153.02 | AL85: 153.02 | AM85: 0 | AN85: 0 | AO85: 0 | AP85: 0 | AQ85: 0 | AR85: 0 | AS85: 0 | AT85: 80 | AU85: 60 | AV85: 1 | AW85: 1 | AZ85: 1 | BA85: 1 | BB85: 1 | BC85: 1 | BH85: 3 | BI85: 2 | BJ85: ФССЦ-2001, 61.2.07.02-0079, приказ Минстроя России №1039/пр от 30.12.2016г. | BM85: 110011 | BN85: 0 | BP85: 0 | BQ85: 3 | BR85: 0 | BS85: 1 | BT85: 1 | BU85: 1 | BV85: 1 | BW85: 1 | BX85: 1 | BZ85: 80 | CA85: 60 | CF85: 0 | CG85: 0 | CM85: 0 | CO85: 0 | CP85: =(P85+Q85+S85) -> 153.02 | CQ85: =AC85*BC85 -> 153.02 | CR85: =AD85*BB85 -> 0 | CS85: =AE85*BS85 -> 0 | CT85: =AF85*BA85 -> 0 | CU85: =AG85 -> 0 | CV85: =AH85 -> 0 | CW85: =AI85 -> 0 | CX85: =AJ85 -> 0 | CY85: =(((S85+R85)*AT85)/100) -> 0 | CZ85: =(((S85+R85)*AU85)/100) -> 0 | DN85: 0 | DO85: 0 | DP85: 1 | DQ85: 1 | DU85: 1010 | DV85: шт. | DW85: шт. | DX85: 1 | EE85: 16510417 | EF85: 3 | EG85: Монтажные работы | EH85: 0 | EJ85: 2 | EK85: 110011 | EL85: Связь: пожарно-охранная сигнализация и пром. телевиз. установки ( отделы 8 и 9 ) (при устройстве средств посадки самолетов : НР=95%, СП=55% - {АВИА}=1) | EM85: мФЕР-10 | EQ85: 0 | ER85: 153.02 | ES85: 153.02 | ET85: 0 | EU85: 0 | EV85: 0 | EW85: 0 | EX85: 0 | FQ85: 0 | FR85: =ROUND(IF(AND(BH85=3,BI85=3),P85,0),2) -> 0 | FS85: 0 | FX85: 80 | FY85: 60 | GD85: 0 | GF85: 1736319385 | GG85: 1 | GH85: 1 | GI85: -2 | GJ85: 0 | GK85: =ROUND(R85*(R12)/100,2) -> 0 | GL85: =ROUND(IF(AND(BH85=3,BI85=3,FS85<>0),P85,0),2) -> 0 | GM85: =ROUND(O85+X85+Y85+GK85,2)+GX85 -> 153.02 | GN85: =IF(OR(BI85=0,BI85=1),ROUND(O85+X85+Y85+GK85,2),0) -> 0 | GO85: =IF(BI85=2,ROUND(O85+X85+Y85+GK85,2),0) -> 153.02 | GP85: =IF(BI85=4,ROUND(O85+X85+Y85+GK85,2)+GX85,0) -> 0 | GR85: 0 | GS85: 3 | GT85: 0 | GV85: =ROUND(GT85,6) -> 0 | GW85: 1 | GX85: =ROUND(GV85*GW85*I85,2) -> 0 | HA85: 0 | HB85: 0 | IK85: 0
A86: 18 | B86: 1 | C86: 81 | E86: 7,2 | F86: 61.2.07.02-0079 | G86: Блок сигнально-пусковой (релейный блок), марка "С2000-СП1" | H86: шт. | I86: =I82*J86 -> 1 | J86: 0.125 | O86: =ROUND(CP86,2) -> 999.22 | P86: =ROUND(CQ86*I86,2) -> 999.22 | Q86: =ROUND(CR86*I86,2) -> 0 | R86: =ROUND(CS86*I86,2) -> 0 | S86: =ROUND(CT86*I86,2) -> 0 | T86: =ROUND(CU86*I86,2) -> 0 | U86: =CV86*I86 -> 0 | V86: =CW86*I86 -> 0 | W86: =ROUND(CX86*I86,2) -> 0 | X86: =ROUND(CY86,2) -> 0 | Y86: =ROUND(CZ86,2) -> 0 | AA86: 16670161 | AB86: =ROUND((AC86+AD86+AF86),6) -> 153.02 | AC86: =ROUND((ES86),6) -> 153.02 | AD86: =ROUND((((ET86)-(EU86))+AE86),6) -> 0 | AE86: =ROUND((EU86),6) -> 0 | AF86: =ROUND((EV86),6) -> 0 | AG86: =ROUND((AP86),6) -> 0 | AH86: =(EW86) -> 0 | AI86: =(EX86) -> 0 | AJ86: =ROUND((AS86),6) -> 0 | AK86: 153.02 | AL86: 153.02 | AM86: 0 | AN86: 0 | AO86: 0 | AP86: 0 | AQ86: 0 | AR86: 0 | AS86: 0 | AT86: 80 | AU86: 60 | AV86: 1 | AW86: 1 | AZ86: 6.53 | BA86: 1 | BB86: 1 | BC86: 6.53 | BH86: 3 | BI86: 2 | BJ86: ФССЦ-2001, 61.2.07.02-0079, приказ Минстроя России №1039/пр от 30.12.2016г. | BM86: 110011 | BN86: 0 | BP86: 0 | BQ86: 3 | BR86: 0 | BS86: 1 | BT86: 1 | BU86: 1 | BV86: 1 | BW86: 1 | BX86: 1 | BZ86: 80 | CA86: 60 | CF86: 0 | CG86: 0 | CM86: 0 | CO86: 0 | CP86: =(P86+Q86+S86) -> 999.22 | CQ86: =AC86*BC86 -> 999.2206 | CR86: =AD86*BB86 -> 0 | CS86: =AE86*BS86 -> 0 | CT86: =AF86*BA86 -> 0 | CU86: =AG86 -> 0 | CV86: =AH86 -> 0 | CW86: =AI86 -> 0 | CX86: =AJ86 -> 0 | CY86: =(((S86+R86)*AT86)/100) -> 0 | CZ86: =(((S86+R86)*AU86)/100) -> 0 | DN86: 0 | DO86: 0 | DP86: 1 | DQ86: 1 | DU86: 1010 | DV86: шт. | DW86: шт. | DX86: 1 | EE86: 16510417 | EF86: 3 | EG86: Монтажные работы | EH86: 0 | EJ86: 2 | EK86: 110011 | EL86: Связь: пожарно-охранная сигнализация и пром. телевиз. установки ( отделы 8 и 9 ) (при устройстве средств посадки самолетов : НР=95%, СП=55% - {АВИА}=1) | EM86: мФЕР-10 | EQ86: 0 | ER86: 153.02 | ES86: 153.02 | ET86: 0 | EU86: 0 | EV86: 0 | EW86: 0 | EX86: 0 | FQ86: 0 | FR86: =ROUND(IF(AND(BH86=3,BI86=3),P86,0),2) -> 0 | FS86: 0 | FX86: 80 | FY86: 60 | GD86: 0 | GF86: 1736319385 | GG86: 1 | GH86: 1 | GI86: 4 | GJ86: 0 | GK86: =ROUND(R86*(S12)/100,2) -> 0 | GL86: =ROUND(IF(AND(BH86=3,BI86=3,FS86<>0),P86,0),2) -> 0 | GM86: =ROUND(O86+X86+Y86+GK86,2)+GX86 -> 999.22 | GN86: =IF(OR(BI86=0,BI86=1),ROUND(O86+X86+Y86+GK86,2),0) -> 0 | GO86: =IF(BI86=2,ROUND(O86+X86+Y86+GK86,2),0) -> 999.22 | GP86: =IF(BI86=4,ROUND(O86+X86+Y86+GK86,2)+GX86,0) -> 0 | GR86: 0 | GS86: 3 | GT86: 0 | GV86: =ROUND(GT86,6) -> 0 | GW86: 1 | GX86: =ROUND(GV86*GW86*I86,2) -> 0 | HA86: 0 | HB86: 0 | IK86: 0
A87: 17 | B87: 1 | C87: =ROW(SmtRes!A90) -> 90 | D87: =ROW(EtalonRes!A80) -> 80 | E87: 8 | F87: м10-08-002-02 | G87: Извещатель ПС автоматический дымовой, фотоэлектрический, радиоизотопный, световой в нормальном исполнении | H87: ШТ | I87: 425 | J87: 0 | O87: =ROUND(CP87,2) -> 8036.75 | P87: =ROUND(CQ87*I87,2) -> 1168.75 | Q87: =ROUND(CR87*I87,2) -> 0 | R87: =ROUND(CS87*I87,2) -> 0 | S87: =ROUND(CT87*I87,2) -> 6868 | T87: =ROUND(CU87*I87,2) -> 0 | U87: =CV87*I87 -> 714 | V87: =CW87*I87 -> 0 | W87: =ROUND(CX87*I87,2) -> 0 | X87: =ROUND(CY87,2) -> 5494.4 | Y87: =ROUND(CZ87,2) -> 4120.8 | AA87: 16670159 | AB87: =ROUND((AC87+AD87+AF87),6) -> 18.91 | AC87: =ROUND((ES87),6) -> 2.75 | AD87: =ROUND((((ET87)-(EU87))+AE87),6) -> 0 | AE87: =ROUND((EU87),6) -> 0 | AF87: =ROUND((EV87),6) -> 16.16 | AG87: =ROUND((AP87),6) -> 0 | AH87: =(EW87) -> 1.68 | AI87: =(EX87) -> 0 | AJ87: =ROUND((AS87),6) -> 0 | AK87: 18.91 | AL87: 2.75 | AM87: 0 | AN87: 0 | AO87: 16.16 | AP87: 0 | AQ87: 1.68 | AR87: 0 | AS87: 0 | AT87: 80 | AU87: 60 | AV87: 1 | AW87: 1 | AZ87: 1 | BA87: 1 | BB87: 1 | BC87: 1 | BH87: 0 | BI87: 2 | BJ87: ФЕРм-2001, м10-08-002-02, приказ Минстроя России №1039/пр от 30.12.2016г. | BM87: 110011 | BN87: 0 | BP87: 0 | BQ87: 3 | BR87: 0 | BS87: 1 | BT87: 1 | BU87: 1 | BV87: 1 | BW87: 1 | BX87: 1 | BZ87: 80 | CA87: 60 | CF87: 0 | CG87: 0 | CM87: 0 | CO87: 0 | CP87: =(P87+Q87+S87) -> 8036.75 | CQ87: =AC87*BC87 -> 2.75 | CR87: =AD87*BB87 -> 0 | CS87: =AE87*BS87 -> 0 | CT87: =AF87*BA87 -> 16.16 | CU87: =AG87 -> 0 | CV87: =AH87 -> 1.68 | CW87: =AI87 -> 0 | CX87: =AJ87 -> 0 | CY87: =(((S87+R87)*AT87)/100) -> 5494.4 | CZ87: =(((S87+R87)*AU87)/100) -> 4120.8 | DN87: 0 | DO87: 0 | DP87: 1 | DQ87: 1 | DU87: 1013 | DV87: ШТ | DW87: ШТ | DX87: 1 | EE87: 16510417 | EF87: 3 | EG87: Монтажные работы | EH87: 0 | EJ87: 2 | EK87: 110011 | EL87: Связь: пожарно-охранная сигнализация и пром. телевиз. установки ( отделы 8 и 9 ) (при устройстве средств посадки самолетов : НР=95%, СП=55% - {АВИА}=1) | EM87: мФЕР-10 | EQ87: 0 | ER87: 18.91 | ES87: 2.75 | ET87: 0 | EU87: 0 | EV87: 16.16 | EW87: 1.68 | EX87: 0 | EY87: 0 | FQ87: 0 | FR87: =ROUND(IF(AND(BH87=3,BI87=3),P87,0),2) -> 0 | FS87: 0 | FX87: 80 | FY87: 60 | GD87: 0 | GF87: 209323162 | GG87: 1 | GH87: 1 | GI87: -2 | GJ87: 0 | GK87: =ROUND(R87*(R12)/100,2) -> 0 | GL87: =ROUND(IF(AND(BH87=3,BI87=3,FS87<>0),P87,0),2) -> 0 | GM87: =ROUND(O87+X87+Y87+GK87,2)+GX87 -> 17651.95 | GN87: =IF(OR(BI87=0,BI87=1),ROUND(O87+X87+Y87+GK87,2),0) -> 0 | GO87: =IF(BI87=2,ROUND(O87+X87+Y87+GK87,2),0) -> 17651.95 | GP87: =IF(BI87=4,ROUND(O87+X87+Y87+GK87,2)+GX87,0) -> 0 | GR87: 0 | GS87: 3 | GT87: 0 | GV87: =ROUND(GT87,6) -> 0 | GW87: 1 | GX87: =ROUND(GV87*GW87*I87,2) -> 0 | HA87: 0 | HB87: 0 | IK87: 0
A88: 17 | B88: 1 | C88: =ROW(SmtRes!A98) -> 98 | D88: =ROW(EtalonRes!A86) -> 86 | E88: 8 | F88: м10-08-002-02 | G88: Извещатель ПС автоматический дымовой, фотоэлектрический, радиоизотопный, световой в нормальном исполнении | H88: ШТ | I88: 425 | J88: 0 | O88: =ROUND(CP88,2) -> 52479.98 | P88: =ROUND(CQ88*I88,2) -> 7631.94 | Q88: =ROUND(CR88*I88,2) -> 0 | R88: =ROUND(CS88*I88,2) -> 0 | S88: =ROUND(CT88*I88,2) -> 44848.04 | T88: =ROUND(CU88*I88,2) -> 0 | U88: =CV88*I88 -> 714 | V88: =CW88*I88 -> 0 | W88: =ROUND(CX88*I88,2) -> 0 | X88: =ROUND(CY88,2) -> 35878.43 | Y88: =ROUND(CZ88,2) -> 26908.82 | AA88: 16670161 | AB88: =ROUND((AC88+AD88+AF88),6) -> 18.91 | AC88: =ROUND((ES88),6) -> 2.75 | AD88: =ROUND((((ET88)-(EU88))+AE88),6) -> 0 | AE88: =ROUND((EU88),6) -> 0 | AF88: =ROUND((EV88),6) -> 16.16 | AG88: =ROUND((AP88),6) -> 0 | AH88: =(EW88) -> 1.68 | AI88: =(EX88) -> 0 | AJ88: =ROUND((AS88),6) -> 0 | AK88: 18.91 | AL88: 2.75 | AM88: 0 | AN88: 0 | AO88: 16.16 | AP88: 0 | AQ88: 1.68 | AR88: 0 | AS88: 0 | AT88: 80 | AU88: 60 | AV88: 1 | AW88: 1 | AZ88: 6.53 | BA88: 6.53 | BB88: 6.53 | BC88: 6.53 | BH88: 0 | BI88: 2 | BJ88: ФЕРм-2001, м10-08-002-02, приказ Минстроя России №1039/пр от 30.12.2016г. | BM88: 110011 | BN88: 0 | BP88: 0 | BQ88: 3 | BR88: 0 | BS88: 6.53 | BT88: 1 | BU88: 1 | BV88: 1 | BW88: 1 | BX88: 1 | BZ88: 80 | CA88: 60 | CF88: 0 | CG88: 0 | CM88: 0 | CO88: 0 | CP88: =(P88+Q88+S88) -> 52479.98 | CQ88: =AC88*BC88 -> 17.9575 | CR88: =AD88*BB88 -> 0 | CS88: =AE88*BS88 -> 0 | CT88: =AF88*BA88 -> 105.5248 | CU88: =AG88 -> 0 | CV88: =AH88 -> 1.68 | CW88: =AI88 -> 0 | CX88: =AJ88 -> 0 | CY88: =(((S88+R88)*AT88)/100) -> 35878.432 | CZ88: =(((S88+R88)*AU88)/100) -> 26908.824 | DN88: 0 | DO88: 0 | DP88: 1 | DQ88: 1 | DU88: 1013 | DV88: ШТ | DW88: ШТ | DX88: 1 | EE88: 16510417 | EF88: 3 | EG88: Монтажные работы | EH88: 0 | EJ88: 2 | EK88: 110011 | EL88: Связь: пожарно-охранная сигнализация и пром. телевиз. установки ( отделы 8 и 9 ) (при устройстве средств посадки самолетов : НР=95%, СП=55% - {АВИА}=1) | EM88: мФЕР-10 | EQ88: 0 | ER88: 18.91 | ES88: 2.75 | ET88: 0 | EU88: 0 | EV88: 16.16 | EW88: 1.68 | EX88: 0 | EY88: 0 | FQ88: 0 | FR88: =ROUND(IF(AND(BH88=3,BI88=3),P88,0),2) -> 0 | FS88: 0 | FX88: 80 | FY88: 60 | GD88: 0 | GF88: 209323162 | GG88: 1 | GH88: 1 | GI88: 4 | GJ88: 0 | GK88: =ROUND(R88*(S12)/100,2) -> 0 | GL88: =ROUND(IF(AND(BH88=3,BI88=3,FS88<>0),P88,0),2) -> 0 | GM88: =ROUND(O88+X88+Y88+GK88,2)+GX88 -> 115267.23 | GN88: =IF(OR(BI88=0,BI88=1),ROUND(O88+X88+Y88+GK88,2),0) -> 0 | GO88: =IF(BI88=2,ROUND(O88+X88+Y88+GK88,2),0) -> 115267.23 | GP88: =IF(BI88=4,ROUND(O88+X88+Y88+GK88,2)+GX88,0) -> 0 | GR88: 0 | GS88: 3 | GT88: 0 | GV88: =ROUND(GT88,6) -> 0 | GW88: 1 | GX88: =ROUND(GV88*GW88*I88,2) -> 0 | HA88: 0 | HB88: 0 | IK88: 0
A89: 18 | B89: 1 | C89: 88 | E89: 8,1 | F89: 61.2.02.01-0019 | G89: Извещатель пожарный дымовой ДИП-34А | H89: 10 шт. | I89: =I87*J89 -> 39.4 | J89: 0.092705882 | O89: =ROUND(CP89,2) -> 45909.67 | P89: =ROUND(CQ89*I89,2) -> 45909.67 | Q89: =ROUND(CR89*I89,2) -> 0 | R89: =ROUND(CS89*I89,2) -> 0 | S89: =ROUND(CT89*I89,2) -> 0 | T89: =ROUND(CU89*I89,2) -> 0 | U89: =CV89*I89 -> 0 | V89: =CW89*I89 -> 0 | W89: =ROUND(CX89*I89,2) -> 0 | X89: =ROUND(CY89,2) -> 0 | Y89: =ROUND(CZ89,2) -> 0 | AA89: 16670159 | AB89: =ROUND((AC89+AD89+AF89),6) -> 1165.22 | AC89: =ROUND((ES89),6) -> 1165.22 | AD89: =ROUND((((ET89)-(EU89))+AE89),6) -> 0 | AE89: =ROUND((EU89),6) -> 0 | AF89: =ROUND((EV89),6) -> 0 | AG89: =ROUND((AP89),6) -> 0 | AH89: =(EW89) -> 0 | AI89: =(EX89) -> 0 | AJ89: =ROUND((AS89),6) -> 0 | AK89: 1165.22 | AL89: 1165.22 | AM89: 0 | AN89: 0 | AO89: 0 | AP89: 0 | AQ89: 0 | AR89: 0 | AS89: 0 | AT89: 80 | AU89: 60 | AV89: 1 | AW89: 1 | AZ89: 1 | BA89: 1 | BB89: 1 | BC89: 1 | BH89: 3 | BI89: 2 | BJ89: ФССЦ-2001, 61.2.02.01-0019, приказ Минстроя России №1039/пр от 30.12.2016г. | BM89: 110011 | BN89: 0 | BP89: 0 | BQ89: 3 | BR89: 0 | BS89: 1 | BT89: 1 | BU89: 1 | BV89: 1 | BW89: 1 | BX89: 1 | BZ89: 80 | CA89: 60 | CF89: 0 | CG89: 0 | CM89: 0 | CO89: 0 | CP89: =(P89+Q89+S89) -> 45909.67 | CQ89: =AC89*BC89 -> 1165.22 | CR89: =AD89*BB89 -> 0 | CS89: =AE89*BS89 -> 0 | CT89: =AF89*BA89 -> 0 | CU89: =AG89 -> 0 | CV89: =AH89 -> 0 | CW89: =AI89 -> 0 | CX89: =AJ89 -> 0 | CY89: =(((S89+R89)*AT89)/100) -> 0 | CZ89: =(((S89+R89)*AU89)/100) -> 0 | DN89: 0 | DO89: 0 | DP89: 1 | DQ89: 1 | DU89: 1010 | DV89: 10 шт. | DW89: 10 шт. | DX89: 10 | EE89: 16510417 | EF89: 3 | EG89: Монтажные работы | EH89: 0 | EJ89: 2 | EK89: 110011 | EL89: Связь: пожарно-охранная сигнализация и пром. телевиз. установки ( отделы 8 и 9 ) (при устройстве средств посадки самолетов : НР=95%, СП=55% - {АВИА}=1) | EM89: мФЕР-10 | EQ89: 0 | ER89: 1165.22 | ES89: 1165.22 | ET89: 0 | EU89: 0 | EV89: 0 | EW89: 0 | EX89: 0 | FQ89: 0 | FR89: =ROUND(IF(AND(BH89=3,BI89=3),P89,0),2) -> 0 | FS89: 0 | FX89: 80 | FY89: 60 | GD89: 0 | GF89: -1785852769 | GG89: 1 | GH89: 1 | GI89: -2 | GJ89: 0 | GK89: =ROUND(R89*(R12)/100,2) -> 0 | GL89: =ROUND(IF(AND(BH89=3,BI89=3,FS89<>0),P89,0),2) -> 0 | GM89: =ROUND(O89+X89+Y89+GK89,2)+GX89 -> 45909.67 | GN89: =IF(OR(BI89=0,BI89=1),ROUND(O89+X89+Y89+GK89,2),0) -> 0 | GO89: =IF(BI89=2,ROUND(O89+X89+Y89+GK89,2),0) -> 45909.67 | GP89: =IF(BI89=4,ROUND(O89+X89+Y89+GK89,2)+GX89,0) -> 0 | GR89: 0 | GS89: 3 | GT89: 0 | GV89: =ROUND(GT89,6) -> 0 | GW89: 1 | GX89: =ROUND(GV89*GW89*I89,2) -> 0 | HA89: 0 | HB89: 0 | IK89: 0
A90: 18 | B90: 1 | C90: 96 | E90: 8,1 | F90: 61.2.02.01-0019 | G90: Извещатель пожарный дымовой ДИП-34А | H90: 10 шт. | I90: =I88*J90 -> 39.4 | J90: 0.092705882 | O90: =ROUND(CP90,2) -> 299790.13 | P90: =ROUND(CQ90*I90,2) -> 299790.13 | Q90: =ROUND(CR90*I90,2) -> 0 | R90: =ROUND(CS90*I90,2) -> 0 | S90: =ROUND(CT90*I90,2) -> 0 | T90: =ROUND(CU90*I90,2) -> 0 | U90: =CV90*I90 -> 0 | V90: =CW90*I90 -> 0 | W90: =ROUND(CX90*I90,2) -> 0 | X90: =ROUND(CY90,2) -> 0 | Y90: =ROUND(CZ90,2) -> 0 | AA90: 16670161 | AB90: =ROUND((AC90+AD90+AF90),6) -> 1165.22 | AC90: =ROUND((ES90),6) -> 1165.22 | AD90: =ROUND((((ET90)-(EU90))+AE90),6) -> 0 | AE90: =ROUND((EU90),6) -> 0 | AF90: =ROUND((EV90),6) -> 0 | AG90: =ROUND((AP90),6) -> 0 | AH90: =(EW90) -> 0 | AI90: =(EX90) -> 0 | AJ90: =ROUND((AS90),6) -> 0 | AK90: 1165.22 | AL90: 1165.22 | AM90: 0 | AN90: 0 | AO90: 0 | AP90: 0 | AQ90: 0 | AR90: 0 | AS90: 0 | AT90: 80 | AU90: 60 | AV90: 1 | AW90: 1 | AZ90: 6.53 | BA90: 1 | BB90: 1 | BC90: 6.53 | BH90: 3 | BI90: 2 | BJ90: ФССЦ-2001, 61.2.02.01-0019, приказ Минстроя России №1039/пр от 30.12.2016г. | BM90: 110011 | BN90: 0 | BP90: 0 | BQ90: 3 | BR90: 0 | BS90: 1 | BT90: 1 | BU90: 1 | BV90: 1 | BW90: 1 | BX90: 1 | BZ90: 80 | CA90: 60 | CF90: 0 | CG90: 0 | CM90: 0 | CO90: 0 | CP90: =(P90+Q90+S90) -> 299790.13 | CQ90: =AC90*BC90 -> 7608.8866 | CR90: =AD90*BB90 -> 0 | CS90: =AE90*BS90 -> 0 | CT90: =AF90*BA90 -> 0 | CU90: =AG90 -> 0 | CV90: =AH90 -> 0 | CW90: =AI90 -> 0 | CX90: =AJ90 -> 0 | CY90: =(((S90+R90)*AT90)/100) -> 0 | CZ90: =(((S90+R90)*AU90)/100) -> 0 | DN90: 0 | DO90: 0 | DP90: 1 | DQ90: 1 | DU90: 1010 | DV90: 10 шт. | DW90: 10 шт. | DX90: 10 | EE90: 16510417 | EF90: 3 | EG90: Монтажные работы | EH90: 0 | EJ90: 2 | EK90: 110011 | EL90: Связь: пожарно-охранная сигнализация и пром. телевиз. установки ( отделы 8 и 9 ) (при устройстве средств посадки самолетов : НР=95%, СП=55% - {АВИА}=1) | EM90: мФЕР-10 | EQ90: 0 | ER90: 1165.22 | ES90: 1165.22 | ET90: 0 | EU90: 0 | EV90: 0 | EW90: 0 | EX90: 0 | FQ90: 0 | FR90: =ROUND(IF(AND(BH90=3,BI90=3),P90,0),2) -> 0 | FS90: 0 | FX90: 80 | FY90: 60 | GD90: 0 | GF90: -1785852769 | GG90: 1 | GH90: 1 | GI90: 4 | GJ90: 0 | GK90: =ROUND(R90*(S12)/100,2) -> 0 | GL90: =ROUND(IF(AND(BH90=3,BI90=3,FS90<>0),P90,0),2) -> 0 | GM90: =ROUND(O90+X90+Y90+GK90,2)+GX90 -> 299790.13 | GN90: =IF(OR(BI90=0,BI90=1),ROUND(O90+X90+Y90+GK90,2),0) -> 0 | GO90: =IF(BI90=2,ROUND(O90+X90+Y90+GK90,2),0) -> 299790.13 | GP90: =IF(BI90=4,ROUND(O90+X90+Y90+GK90,2)+GX90,0) -> 0 | GR90: 0 | GS90: 3 | GT90: 0 | GV90: =ROUND(GT90,6) -> 0 | GW90: 1 | GX90: =ROUND(GV90*GW90*I90,2) -> 0 | HA90: 0 | HB90: 0 | IK90: 0
A91: 18 | B91: 1 | C91: 89 | E91: 8,2 | F91: 61.2.02.03-0037 | G91: Извещатель пожарный ручной ИПР 513-3А исп. 02 | H91: 10 шт. | I91: =I87*J91 -> 3.1 | J91: 0.0072941176 | O91: =ROUND(CP91,2) -> 3305.93 | P91: =ROUND(CQ91*I91,2) -> 3305.93 | Q91: =ROUND(CR91*I91,2) -> 0 | R91: =ROUND(CS91*I91,2) -> 0 | S91: =ROUND(CT91*I91,2) -> 0 | T91: =ROUND(CU91*I91,2) -> 0 | U91: =CV91*I91 -> 0 | V91: =CW91*I91 -> 0 | W91: =ROUND(CX91*I91,2) -> 0 | X91: =ROUND(CY91,2) -> 0 | Y91: =ROUND(CZ91,2) -> 0 | AA91: 16670159 | AB91: =ROUND((AC91+AD91+AF91),6) -> 1066.43 | AC91: =ROUND((ES91),6) -> 1066.43 | AD91: =ROUND((((ET91)-(EU91))+AE91),6) -> 0 | AE91: =ROUND((EU91),6) -> 0 | AF91: =ROUND((EV91),6) -> 0 | AG91: =ROUND((AP91),6) -> 0 | AH91: =(EW91) -> 0 | AI91: =(EX91) -> 0 | AJ91: =ROUND((AS91),6) -> 0 | AK91: 1066.43 | AL91: 1066.43 | AM91: 0 | AN91: 0 | AO91: 0 | AP91: 0 | AQ91: 0 | AR91: 0 | AS91: 0 | AT91: 80 | AU91: 60 | AV91: 1 | AW91: 1 | AZ91: 1 | BA91: 1 | BB91: 1 | BC91: 1 | BH91: 3 | BI91: 2 | BJ91: ФССЦ-2001, 61.2.02.03-0037, приказ Минстроя России №1039/пр от 30.12.2016г. | BM91: 110011 | BN91: 0 | BP91: 0 | BQ91: 3 | BR91: 0 | BS91: 1 | BT91: 1 | BU91: 1 | BV91: 1 | BW91: 1 | BX91: 1 | BZ91: 80 | CA91: 60 | CF91: 0 | CG91: 0 | CM91: 0 | CO91: 0 | CP91: =(P91+Q91+S91) -> 3305.93 | CQ91: =AC91*BC91 -> 1066.43 | CR91: =AD91*BB91 -> 0 | CS91: =AE91*BS91 -> 0 | CT91: =AF91*BA91 -> 0 | CU91: =AG91 -> 0 | CV91: =AH91 -> 0 | CW91: =AI91 -> 0 | CX91: =AJ91 -> 0 | CY91: =(((S91+R91)*AT91)/100) -> 0 | CZ91: =(((S91+R91)*AU91)/100) -> 0 | DN91: 0 | DO91: 0 | DP91: 1 | DQ91: 1 | DU91: 1010 | DV91: 10 шт. | DW91: 10 шт. | DX91: 10 | EE91: 16510417 | EF91: 3 | EG91: Монтажные работы | EH91: 0 | EJ91: 2 | EK91: 110011 | EL91: Связь: пожарно-охранная сигнализация и пром. телевиз. установки ( отделы 8 и 9 ) (при устройстве средств посадки самолетов : НР=95%, СП=55% - {АВИА}=1) | EM91: мФЕР-10 | EQ91: 0 | ER91: 1066.43 | ES91: 1066.43 | ET91: 0 | EU91: 0 | EV91: 0 | EW91: 0 | EX91: 0 | FQ91: 0 | FR91: =ROUND(IF(AND(BH91=3,BI91=3),P91,0),2) -> 0 | FS91: 0 | FX91: 80 | FY91: 60 | GD91: 0 | GF91: 420604873 | GG91: 1 | GH91: 1 | GI91: -2 | GJ91: 0 | GK91: =ROUND(R91*(R12)/100,2) -> 0 | GL91: =ROUND(IF(AND(BH91=3,BI91=3,FS91<>0),P91,0),2) -> 0 | GM91: =ROUND(O91+X91+Y91+GK91,2)+GX91 -> 3305.93 | GN91: =IF(OR(BI91=0,BI91=1),ROUND(O91+X91+Y91+GK91,2),0) -> 0 | GO91: =IF(BI91=2,ROUND(O91+X91+Y91+GK91,2),0) -> 3305.93 | GP91: =IF(BI91=4,ROUND(O91+X91+Y91+GK91,2)+GX91,0) -> 0 | GR91: 0 | GS91: 3 | GT91: 0 | GV91: =ROUND(GT91,6) -> 0 | GW91: 1 | GX91: =ROUND(GV91*GW91*I91,2) -> 0 | HA91: 0 | HB91: 0 | IK91: 0
A92: 18 | B92: 1 | C92: 97 | E92: 8,2 | F92: 61.2.02.03-0037 | G92: Извещатель пожарный ручной ИПР 513-3А исп. 02 | H92: 10 шт. | I92: =I88*J92 -> 3.1 | J92: 0.0072941176 | O92: =ROUND(CP92,2) -> 21587.74 | P92: =ROUND(CQ92*I92,2) -> 21587.74 | Q92: =ROUND(CR92*I92,2) -> 0 | R92: =ROUND(CS92*I92,2) -> 0 | S92: =ROUND(CT92*I92,2) -> 0 | T92: =ROUND(CU92*I92,2) -> 0 | U92: =CV92*I92 -> 0 | V92: =CW92*I92 -> 0 | W92: =ROUND(CX92*I92,2) -> 0 | X92: =ROUND(CY92,2) -> 0 | Y92: =ROUND(CZ92,2) -> 0 | AA92: 16670161 | AB92: =ROUND((AC92+AD92+AF92),6) -> 1066.43 | AC92: =ROUND((ES92),6) -> 1066.43 | AD92: =ROUND((((ET92)-(EU92))+AE92),6) -> 0 | AE92: =ROUND((EU92),6) -> 0 | AF92: =ROUND((EV92),6) -> 0 | AG92: =ROUND((AP92),6) -> 0 | AH92: =(EW92) -> 0 | AI92: =(EX92) -> 0 | AJ92: =ROUND((AS92),6) -> 0 | AK92: 1066.43 | AL92: 1066.43 | AM92: 0 | AN92: 0 | AO92: 0 | AP92: 0 | AQ92: 0 | AR92: 0 | AS92: 0 | AT92: 80 | AU92: 60 | AV92: 1 | AW92: 1 | AZ92: 6.53 | BA92: 1 | BB92: 1 | BC92: 6.53 | BH92: 3 | BI92: 2 | BJ92: ФССЦ-2001, 61.2.02.03-0037, приказ Минстроя России №1039/пр от 30.12.2016г. | BM92: 110011 | BN92: 0 | BP92: 0 | BQ92: 3 | BR92: 0 | BS92: 1 | BT92: 1 | BU92: 1 | BV92: 1 | BW92: 1 | BX92: 1 | BZ92: 80 | CA92: 60 | CF92: 0 | CG92: 0 | CM92: 0 | CO92: 0 | CP92: =(P92+Q92+S92) -> 21587.74 | CQ92: =AC92*BC92 -> 6963.7879 | CR92: =AD92*BB92 -> 0 | CS92: =AE92*BS92 -> 0 | CT92: =AF92*BA92 -> 0 | CU92: =AG92 -> 0 | CV92: =AH92 -> 0 | CW92: =AI92 -> 0 | CX92: =AJ92 -> 0 | CY92: =(((S92+R92)*AT92)/100) -> 0 | CZ92: =(((S92+R92)*AU92)/100) -> 0 | DN92: 0 | DO92: 0 | DP92: 1 | DQ92: 1 | DU92: 1010 | DV92: 10 шт. | DW92: 10 шт. | DX92: 10 | EE92: 16510417 | EF92: 3 | EG92: Монтажные работы | EH92: 0 | EJ92: 2 | EK92: 110011 | EL92: Связь: пожарно-охранная сигнализация и пром. телевиз. установки ( отделы 8 и 9 ) (при устройстве средств посадки самолетов : НР=95%, СП=55% - {АВИА}=1) | EM92: мФЕР-10 | EQ92: 0 | ER92: 1066.43 | ES92: 1066.43 | ET92: 0 | EU92: 0 | EV92: 0 | EW92: 0 | EX92: 0 | FQ92: 0 | FR92: =ROUND(IF(AND(BH92=3,BI92=3),P92,0),2) -> 0 | FS92: 0 | FX92: 80 | FY92: 60 | GD92: 0 | GF92: 420604873 | GG92: 1 | GH92: 1 | GI92: 4 | GJ92: 0 | GK92: =ROUND(R92*(S12)/100,2) -> 0 | GL92: =ROUND(IF(AND(BH92=3,BI92=3,FS92<>0),P92,0),2) -> 0 | GM92: =ROUND(O92+X92+Y92+GK92,2)+GX92 -> 21587.74 | GN92: =IF(OR(BI92=0,BI92=1),ROUND(O92+X92+Y92+GK92,2),0) -> 0 | GO92: =IF(BI92=2,ROUND(O92+X92+Y92+GK92,2),0) -> 21587.74 | GP92: =IF(BI92=4,ROUND(O92+X92+Y92+GK92,2)+GX92,0) -> 0 | GR92: 0 | GS92: 3 | GT92: 0 | GV92: =ROUND(GT92,6) -> 0 | GW92: 1 | GX92: =ROUND(GV92*GW92*I92,2) -> 0 | HA92: 0 | HB92: 0 | IK92: 0
A93: 17 | B93: 1 | C93: =ROW(SmtRes!A107) -> 107 | D93: =ROW(EtalonRes!A93) -> 93 | E93: 9 | F93: м10-08-002-01 | G93: Извещатель ПС автоматический тепловой электро-контактный, магнитоконтактный в нормальном исполнении | H93: ШТ | I93: 11 | J93: 0 | O93: =ROUND(CP93,2) -> 102.96 | P93: =ROUND(CQ93*I93,2) -> 14.08 | Q93: =ROUND(CR93*I93,2) -> 0 | R93: =ROUND(CS93*I93,2) -> 0 | S93: =ROUND(CT93*I93,2) -> 88.88 | T93: =ROUND(CU93*I93,2) -> 0 | U93: =CV93*I93 -> 9.24 | V93: =CW93*I93 -> 0 | W93: =ROUND(CX93*I93,2) -> 0 | X93: =ROUND(CY93,2) -> 71.1 | Y93: =ROUND(CZ93,2) -> 53.33 | AA93: 16670159 | AB93: =ROUND((AC93+AD93+AF93),6) -> 9.36 | AC93: =ROUND((ES93),6) -> 1.28 | AD93: =ROUND((((ET93)-(EU93))+AE93),6) -> 0 | AE93: =ROUND((EU93),6) -> 0 | AF93: =ROUND((EV93),6) -> 8.08 | AG93: =ROUND((AP93),6) -> 0 | AH93: =(EW93) -> 0.84 | AI93: =(EX93) -> 0 | AJ93: =ROUND((AS93),6) -> 0 | AK93: 9.36 | AL93: 1.28 | AM93: 0 | AN93: 0 | AO93: 8.08 | AP93: 0 | AQ93: 0.84 | AR93: 0 | AS93: 0 | AT93: 80 | AU93: 60 | AV93: 1 | AW93: 1 | AZ93: 1 | BA93: 1 | BB93: 1 | BC93: 1 | BH93: 0 | BI93: 2 | BJ93: ФЕРм-2001, м10-08-002-01, приказ Минстроя России №1039/пр от 30.12.2016г. | BM93: 110011 | BN93: 0 | BP93: 0 | BQ93: 3 | BR93: 0 | BS93: 1 | BT93: 1 | BU93: 1 | BV93: 1 | BW93: 1 | BX93: 1 | BZ93: 80 | CA93: 60 | CF93: 0 | CG93: 0 | CM93: 0 | CO93: 0 | CP93: =(P93+Q93+S93) -> 102.96 | CQ93: =AC93*BC93 -> 1.28 | CR93: =AD93*BB93 -> 0 | CS93: =AE93*BS93 -> 0 | CT93: =AF93*BA93 -> 8.08 | CU93: =AG93 -> 0 | CV93: =AH93 -> 0.84 | CW93: =AI93 -> 0 | CX93: =AJ93 -> 0 | CY93: =(((S93+R93)*AT93)/100) -> 71.104 | CZ93: =(((S93+R93)*AU93)/100) -> 53.328 | DN93: 0 | DO93: 0 | DP93: 1 | DQ93: 1 | DU93: 1013 | DV93: ШТ | DW93: ШТ | DX93: 1 | EE93: 16510417 | EF93: 3 | EG93: Монтажные работы | EH93: 0 | EJ93: 2 | EK93: 110011 | EL93: Связь: пожарно-охранная сигнализация и пром. телевиз. установки ( отделы 8 и 9 ) (при устройстве средств посадки самолетов : НР=95%, СП=55% - {АВИА}=1) | EM93: мФЕР-10 | EQ93: 0 | ER93: 9.36 | ES93: 1.28 | ET93: 0 | EU93: 0 | EV93: 8.08 | EW93: 0.84 | EX93: 0 | EY93: 0 | FQ93: 0 | FR93: =ROUND(IF(AND(BH93=3,BI93=3),P93,0),2) -> 0 | FS93: 0 | FX93: 80 | FY93: 60 | GD93: 0 | GF93: 630951089 | GG93: 1 | GH93: 1 | GI93: -2 | GJ93: 0 | GK93: =ROUND(R93*(R12)/100,2) -> 0 | GL93: =ROUND(IF(AND(BH93=3,BI93=3,FS93<>0),P93,0),2) -> 0 | GM93: =ROUND(O93+X93+Y93+GK93,2)+GX93 -> 227.39 | GN93: =IF(OR(BI93=0,BI93=1),ROUND(O93+X93+Y93+GK93,2),0) -> 0 | GO93: =IF(BI93=2,ROUND(O93+X93+Y93+GK93,2),0) -> 227.39 | GP93: =IF(BI93=4,ROUND(O93+X93+Y93+GK93,2)+GX93,0) -> 0 | GR93: 0 | GS93: 3 | GT93: 0 | GV93: =ROUND(GT93,6) -> 0 | GW93: 1 | GX93: =ROUND(GV93*GW93*I93,2) -> 0 | HA93: 0 | HB93: 0 | IK93: 0
A94: 17 | B94: 1 | C94: =ROW(SmtRes!A116) -> 116 | D94: =ROW(EtalonRes!A100) -> 100 | E94: 9 | F94: м10-08-002-01 | G94: Извещатель ПС автоматический тепловой электро-контактный, магнитоконтактный в нормальном исполнении | H94: ШТ | I94: 11 | J94: 0 | O94: =ROUND(CP94,2) -> 672.33 | P94: =ROUND(CQ94*I94,2) -> 91.94 | Q94: =ROUND(CR94*I94,2) -> 0 | R94: =ROUND(CS94*I94,2) -> 0 | S94: =ROUND(CT94*I94,2) -> 580.39 | T94: =ROUND(CU94*I94,2) -> 0 | U94: =CV94*I94 -> 9.24 | V94: =CW94*I94 -> 0 | W94: =ROUND(CX94*I94,2) -> 0 | X94: =ROUND(CY94,2) -> 464.31 | Y94: =ROUND(CZ94,2) -> 348.23 | AA94: 16670161 | AB94: =ROUND((AC94+AD94+AF94),6) -> 9.36 | AC94: =ROUND((ES94),6) -> 1.28 | AD94: =ROUND((((ET94)-(EU94))+AE94),6) -> 0 | AE94: =ROUND((EU94),6) -> 0 | AF94: =ROUND((EV94),6) -> 8.08 | AG94: =ROUND((AP94),6) -> 0 | AH94: =(EW94) -> 0.84 | AI94: =(EX94) -> 0 | AJ94: =ROUND((AS94),6) -> 0 | AK94: 9.36 | AL94: 1.28 | AM94: 0 | AN94: 0 | AO94: 8.08 | AP94: 0 | AQ94: 0.84 | AR94: 0 | AS94: 0 | AT94: 80 | AU94: 60 | AV94: 1 | AW94: 1 | AZ94: 6.53 | BA94: 6.53 | BB94: 6.53 | BC94: 6.53 | BH94: 0 | BI94: 2 | BJ94: ФЕРм-2001, м10-08-002-01, приказ Минстроя России №1039/пр от 30.12.2016г. | BM94: 110011 | BN94: 0 | BP94: 0 | BQ94: 3 | BR94: 0 | BS94: 6.53 | BT94: 1 | BU94: 1 | BV94: 1 | BW94: 1 | BX94: 1 | BZ94: 80 | CA94: 60 | CF94: 0 | CG94: 0 | CM94: 0 | CO94: 0 | CP94: =(P94+Q94+S94) -> 672.33 | CQ94: =AC94*BC94 -> 8.3584 | CR94: =AD94*BB94 -> 0 | CS94: =AE94*BS94 -> 0 | CT94: =AF94*BA94 -> 52.7624 | CU94: =AG94 -> 0 | CV94: =AH94 -> 0.84 | CW94: =AI94 -> 0 | CX94: =AJ94 -> 0 | CY94: =(((S94+R94)*AT94)/100) -> 464.312 | CZ94: =(((S94+R94)*AU94)/100) -> 348.234 | DN94: 0 | DO94: 0 | DP94: 1 | DQ94: 1 | DU94: 1013 | DV94: ШТ | DW94: ШТ | DX94: 1 | EE94: 16510417 | EF94: 3 | EG94: Монтажные работы | EH94: 0 | EJ94: 2 | EK94: 110011 | EL94: Связь: пожарно-охранная сигнализация и пром. телевиз. установки ( отделы 8 и 9 ) (при устройстве средств посадки самолетов : НР=95%, СП=55% - {АВИА}=1) | EM94: мФЕР-10 | EQ94: 0 | ER94: 9.36 | ES94: 1.28 | ET94: 0 | EU94: 0 | EV94: 8.08 | EW94: 0.84 | EX94: 0 | EY94: 0 | FQ94: 0 | FR94: =ROUND(IF(AND(BH94=3,BI94=3),P94,0),2) -> 0 | FS94: 0 | FX94: 80 | FY94: 60 | GD94: 0 | GF94: 630951089 | GG94: 1 | GH94: 1 | GI94: 4 | GJ94: 0 | GK94: =ROUND(R94*(S12)/100,2) -> 0 | GL94: =ROUND(IF(AND(BH94=3,BI94=3,FS94<>0),P94,0),2) -> 0 | GM94: =ROUND(O94+X94+Y94+GK94,2)+GX94 -> 1484.87 | GN94: =IF(OR(BI94=0,BI94=1),ROUND(O94+X94+Y94+GK94,2),0) -> 0 | GO94: =IF(BI94=2,ROUND(O94+X94+Y94+GK94,2),0) -> 1484.87 | GP94: =IF(BI94=4,ROUND(O94+X94+Y94+GK94,2)+GX94,0) -> 0 | GR94: 0 | GS94: 3 | GT94: 0 | GV94: =ROUND(GT94,6) -> 0 | GW94: 1 | GX94: =ROUND(GV94*GW94*I94,2) -> 0 | HA94: 0 | HB94: 0 | IK94: 0
A95: 18 | B95: 1 | C95: 105 | E95: 9,1 | F95: 61.2.02.02-0051 | G95: Извещатель пожарный тепловой максимально- дифференциальный адресно-аналоговый, марка "С2000-ИП" | H95: шт. | I95: =I93*J95 -> 7 | J95: 0.63636364 | O95: =ROUND(CP95,2) -> 961.38 | P95: =ROUND(CQ95*I95,2) -> 961.38 | Q95: =ROUND(CR95*I95,2) -> 0 | R95: =ROUND(CS95*I95,2) -> 0 | S95: =ROUND(CT95*I95,2) -> 0 | T95: =ROUND(CU95*I95,2) -> 0 | U95: =CV95*I95 -> 0 | V95: =CW95*I95 -> 0 | W95: =ROUND(CX95*I95,2) -> 0 | X95: =ROUND(CY95,2) -> 0 | Y95: =ROUND(CZ95,2) -> 0 | AA95: 16670159 | AB95: =ROUND((AC95+AD95+AF95),6) -> 137.34 | AC95: =ROUND((ES95),6) -> 137.34 | AD95: =ROUND((((ET95)-(EU95))+AE95),6) -> 0 | AE95: =ROUND((EU95),6) -> 0 | AF95: =ROUND((EV95),6) -> 0 | AG95: =ROUND((AP95),6) -> 0 | AH95: =(EW95) -> 0 | AI95: =(EX95) -> 0 | AJ95: =ROUND((AS95),6) -> 0 | AK95: 137.34 | AL95: 137.34 | AM95: 0 | AN95: 0 | AO95: 0 | AP95: 0 | AQ95: 0 | AR95: 0 | AS95: 0 | AT95: 80 | AU95: 60 | AV95: 1 | AW95: 1 | AZ95: 1 | BA95: 1 | BB95: 1 | BC95: 1 | BH95: 3 | BI95: 2 | BJ95: ФССЦ-2001, 61.2.02.02-0051, приказ Минстроя России №1039/пр от 30.12.2016г. | BM95: 110011 | BN95: 0 | BP95: 0 | BQ95: 3 | BR95: 0 | BS95: 1 | BT95: 1 | BU95: 1 | BV95: 1 | BW95: 1 | BX95: 1 | BZ95: 80 | CA95: 60 | CF95: 0 | CG95: 0 | CM95: 0 | CO95: 0 | CP95: =(P95+Q95+S95) -> 961.38 | CQ95: =AC95*BC95 -> 137.34 | CR95: =AD95*BB95 -> 0 | CS95: =AE95*BS95 -> 0 | CT95: =AF95*BA95 -> 0 | CU95: =AG95 -> 0 | CV95: =AH95 -> 0 | CW95: =AI95 -> 0 | CX95: =AJ95 -> 0 | CY95: =(((S95+R95)*AT95)/100) -> 0 | CZ95: =(((S95+R95)*AU95)/100) -> 0 | DN95: 0 | DO95: 0 | DP95: 1 | DQ95: 1 | DU95: 1010 | DV95: шт. | DW95: шт. | DX95: 1 | EE95: 16510417 | EF95: 3 | EG95: Монтажные работы | EH95: 0 | EJ95: 2 | EK95: 110011 | EL95: Связь: пожарно-охранная сигнализация и пром. телевиз. установки ( отделы 8 и 9 ) (при устройстве средств посадки самолетов : НР=95%, СП=55% - {АВИА}=1) | EM95: мФЕР-10 | EQ95: 0 | ER95: 137.34 | ES95: 137.34 | ET95: 0 | EU95: 0 | EV95: 0 | EW95: 0 | EX95: 0 | FQ95: 0 | FR95: =ROUND(IF(AND(BH95=3,BI95=3),P95,0),2) -> 0 | FS95: 0 | FX95: 80 | FY95: 60 | GD95: 0 | GF95: 969383451 | GG95: 1 | GH95: 1 | GI95: -2 | GJ95: 0 | GK95: =ROUND(R95*(R12)/100,2) -> 0 | GL95: =ROUND(IF(AND(BH95=3,BI95=3,FS95<>0),P95,0),2) -> 0 | GM95: =ROUND(O95+X95+Y95+GK95,2)+GX95 -> 961.38 | GN95: =IF(OR(BI95=0,BI95=1),ROUND(O95+X95+Y95+GK95,2),0) -> 0 | GO95: =IF(BI95=2,ROUND(O95+X95+Y95+GK95,2),0) -> 961.38 | GP95: =IF(BI95=4,ROUND(O95+X95+Y95+GK95,2)+GX95,0) -> 0 | GR95: 0 | GS95: 3 | GT95: 0 | GV95: =ROUND(GT95,6) -> 0 | GW95: 1 | GX95: =ROUND(GV95*GW95*I95,2) -> 0 | HA95: 0 | HB95: 0 | IK95: 0
A96: 18 | B96: 1 | C96: 114 | E96: 9,1 | F96: 61.2.02.02-0051 | G96: Извещатель пожарный тепловой максимально- дифференциальный адресно-аналоговый, марка "С2000-ИП" | H96: шт. | I96: =I94*J96 -> 7 | J96: 0.63636364 | O96: =ROUND(CP96,2) -> 6277.81 | P96: =ROUND(CQ96*I96,2) -> 6277.81 | Q96: =ROUND(CR96*I96,2) -> 0 | R96: =ROUND(CS96*I96,2) -> 0 | S96: =ROUND(CT96*I96,2) -> 0 | T96: =ROUND(CU96*I96,2) -> 0 | U96: =CV96*I96 -> 0 | V96: =CW96*I96 -> 0 | W96: =ROUND(CX96*I96,2) -> 0 | X96: =ROUND(CY96,2) -> 0 | Y96: =ROUND(CZ96,2) -> 0 | AA96: 16670161 | AB96: =ROUND((AC96+AD96+AF96),6) -> 137.34 | AC96: =ROUND((ES96),6) -> 137.34 | AD96: =ROUND((((ET96)-(EU96))+AE96),6) -> 0 | AE96: =ROUND((EU96),6) -> 0 | AF96: =ROUND((EV96),6) -> 0 | AG96: =ROUND((AP96),6) -> 0 | AH96: =(EW96) -> 0 | AI96: =(EX96) -> 0 | AJ96: =ROUND((AS96),6) -> 0 | AK96: 137.34 | AL96: 137.34 | AM96: 0 | AN96: 0 | AO96: 0 | AP96: 0 | AQ96: 0 | AR96: 0 | AS96: 0 | AT96: 80 | AU96: 60 | AV96: 1 | AW96: 1 | AZ96: 6.53 | BA96: 1 | BB96: 1 | BC96: 6.53 | BH96: 3 | BI96: 2 | BJ96: ФССЦ-2001, 61.2.02.02-0051, приказ Минстроя России №1039/пр от 30.12.2016г. | BM96: 110011 | BN96: 0 | BP96: 0 | BQ96: 3 | BR96: 0 | BS96: 1 | BT96: 1 | BU96: 1 | BV96: 1 | BW96: 1 | BX96: 1 | BZ96: 80 | CA96: 60 | CF96: 0 | CG96: 0 | CM96: 0 | CO96: 0 | CP96: =(P96+Q96+S96) -> 6277.81 | CQ96: =AC96*BC96 -> 896.8302 | CR96: =AD96*BB96 -> 0 | CS96: =AE96*BS96 -> 0 | CT96: =AF96*BA96 -> 0 | CU96: =AG96 -> 0 | CV96: =AH96 -> 0 | CW96: =AI96 -> 0 | CX96: =AJ96 -> 0 | CY96: =(((S96+R96)*AT96)/100) -> 0 | CZ96: =(((S96+R96)*AU96)/100) -> 0 | DN96: 0 | DO96: 0 | DP96: 1 | DQ96: 1 | DU96: 1010 | DV96: шт. | DW96: шт. | DX96: 1 | EE96: 16510417 | EF96: 3 | EG96: Монтажные работы | EH96: 0 | EJ96: 2 | EK96: 110011 | EL96: Связь: пожарно-охранная сигнализация и пром. телевиз. установки ( отделы 8 и 9 ) (при устройстве средств посадки самолетов : НР=95%, СП=55% - {АВИА}=1) | EM96: мФЕР-10 | EQ96: 0 | ER96: 137.34 | ES96: 137.34 | ET96: 0 | EU96: 0 | EV96: 0 | EW96: 0 | EX96: 0 | FQ96: 0 | FR96: =ROUND(IF(AND(BH96=3,BI96=3),P96,0),2) -> 0 | FS96: 0 | FX96: 80 | FY96: 60 | GD96: 0 | GF96: 969383451 | GG96: 1 | GH96: 1 | GI96: 4 | GJ96: 0 | GK96: =ROUND(R96*(S12)/100,2) -> 0 | GL96: =ROUND(IF(AND(BH96=3,BI96=3,FS96<>0),P96,0),2) -> 0 | GM96: =ROUND(O96+X96+Y96+GK96,2)+GX96 -> 6277.81 | GN96: =IF(OR(BI96=0,BI96=1),ROUND(O96+X96+Y96+GK96,2),0) -> 0 | GO96: =IF(BI96=2,ROUND(O96+X96+Y96+GK96,2),0) -> 6277.81 | GP96: =IF(BI96=4,ROUND(O96+X96+Y96+GK96,2)+GX96,0) -> 0 | GR96: 0 | GS96: 3 | GT96: 0 | GV96: =ROUND(GT96,6) -> 0 | GW96: 1 | GX96: =ROUND(GV96*GW96*I96,2) -> 0 | HA96: 0 | HB96: 0 | IK96: 0
A97: 18 | B97: 1 | C97: 107 | E97: 9,2 | F97: Цена поставщика | G97: Извещатель пожарный пламени многодиапазонный ИК/УФ адресный С2000-Спектрон-607 | H97: ШТ | I97: =I93*J97 -> 4 | J97: 0.36363636 | O97: =ROUND(CP97,2) -> 0 | P97: =ROUND(CQ97*I97,2) -> 0 | Q97: =ROUND(CR97*I97,2) -> 0 | R97: =ROUND(CS97*I97,2) -> 0 | S97: =ROUND(CT97*I97,2) -> 0 | T97: =ROUND(CU97*I97,2) -> 0 | U97: =CV97*I97 -> 0 | V97: =CW97*I97 -> 0 | W97: =ROUND(CX97*I97,2) -> 0 | X97: =ROUND(CY97,2) -> 0 | Y97: =ROUND(CZ97,2) -> 0 | AA97: 16670159 | AB97: =ROUND((AC97+AD97+AF97),6) -> 0 | AC97: =ROUND((ES97),6) -> 0 | AD97: =ROUND((((ET97)-(EU97))+AE97),6) -> 0 | AE97: =ROUND((EU97),6) -> 0 | AF97: =ROUND((EV97),6) -> 0 | AG97: =ROUND((AP97),6) -> 0 | AH97: =(EW97) -> 0 | AI97: =(EX97) -> 0 | AJ97: =ROUND((AS97),6) -> 0 | AK97: 0 | AL97: 0 | AM97: 0 | AN97: 0 | AO97: 0 | AP97: 0 | AQ97: 0 | AR97: 0 | AS97: 0 | AT97: 80 | AU97: 60 | AV97: 1 | AW97: 1 | AZ97: 1 | BA97: 1 | BB97: 1 | BC97: 1 | BH97: 3 | BI97: 2 | BM97: 110011 | BN97: 0 | BP97: 0 | BQ97: 3 | BR97: 0 | BS97: 1 | BT97: 1 | BU97: 1 | BV97: 1 | BW97: 1 | BX97: 1 | BZ97: 80 | CA97: 60 | CF97: 0 | CG97: 0 | CM97: 0 | CO97: 0 | CP97: =(P97+Q97+S97) -> 0 | CQ97: =AC97*BC97 -> 0 | CR97: =AD97*BB97 -> 0 | CS97: =AE97*BS97 -> 0 | CT97: =AF97*BA97 -> 0 | CU97: =AG97 -> 0 | CV97: =AH97 -> 0 | CW97: =AI97 -> 0 | CX97: =AJ97 -> 0 | CY97: =(((S97+R97)*AT97)/100) -> 0 | CZ97: =(((S97+R97)*AU97)/100) -> 0 | DN97: 0 | DO97: 0 | DP97: 1 | DQ97: 1 | DU97: 1013 | DV97: ШТ | DW97: ШТ | DX97: 1 | EE97: 16510417 | EF97: 3 | EG97: Монтажные работы | EH97: 0 | EJ97: 2 | EK97: 110011 | EL97: Связь: пожарно-охранная сигнализация и пром. телевиз. установки ( отделы 8 и 9 ) (при устройстве средств посадки самолетов : НР=95%, СП=55% - {АВИА}=1) | EM97: мФЕР-10 | EQ97: 0 | ER97: 0 | ES97: 0 | ET97: 0 | EU97: 0 | EV97: 0 | EW97: 0 | EX97: 0 | FQ97: 0 | FR97: =ROUND(IF(AND(BH97=3,BI97=3),P97,0),2) -> 0 | FS97: 0 | FX97: 80 | FY97: 60 | GD97: 0 | GF97: 531291700 | GG97: 1 | GH97: 0 | GI97: -2 | GJ97: 0 | GK97: =ROUND(R97*(R12)/100,2) -> 0 | GL97: =ROUND(IF(AND(BH97=3,BI97=3,FS97<>0),P97,0),2) -> 0 | GM97: =ROUND(O97+X97+Y97+GK97,2)+GX97 -> 0 | GN97: =IF(OR(BI97=0,BI97=1),ROUND(O97+X97+Y97+GK97,2),0) -> 0 | GO97: =IF(BI97=2,ROUND(O97+X97+Y97+GK97,2),0) -> 0 | GP97: =IF(BI97=4,ROUND(O97+X97+Y97+GK97,2)+GX97,0) -> 0 | GR97: 0 | GS97: 3 | GT97: 0 | GV97: =ROUND(GT97,6) -> 0 | GW97: 1 | GX97: =ROUND(GV97*GW97*I97,2) -> 0 | HA97: 0 | HB97: 0 | IK97: 0
A98: 18 | B98: 1 | C98: 116 | E98: 9,2 | F98: Цена поставщика | G98: Извещатель пожарный пламени многодиапазонный ИК/УФ адресный С2000-Спектрон-607 | H98: ШТ | I98: =I94*J98 -> 4 | J98: 0.36363636 | O98: =ROUND(CP98,2) -> 63440.03 | P98: =ROUND(CQ98*I98,2) -> 63440.03 | Q98: =ROUND(CR98*I98,2) -> 0 | R98: =ROUND(CS98*I98,2) -> 0 | S98: =ROUND(CT98*I98,2) -> 0 | T98: =ROUND(CU98*I98,2) -> 0 | U98: =CV98*I98 -> 0 | V98: =CW98*I98 -> 0 | W98: =ROUND(CX98*I98,2) -> 0 | X98: =ROUND(CY98,2) -> 0 | Y98: =ROUND(CZ98,2) -> 0 | AA98: 16670161 | AB98: =ROUND((AC98+AD98+AF98),6) -> 4492.92 | AC98: =ROUND((ES98),6) -> 4492.92 | AD98: =ROUND((((ET98)-(EU98))+AE98),6) -> 0 | AE98: =ROUND((EU98),6) -> 0 | AF98: =ROUND((EV98),6) -> 0 | AG98: =ROUND((AP98),6) -> 0 | AH98: =(EW98) -> 0 | AI98: =(EX98) -> 0 | AJ98: =ROUND((AS98),6) -> 0 | AK98: 4492.92 | AL98: 4492.92 | AM98: 0 | AN98: 0 | AO98: 0 | AP98: 0 | AQ98: 0 | AR98: 0 | AS98: 0 | AT98: 68 | AU98: 48 | AV98: 1 | AW98: 1 | AZ98: 1 | BA98: 1 | BB98: 1 | BC98: 3.53 | BH98: 3 | BI98: 2 | BM98: 110011 | BN98: 0 | BP98: 0 | BQ98: 3 | BR98: 0 | BS98: 1 | BT98: 1 | BU98: 1 | BV98: 1 | BW98: 1 | BX98: 1 | BZ98: 80 | CA98: 60 | CF98: 0 | CG98: 0 | CM98: 0 | CO98: 0 | CP98: =(P98+Q98+S98) -> 63440.03 | CQ98: =AC98*BC98 -> 15860.008 | CR98: =AD98*BB98 -> 0 | CS98: =AE98*BS98 -> 0 | CT98: =AF98*BA98 -> 0 | CU98: =AG98 -> 0 | CV98: =AH98 -> 0 | CW98: =AI98 -> 0 | CX98: =AJ98 -> 0 | CY98: =(((S98+R98)*AT98)/100) -> 0 | CZ98: =(((S98+R98)*AU98)/100) -> 0 | DN98: 0 | DO98: 0 | DP98: 1 | DQ98: 1 | DU98: 1013 | DV98: ШТ | DW98: ШТ | DX98: 1 | EE98: 16510417 | EF98: 3 | EG98: Монтажные работы | EH98: 0 | EJ98: 2 | EK98: 110011 | EL98: Связь: пожарно-охранная сигнализация и пром. телевиз. установки ( отделы 8 и 9 ) (при устройстве средств посадки самолетов : НР=95%, СП=55% - {АВИА}=1) | EM98: мФЕР-10 | EQ98: 0 | ER98: 15860 | ES98: 4492.92 | ET98: 0 | EU98: 0 | EV98: 0 | EW98: 0 | EX98: 0 | EZ98: 5 | FC98: 1 | FD98: 18 | FF98: 18714.8 | FQ98: 0 | FR98: =ROUND(IF(AND(BH98=3,BI98=3),P98,0),2) -> 0 | FS98: 0 | FV98: *0,85 | FW98: *0,8 | FX98: 80 | FY98: 60 | GA98: [18 714,8 / 1,18 / 3,53] | GD98: 0 | GF98: 531291700 | GG98: 2 | GH98: 3 | GI98: 3 | GJ98: 0 | GK98: =ROUND(R98*(S12)/100,2) -> 0 | GL98: =ROUND(IF(AND(BH98=3,BI98=3,FS98<>0),P98,0),2) -> 0 | GM98: =ROUND(O98+X98+Y98+GK98,2)+GX98 -> 63440.03 | GN98: =IF(OR(BI98=0,BI98=1),ROUND(O98+X98+Y98+GK98,2),0) -> 0 | GO98: =IF(BI98=2,ROUND(O98+X98+Y98+GK98,2),0) -> 63440.03 | GP98: =IF(BI98=4,ROUND(O98+X98+Y98+GK98,2)+GX98,0) -> 0 | GR98: 1 | GS98: 1 | GT98: 0 | GV98: =ROUND(GT98,6) -> 0 | GW98: 1 | GX98: =ROUND(GV98*GW98*I98,2) -> 0 | HA98: 0 | HB98: 0 | IK98: 0
A99: 17 | B99: 1 | C99: =ROW(SmtRes!A121) -> 121 | D99: =ROW(EtalonRes!A104) -> 104 | E99: 10 | F99: м10-04-101-15 | G99: Транспарант световой (табло) | H99: ШТ | I99: 35 | J99: 0 | O99: =ROUND(CP99,2) -> 746.2 | P99: =ROUND(CQ99*I99,2) -> 72.8 | Q99: =ROUND(CR99*I99,2) -> 0 | R99: =ROUND(CS99*I99,2) -> 0 | S99: =ROUND(CT99*I99,2) -> 673.4 | T99: =ROUND(CU99*I99,2) -> 0 | U99: =CV99*I99 -> 70 | V99: =CW99*I99 -> 0 | W99: =ROUND(CX99*I99,2) -> 0 | X99: =ROUND(CY99,2) -> 619.53 | Y99: =ROUND(CZ99,2) -> 437.71 | AA99: 16670159 | AB99: =ROUND((AC99+AD99+AF99),6) -> 21.32 | AC99: =ROUND((ES99),6) -> 2.08 | AD99: =ROUND((((ET99)-(EU99))+AE99),6) -> 0 | AE99: =ROUND((EU99),6) -> 0 | AF99: =ROUND((EV99),6) -> 19.24 | AG99: =ROUND((AP99),6) -> 0 | AH99: =(EW99) -> 2 | AI99: =(EX99) -> 0 | AJ99: =ROUND((AS99),6) -> 0 | AK99: 21.32 | AL99: 2.08 | AM99: 0 | AN99: 0 | AO99: 19.24 | AP99: 0 | AQ99: 2 | AR99: 0 | AS99: 0 | AT99: 92 | AU99: 65 | AV99: 1 | AW99: 1 | AZ99: 1 | BA99: 1 | BB99: 1 | BC99: 1 | BH99: 0 | BI99: 2 | BJ99: ФЕРм-2001, м10-04-101-15, приказ Минстроя России №1039/пр от 30.12.2016г. | BM99: 110004 | BN99: 0 | BP99: 0 | BQ99: 3 | BR99: 0 | BS99: 1 | BT99: 1 | BU99: 1 | BV99: 1 | BW99: 1 | BX99: 1 | BZ99: 92 | CA99: 65 | CF99: 0 | CG99: 0 | CM99: 0 | CO99: 0 | CP99: =(P99+Q99+S99) -> 746.2 | CQ99: =AC99*BC99 -> 2.08 | CR99: =AD99*BB99 -> 0 | CS99: =AE99*BS99 -> 0 | CT99: =AF99*BA99 -> 19.24 | CU99: =AG99 -> 0 | CV99: =AH99 -> 2 | CW99: =AI99 -> 0 | CX99: =AJ99 -> 0 | CY99: =(((S99+R99)*AT99)/100) -> 619.528 | CZ99: =(((S99+R99)*AU99)/100) -> 437.71 | DN99: 0 | DO99: 0 | DP99: 1 | DQ99: 1 | DU99: 1013 | DV99: ШТ | DW99: ШТ | DX99: 1 | EE99: 16510374 | EF99: 3 | EG99: Монтажные работы | EH99: 0 | EJ99: 2 | EK99: 110004 | EL99: Связь: монтаж теле- радио оборудования ( отдел 4 и 5 ) - (при устройстве средств посадки самолетов : НР=95%, СП=55% - {АВИА}=1) | EM99: мФЕР-10 | EQ99: 0 | ER99: 21.32 | ES99: 2.08 | ET99: 0 | EU99: 0 | EV99: 19.24 | EW99: 2 | EX99: 0 | EY99: 0 | FQ99: 0 | FR99: =ROUND(IF(AND(BH99=3,BI99=3),P99,0),2) -> 0 | FS99: 0 | FX99: 92 | FY99: 65 | GD99: 0 | GF99: -1607130136 | GG99: 1 | GH99: 1 | GI99: -2 | GJ99: 0 | GK99: =ROUND(R99*(R12)/100,2) -> 0 | GL99: =ROUND(IF(AND(BH99=3,BI99=3,FS99<>0),P99,0),2) -> 0 | GM99: =ROUND(O99+X99+Y99+GK99,2)+GX99 -> 1803.44 | GN99: =IF(OR(BI99=0,BI99=1),ROUND(O99+X99+Y99+GK99,2),0) -> 0 | GO99: =IF(BI99=2,ROUND(O99+X99+Y99+GK99,2),0) -> 1803.44 | GP99: =IF(BI99=4,ROUND(O99+X99+Y99+GK99,2)+GX99,0) -> 0 | GR99: 0 | GS99: 3 | GT99: 0 | GV99: =ROUND(GT99,6) -> 0 | GW99: 1 | GX99: =ROUND(GV99*GW99*I99,2) -> 0 | HA99: 0 | HB99: 0 | IK99: 0
A100: 17 | B100: 1 | C100: =ROW(SmtRes!A126) -> 126 | D100: =ROW(EtalonRes!A108) -> 108 | E100: 10 | F100: м10-04-101-15 | G100: Транспарант световой (табло) | H100: ШТ | I100: 35 | J100: 0 | O100: =ROUND(CP100,2) -> 4872.68 | P100: =ROUND(CQ100*I100,2) -> 475.38 | Q100: =ROUND(CR100*I100,2) -> 0 | R100: =ROUND(CS100*I100,2) -> 0 | S100: =ROUND(CT100*I100,2) -> 4397.3 | T100: =ROUND(CU100*I100,2) -> 0 | U100: =CV100*I100 -> 70 | V100: =CW100*I100 -> 0 | W100: =ROUND(CX100*I100,2) -> 0 | X100: =ROUND(CY100,2) -> 4045.52 | Y100: =ROUND(CZ100,2) -> 2858.25 | AA100: 16670161 | AB100: =ROUND((AC100+AD100+AF100),6) -> 21.32 | AC100: =ROUND((ES100),6) -> 2.08 | AD100: =ROUND((((ET100)-(EU100))+AE100),6) -> 0 | AE100: =ROUND((EU100),6) -> 0 | AF100: =ROUND((EV100),6) -> 19.24 | AG100: =ROUND((AP100),6) -> 0 | AH100: =(EW100) -> 2 | AI100: =(EX100) -> 0 | AJ100: =ROUND((AS100),6) -> 0 | AK100: 21.32 | AL100: 2.08 | AM100: 0 | AN100: 0 | AO100: 19.24 | AP100: 0 | AQ100: 2 | AR100: 0 | AS100: 0 | AT100: 92 | AU100: 65 | AV100: 1 | AW100: 1 | AZ100: 6.53 | BA100: 6.53 | BB100: 6.53 | BC100: 6.53 | BH100: 0 | BI100: 2 | BJ100: ФЕРм-2001, м10-04-101-15, приказ Минстроя России №1039/пр от 30.12.2016г. | BM100: 110004 | BN100: 0 | BP100: 0 | BQ100: 3 | BR100: 0 | BS100: 6.53 | BT100: 1 | BU100: 1 | BV100: 1 | BW100: 1 | BX100: 1 | BZ100: 92 | CA100: 65 | CF100: 0 | CG100: 0 | CM100: 0 | CO100: 0 | CP100: =(P100+Q100+S100) -> 4872.68 | CQ100: =AC100*BC100 -> 13.5824 | CR100: =AD100*BB100 -> 0 | CS100: =AE100*BS100 -> 0 | CT100: =AF100*BA100 -> 125.6372 | CU100: =AG100 -> 0 | CV100: =AH100 -> 2 | CW100: =AI100 -> 0 | CX100: =AJ100 -> 0 | CY100: =(((S100+R100)*AT100)/100) -> 4045.516 | CZ100: =(((S100+R100)*AU100)/100) -> 2858.245 | DN100: 0 | DO100: 0 | DP100: 1 | DQ100: 1 | DU100: 1013 | DV100: ШТ | DW100: ШТ | DX100: 1 | EE100: 16510374 | EF100: 3 | EG100: Монтажные работы | EH100: 0 | EJ100: 2 | EK100: 110004 | EL100: Связь: монтаж теле- радио оборудования ( отдел 4 и 5 ) - (при устройстве средств посадки самолетов : НР=95%, СП=55% - {АВИА}=1) | EM100: мФЕР-10 | EQ100: 0 | ER100: 21.32 | ES100: 2.08 | ET100: 0 | EU100: 0 | EV100: 19.24 | EW100: 2 | EX100: 0 | EY100: 0 | FQ100: 0 | FR100: =ROUND(IF(AND(BH100=3,BI100=3),P100,0),2) -> 0 | FS100: 0 | FX100: 92 | FY100: 65 | GD100: 0 | GF100: -1607130136 | GG100: 1 | GH100: 1 | GI100: 4 | GJ100: 0 | GK100: =ROUND(R100*(S12)/100,2) -> 0 | GL100: =ROUND(IF(AND(BH100=3,BI100=3,FS100<>0),P100,0),2) -> 0 | GM100: =ROUND(O100+X100+Y100+GK100,2)+GX100 -> 11776.45 | GN100: =IF(OR(BI100=0,BI100=1),ROUND(O100+X100+Y100+GK100,2),0) -> 0 | GO100: =IF(BI100=2,ROUND(O100+X100+Y100+GK100,2),0) -> 11776.45 | GP100: =IF(BI100=4,ROUND(O100+X100+Y100+GK100,2)+GX100,0) -> 0 | GR100: 0 | GS100: 3 | GT100: 0 | GV100: =ROUND(GT100,6) -> 0 | GW100: 1 | GX100: =ROUND(GV100*GW100*I100,2) -> 0 | HA100: 0 | HB100: 0 | IK100: 0
A101: 18 | B101: 1 | C101: 120 | E101: 10,1 | F101: 61.2.04.07-0008 | G101: Оповещатель световой МОЛНИЯ-12(24) | H101: шт. | I101: =I99*J101 -> 35 | J101: 1 | O101: =ROUND(CP101,2) -> 1343.3 | P101: =ROUND(CQ101*I101,2) -> 1343.3 | Q101: =ROUND(CR101*I101,2) -> 0 | R101: =ROUND(CS101*I101,2) -> 0 | S101: =ROUND(CT101*I101,2) -> 0 | T101: =ROUND(CU101*I101,2) -> 0 | U101: =CV101*I101 -> 0 | V101: =CW101*I101 -> 0 | W101: =ROUND(CX101*I101,2) -> 0 | X101: =ROUND(CY101,2) -> 0 | Y101: =ROUND(CZ101,2) -> 0 | AA101: 16670159 | AB101: =ROUND((AC101+AD101+AF101),6) -> 38.38 | AC101: =ROUND((ES101),6) -> 38.38 | AD101: =ROUND((((ET101)-(EU101))+AE101),6) -> 0 | AE101: =ROUND((EU101),6) -> 0 | AF101: =ROUND((EV101),6) -> 0 | AG101: =ROUND((AP101),6) -> 0 | AH101: =(EW101) -> 0 | AI101: =(EX101) -> 0 | AJ101: =ROUND((AS101),6) -> 0 | AK101: 38.38 | AL101: 38.38 | AM101: 0 | AN101: 0 | AO101: 0 | AP101: 0 | AQ101: 0 | AR101: 0 | AS101: 0 | AT101: 92 | AU101: 65 | AV101: 1 | AW101: 1 | AZ101: 1 | BA101: 1 | BB101: 1 | BC101: 1 | BH101: 3 | BI101: 2 | BJ101: ФССЦ-2001, 61.2.04.07-0008, приказ Минстроя России №1039/пр от 30.12.2016г. | BM101: 110004 | BN101: 0 | BP101: 0 | BQ101: 3 | BR101: 0 | BS101: 1 | BT101: 1 | BU101: 1 | BV101: 1 | BW101: 1 | BX101: 1 | BZ101: 92 | CA101: 65 | CF101: 0 | CG101: 0 | CM101: 0 | CO101: 0 | CP101: =(P101+Q101+S101) -> 1343.3 | CQ101: =AC101*BC101 -> 38.38 | CR101: =AD101*BB101 -> 0 | CS101: =AE101*BS101 -> 0 | CT101: =AF101*BA101 -> 0 | CU101: =AG101 -> 0 | CV101: =AH101 -> 0 | CW101: =AI101 -> 0 | CX101: =AJ101 -> 0 | CY101: =(((S101+R101)*AT101)/100) -> 0 | CZ101: =(((S101+R101)*AU101)/100) -> 0 | DN101: 0 | DO101: 0 | DP101: 1 | DQ101: 1 | DU101: 1010 | DV101: шт. | DW101: шт. | DX101: 1 | EE101: 16510374 | EF101: 3 | EG101: Монтажные работы | EH101: 0 | EJ101: 2 | EK101: 110004 | EL101: Связь: монтаж теле- радио оборудования ( отдел 4 и 5 ) - (при устройстве средств посадки самолетов : НР=95%, СП=55% - {АВИА}=1) | EM101: мФЕР-10 | EQ101: 0 | ER101: 38.38 | ES101: 38.38 | ET101: 0 | EU101: 0 | EV101: 0 | EW101: 0 | EX101: 0 | FQ101: 0 | FR101: =ROUND(IF(AND(BH101=3,BI101=3),P101,0),2) -> 0 | FS101: 0 | FX101: 92 | FY101: 65 | GD101: 0 | GF101: 706520867 | GG101: 1 | GH101: 1 | GI101: -2 | GJ101: 0 | GK101: =ROUND(R101*(R12)/100,2) -> 0 | GL101: =ROUND(IF(AND(BH101=3,BI101=3,FS101<>0),P101,0),2) -> 0 | GM101: =ROUND(O101+X101+Y101+GK101,2)+GX101 -> 1343.3 | GN101: =IF(OR(BI101=0,BI101=1),ROUND(O101+X101+Y101+GK101,2),0) -> 0 | GO101: =IF(BI101=2,ROUND(O101+X101+Y101+GK101,2),0) -> 1343.3 | GP101: =IF(BI101=4,ROUND(O101+X101+Y101+GK101,2)+GX101,0) -> 0 | GR101: 0 | GS101: 3 | GT101: 0 | GV101: =ROUND(GT101,6) -> 0 | GW101: 1 | GX101: =ROUND(GV101*GW101*I101,2) -> 0 | HA101: 0 | HB101: 0 | IK101: 0
A102: 18 | B102: 1 | C102: 125 | E102: 10,1 | F102: 61.2.04.07-0008 | G102: Оповещатель световой МОЛНИЯ-12(24) | H102: шт. | I102: =I100*J102 -> 35 | J102: 1 | O102: =ROUND(CP102,2) -> 8771.75 | P102: =ROUND(CQ102*I102,2) -> 8771.75 | Q102: =ROUND(CR102*I102,2) -> 0 | R102: =ROUND(CS102*I102,2) -> 0 | S102: =ROUND(CT102*I102,2) -> 0 | T102: =ROUND(CU102*I102,2) -> 0 | U102: =CV102*I102 -> 0 | V102: =CW102*I102 -> 0 | W102: =ROUND(CX102*I102,2) -> 0 | X102: =ROUND(CY102,2) -> 0 | Y102: =ROUND(CZ102,2) -> 0 | AA102: 16670161 | AB102: =ROUND((AC102+AD102+AF102),6) -> 38.38 | AC102: =ROUND((ES102),6) -> 38.38 | AD102: =ROUND((((ET102)-(EU102))+AE102),6) -> 0 | AE102: =ROUND((EU102),6) -> 0 | AF102: =ROUND((EV102),6) -> 0 | AG102: =ROUND((AP102),6) -> 0 | AH102: =(EW102) -> 0 | AI102: =(EX102) -> 0 | AJ102: =ROUND((AS102),6) -> 0 | AK102: 38.38 | AL102: 38.38 | AM102: 0 | AN102: 0 | AO102: 0 | AP102: 0 | AQ102: 0 | AR102: 0 | AS102: 0 | AT102: 92 | AU102: 65 | AV102: 1 | AW102: 1 | AZ102: 6.53 | BA102: 1 | BB102: 1 | BC102: 6.53 | BH102: 3 | BI102: 2 | BJ102: ФССЦ-2001, 61.2.04.07-0008, приказ Минстроя России №1039/пр от 30.12.2016г. | BM102: 110004 | BN102: 0 | BP102: 0 | BQ102: 3 | BR102: 0 | BS102: 1 | BT102: 1 | BU102: 1 | BV102: 1 | BW102: 1 | BX102: 1 | BZ102: 92 | CA102: 65 | CF102: 0 | CG102: 0 | CM102: 0 | CO102: 0 | CP102: =(P102+Q102+S102) -> 8771.75 | CQ102: =AC102*BC102 -> 250.6214 | CR102: =AD102*BB102 -> 0 | CS102: =AE102*BS102 -> 0 | CT102: =AF102*BA102 -> 0 | CU102: =AG102 -> 0 | CV102: =AH102 -> 0 | CW102: =AI102 -> 0 | CX102: =AJ102 -> 0 | CY102: =(((S102+R102)*AT102)/100) -> 0 | CZ102: =(((S102+R102)*AU102)/100) -> 0 | DN102: 0 | DO102: 0 | DP102: 1 | DQ102: 1 | DU102: 1010 | DV102: шт. | DW102: шт. | DX102: 1 | EE102: 16510374 | EF102: 3 | EG102: Монтажные работы | EH102: 0 | EJ102: 2 | EK102: 110004 | EL102: Связь: монтаж теле- радио оборудования ( отдел 4 и 5 ) - (при устройстве средств посадки самолетов : НР=95%, СП=55% - {АВИА}=1) | EM102: мФЕР-10 | EQ102: 0 | ER102: 38.38 | ES102: 38.38 | ET102: 0 | EU102: 0 | EV102: 0 | EW102: 0 | EX102: 0 | FQ102: 0 | FR102: =ROUND(IF(AND(BH102=3,BI102=3),P102,0),2) -> 0 | FS102: 0 | FX102: 92 | FY102: 65 | GD102: 0 | GF102: 706520867 | GG102: 1 | GH102: 1 | GI102: 4 | GJ102: 0 | GK102: =ROUND(R102*(S12)/100,2) -> 0 | GL102: =ROUND(IF(AND(BH102=3,BI102=3,FS102<>0),P102,0),2) -> 0 | GM102: =ROUND(O102+X102+Y102+GK102,2)+GX102 -> 8771.75 | GN102: =IF(OR(BI102=0,BI102=1),ROUND(O102+X102+Y102+GK102,2),0) -> 0 | GO102: =IF(BI102=2,ROUND(O102+X102+Y102+GK102,2),0) -> 8771.75 | GP102: =IF(BI102=4,ROUND(O102+X102+Y102+GK102,2)+GX102,0) -> 0 | GR102: 0 | GS102: 3 | GT102: 0 | GV102: =ROUND(GT102,6) -> 0 | GW102: 1 | GX102: =ROUND(GV102*GW102*I102,2) -> 0 | HA102: 0 | HB102: 0 | IK102: 0
A103: 17 | B103: 1 | C103: =ROW(SmtRes!A135) -> 135 | D103: =ROW(EtalonRes!A114) -> 114 | E103: 11 | F103: м10-04-100-06 | G103: Оборудование радиотрансляционных узлов аппаратура настольная, масса до 20 кг | H103: ШТ | I103: 4 | J103: 0 | O103: =ROUND(CP103,2) -> 1002.76 | P103: =ROUND(CQ103*I103,2) -> 733.4 | Q103: =ROUND(CR103*I103,2) -> 0 | R103: =ROUND(CS103*I103,2) -> 0 | S103: =ROUND(CT103*I103,2) -> 269.36 | T103: =ROUND(CU103*I103,2) -> 0 | U103: =CV103*I103 -> 28 | V103: =CW103*I103 -> 0 | W103: =ROUND(CX103*I103,2) -> 0 | X103: =ROUND(CY103,2) -> 247.81 | Y103: =ROUND(CZ103,2) -> 175.08 | AA103: 16670159 | AB103: =ROUND((AC103+AD103+AF103),6) -> 250.69 | AC103: =ROUND((ES103),6) -> 183.35 | AD103: =ROUND((((ET103)-(EU103))+AE103),6) -> 0 | AE103: =ROUND((EU103),6) -> 0 | AF103: =ROUND((EV103),6) -> 67.34 | AG103: =ROUND((AP103),6) -> 0 | AH103: =(EW103) -> 7 | AI103: =(EX103) -> 0 | AJ103: =ROUND((AS103),6) -> 0 | AK103: 250.69 | AL103: 183.35 | AM103: 0 | AN103: 0 | AO103: 67.34 | AP103: 0 | AQ103: 7 | AR103: 0 | AS103: 0 | AT103: 92 | AU103: 65 | AV103: 1 | AW103: 1 | AZ103: 1 | BA103: 1 | BB103: 1 | BC103: 1 | BH103: 0 | BI103: 2 | BJ103: ФЕРм-2001, м10-04-100-06, приказ Минстроя России №1039/пр от 30.12.2016г. | BM103: 110004 | BN103: 0 | BP103: 0 | BQ103: 3 | BR103: 0 | BS103: 1 | BT103: 1 | BU103: 1 | BV103: 1 | BW103: 1 | BX103: 1 | BZ103: 92 | CA103: 65 | CF103: 0 | CG103: 0 | CM103: 0 | CO103: 0 | CP103: =(P103+Q103+S103) -> 1002.76 | CQ103: =AC103*BC103 -> 183.35 | CR103: =AD103*BB103 -> 0 | CS103: =AE103*BS103 -> 0 | CT103: =AF103*BA103 -> 67.34 | CU103: =AG103 -> 0 | CV103: =AH103 -> 7 | CW103: =AI103 -> 0 | CX103: =AJ103 -> 0 | CY103: =(((S103+R103)*AT103)/100) -> 247.8112 | CZ103: =(((S103+R103)*AU103)/100) -> 175.084 | DN103: 0 | DO103: 0 | DP103: 1 | DQ103: 1 | DU103: 1013 | DV103: ШТ | DW103: ШТ | DX103: 1 | EE103: 16510374 | EF103: 3 | EG103: Монтажные работы | EH103: 0 | EJ103: 2 | EK103: 110004 | EL103: Связь: монтаж теле- радио оборудования ( отдел 4 и 5 ) - (при устройстве средств посадки самолетов : НР=95%, СП=55% - {АВИА}=1) | EM103: мФЕР-10 | EQ103: 0 | ER103: 250.69 | ES103: 183.35 | ET103: 0 | EU103: 0 | EV103: 67.34 | EW103: 7 | EX103: 0 | EY103: 0 | FQ103: 0 | FR103: =ROUND(IF(AND(BH103=3,BI103=3),P103,0),2) -> 0 | FS103: 0 | FX103: 92 | FY103: 65 | GD103: 0 | GF103: -1802857606 | GG103: 1 | GH103: 1 | GI103: -2 | GJ103: 0 | GK103: =ROUND(R103*(R12)/100,2) -> 0 | GL103: =ROUND(IF(AND(BH103=3,BI103=3,FS103<>0),P103,0),2) -> 0 | GM103: =ROUND(O103+X103+Y103+GK103,2)+GX103 -> 1425.65 | GN103: =IF(OR(BI103=0,BI103=1),ROUND(O103+X103+Y103+GK103,2),0) -> 0 | GO103: =IF(BI103=2,ROUND(O103+X103+Y103+GK103,2),0) -> 1425.65 | GP103: =IF(BI103=4,ROUND(O103+X103+Y103+GK103,2)+GX103,0) -> 0 | GR103: 0 | GS103: 3 | GT103: 0 | GV103: =ROUND(GT103,6) -> 0 | GW103: 1 | GX103: =ROUND(GV103*GW103*I103,2) -> 0 | HA103: 0 | HB103: 0 | IK103: 0
A104: 17 | B104: 1 | C104: =ROW(SmtRes!A144) -> 144 | D104: =ROW(EtalonRes!A120) -> 120 | E104: 11 | F104: м10-04-100-06 | G104: Оборудование радиотрансляционных узлов аппаратура настольная, масса до 20 кг | H104: ШТ | I104: 4 | J104: 0 | O104: =ROUND(CP104,2) -> 6548.02 | P104: =ROUND(CQ104*I104,2) -> 4789.1 | Q104: =ROUND(CR104*I104,2) -> 0 | R104: =ROUND(CS104*I104,2) -> 0 | S104: =ROUND(CT104*I104,2) -> 1758.92 | T104: =ROUND(CU104*I104,2) -> 0 | U104: =CV104*I104 -> 28 | V104: =CW104*I104 -> 0 | W104: =ROUND(CX104*I104,2) -> 0 | X104: =ROUND(CY104,2) -> 1618.21 | Y104: =ROUND(CZ104,2) -> 1143.3 | AA104: 16670161 | AB104: =ROUND((AC104+AD104+AF104),6) -> 250.69 | AC104: =ROUND((ES104),6) -> 183.35 | AD104: =ROUND((((ET104)-(EU104))+AE104),6) -> 0 | AE104: =ROUND((EU104),6) -> 0 | AF104: =ROUND((EV104),6) -> 67.34 | AG104: =ROUND((AP104),6) -> 0 | AH104: =(EW104) -> 7 | AI104: =(EX104) -> 0 | AJ104: =ROUND((AS104),6) -> 0 | AK104: 250.69 | AL104: 183.35 | AM104: 0 | AN104: 0 | AO104: 67.34 | AP104: 0 | AQ104: 7 | AR104: 0 | AS104: 0 | AT104: 92 | AU104: 65 | AV104: 1 | AW104: 1 | AZ104: 6.53 | BA104: 6.53 | BB104: 6.53 | BC104: 6.53 | BH104: 0 | BI104: 2 | BJ104: ФЕРм-2001, м10-04-100-06, приказ Минстроя России №1039/пр от 30.12.2016г. | BM104: 110004 | BN104: 0 | BP104: 0 | BQ104: 3 | BR104: 0 | BS104: 6.53 | BT104: 1 | BU104: 1 | BV104: 1 | BW104: 1 | BX104: 1 | BZ104: 92 | CA104: 65 | CF104: 0 | CG104: 0 | CM104: 0 | CO104: 0 | CP104: =(P104+Q104+S104) -> 6548.02 | CQ104: =AC104*BC104 -> 1197.2755 | CR104: =AD104*BB104 -> 0 | CS104: =AE104*BS104 -> 0 | CT104: =AF104*BA104 -> 439.7302 | CU104: =AG104 -> 0 | CV104: =AH104 -> 7 | CW104: =AI104 -> 0 | CX104: =AJ104 -> 0 | CY104: =(((S104+R104)*AT104)/100) -> 1618.2064 | CZ104: =(((S104+R104)*AU104)/100) -> 1143.298 | DN104: 0 | DO104: 0 | DP104: 1 | DQ104: 1 | DU104: 1013 | DV104: ШТ | DW104: ШТ | DX104: 1 | EE104: 16510374 | EF104: 3 | EG104: Монтажные работы | EH104: 0 | EJ104: 2 | EK104: 110004 | EL104: Связь: монтаж теле- радио оборудования ( отдел 4 и 5 ) - (при устройстве средств посадки самолетов : НР=95%, СП=55% - {АВИА}=1) | EM104: мФЕР-10 | EQ104: 0 | ER104: 250.69 | ES104: 183.35 | ET104: 0 | EU104: 0 | EV104: 67.34 | EW104: 7 | EX104: 0 | EY104: 0 | FQ104: 0 | FR104: =ROUND(IF(AND(BH104=3,BI104=3),P104,0),2) -> 0 | FS104: 0 | FX104: 92 | FY104: 65 | GD104: 0 | GF104: -1802857606 | GG104: 1 | GH104: 1 | GI104: 4 | GJ104: 0 | GK104: =ROUND(R104*(S12)/100,2) -> 0 | GL104: =ROUND(IF(AND(BH104=3,BI104=3,FS104<>0),P104,0),2) -> 0 | GM104: =ROUND(O104+X104+Y104+GK104,2)+GX104 -> 9309.53 | GN104: =IF(OR(BI104=0,BI104=1),ROUND(O104+X104+Y104+GK104,2),0) -> 0 | GO104: =IF(BI104=2,ROUND(O104+X104+Y104+GK104,2),0) -> 9309.53 | GP104: =IF(BI104=4,ROUND(O104+X104+Y104+GK104,2)+GX104,0) -> 0 | GR104: 0 | GS104: 3 | GT104: 0 | GV104: =ROUND(GT104,6) -> 0 | GW104: 1 | GX104: =ROUND(GV104*GW104*I104,2) -> 0 | HA104: 0 | HB104: 0 | IK104: 0
A105: 18 | B105: 1 | C105: 133 | E105: 11,1 | F105: Цена поставщика | G105: 4-х канальный усилитель мощности для системы оповещения LPA-EVA-4120 | H105: ШТ | I105: =I103*J105 -> 2 | J105: 0.5 | O105: =ROUND(CP105,2) -> 0 | P105: =ROUND(CQ105*I105,2) -> 0 | Q105: =ROUND(CR105*I105,2) -> 0 | R105: =ROUND(CS105*I105,2) -> 0 | S105: =ROUND(CT105*I105,2) -> 0 | T105: =ROUND(CU105*I105,2) -> 0 | U105: =CV105*I105 -> 0 | V105: =CW105*I105 -> 0 | W105: =ROUND(CX105*I105,2) -> 0 | X105: =ROUND(CY105,2) -> 0 | Y105: =ROUND(CZ105,2) -> 0 | AA105: 16670159 | AB105: =ROUND((AC105+AD105+AF105),6) -> 0 | AC105: =ROUND((ES105),6) -> 0 | AD105: =ROUND((((ET105)-(EU105))+AE105),6) -> 0 | AE105: =ROUND((EU105),6) -> 0 | AF105: =ROUND((EV105),6) -> 0 | AG105: =ROUND((AP105),6) -> 0 | AH105: =(EW105) -> 0 | AI105: =(EX105) -> 0 | AJ105: =ROUND((AS105),6) -> 0 | AK105: 0 | AL105: 0 | AM105: 0 | AN105: 0 | AO105: 0 | AP105: 0 | AQ105: 0 | AR105: 0 | AS105: 0 | AT105: 92 | AU105: 65 | AV105: 1 | AW105: 1 | AZ105: 1 | BA105: 1 | BB105: 1 | BC105: 1 | BH105: 3 | BI105: 2 | BM105: 110004 | BN105: 0 | BP105: 0 | BQ105: 3 | BR105: 0 | BS105: 1 | BT105: 1 | BU105: 1 | BV105: 1 | BW105: 1 | BX105: 1 | BZ105: 92 | CA105: 65 | CF105: 0 | CG105: 0 | CM105: 0 | CO105: 0 | CP105: =(P105+Q105+S105) -> 0 | CQ105: =AC105*BC105 -> 0 | CR105: =AD105*BB105 -> 0 | CS105: =AE105*BS105 -> 0 | CT105: =AF105*BA105 -> 0 | CU105: =AG105 -> 0 | CV105: =AH105 -> 0 | CW105: =AI105 -> 0 | CX105: =AJ105 -> 0 | CY105: =(((S105+R105)*AT105)/100) -> 0 | CZ105: =(((S105+R105)*AU105)/100) -> 0 | DN105: 0 | DO105: 0 | DP105: 1 | DQ105: 1 | DU105: 1013 | DV105: ШТ | DW105: ШТ | DX105: 1 | EE105: 16510374 | EF105: 3 | EG105: Монтажные работы | EH105: 0 | EJ105: 2 | EK105: 110004 | EL105: Связь: монтаж теле- радио оборудования ( отдел 4 и 5 ) - (при устройстве средств посадки самолетов : НР=95%, СП=55% - {АВИА}=1) | EM105: мФЕР-10 | EQ105: 0 | ER105: 0 | ES105: 0 | ET105: 0 | EU105: 0 | EV105: 0 | EW105: 0 | EX105: 0 | FQ105: 0 | FR105: =ROUND(IF(AND(BH105=3,BI105=3),P105,0),2) -> 0 | FS105: 0 | FX105: 92 | FY105: 65 | GD105: 0 | GF105: -302443215 | GG105: 1 | GH105: 0 | GI105: -2 | GJ105: 0 | GK105: =ROUND(R105*(R12)/100,2) -> 0 | GL105: =ROUND(IF(AND(BH105=3,BI105=3,FS105<>0),P105,0),2) -> 0 | GM105: =ROUND(O105+X105+Y105+GK105,2)+GX105 -> 0 | GN105: =IF(OR(BI105=0,BI105=1),ROUND(O105+X105+Y105+GK105,2),0) -> 0 | GO105: =IF(BI105=2,ROUND(O105+X105+Y105+GK105,2),0) -> 0 | GP105: =IF(BI105=4,ROUND(O105+X105+Y105+GK105,2)+GX105,0) -> 0 | GR105: 0 | GS105: 3 | GT105: 0 | GV105: =ROUND(GT105,6) -> 0 | GW105: 1 | GX105: =ROUND(GV105*GW105*I105,2) -> 0 | HA105: 0 | HB105: 0 | IK105: 0
A106: 18 | B106: 1 | C106: 142 | E106: 11,1 | F106: Цена поставщика | G106: 4-х канальный усилитель мощности для системы оповещения LPA-EVA-4120 | H106: ШТ | I106: =I104*J106 -> 2 | J106: 0.5 | O106: =ROUND(CP106,2) -> 195254.25 | P106: =ROUND(CQ106*I106,2) -> 195254.25 | Q106: =ROUND(CR106*I106,2) -> 0 | R106: =ROUND(CS106*I106,2) -> 0 | S106: =ROUND(CT106*I106,2) -> 0 | T106: =ROUND(CU106*I106,2) -> 0 | U106: =CV106*I106 -> 0 | V106: =CW106*I106 -> 0 | W106: =ROUND(CX106*I106,2) -> 0 | X106: =ROUND(CY106,2) -> 0 | Y106: =ROUND(CZ106,2) -> 0 | AA106: 16670161 | AB106: =ROUND((AC106+AD106+AF106),6) -> 27656.41 | AC106: =ROUND((ES106),6) -> 27656.41 | AD106: =ROUND((((ET106)-(EU106))+AE106),6) -> 0 | AE106: =ROUND((EU106),6) -> 0 | AF106: =ROUND((EV106),6) -> 0 | AG106: =ROUND((AP106),6) -> 0 | AH106: =(EW106) -> 0 | AI106: =(EX106) -> 0 | AJ106: =ROUND((AS106),6) -> 0 | AK106: 27656.41 | AL106: 27656.41 | AM106: 0 | AN106: 0 | AO106: 0 | AP106: 0 | AQ106: 0 | AR106: 0 | AS106: 0 | AT106: 78 | AU106: 52 | AV106: 1 | AW106: 1 | AZ106: 1 | BA106: 1 | BB106: 1 | BC106: 3.53 | BH106: 3 | BI106: 2 | BM106: 110004 | BN106: 0 | BP106: 0 | BQ106: 3 | BR106: 0 | BS106: 1 | BT106: 1 | BU106: 1 | BV106: 1 | BW106: 1 | BX106: 1 | BZ106: 92 | CA106: 65 | CF106: 0 | CG106: 0 | CM106: 0 | CO106: 0 | CP106: =(P106+Q106+S106) -> 195254.25 | CQ106: =AC106*BC106 -> 97627.127 | CR106: =AD106*BB106 -> 0 | CS106: =AE106*BS106 -> 0 | CT106: =AF106*BA106 -> 0 | CU106: =AG106 -> 0 | CV106: =AH106 -> 0 | CW106: =AI106 -> 0 | CX106: =AJ106 -> 0 | CY106: =(((S106+R106)*AT106)/100) -> 0 | CZ106: =(((S106+R106)*AU106)/100) -> 0 | DN106: 0 | DO106: 0 | DP106: 1 | DQ106: 1 | DU106: 1013 | DV106: ШТ | DW106: ШТ | DX106: 1 | EE106: 16510374 | EF106: 3 | EG106: Монтажные работы | EH106: 0 | EJ106: 2 | EK106: 110004 | EL106: Связь: монтаж теле- радио оборудования ( отдел 4 и 5 ) - (при устройстве средств посадки самолетов : НР=95%, СП=55% - {АВИА}=1) | EM106: мФЕР-10 | EQ106: 0 | ER106: 97627.12 | ES106: 27656.41 | ET106: 0 | EU106: 0 | EV106: 0 | EW106: 0 | EX106: 0 | EZ106: 5 | FC106: 1 | FD106: 18 | FF106: 115200 | FQ106: 0 | FR106: =ROUND(IF(AND(BH106=3,BI106=3),P106,0),2) -> 0 | FS106: 0 | FV106: *0,85 | FW106: *0,8 | FX106: 92 | FY106: 65 | GA106: [115 200 / 1,18 / 3,53] | GD106: 0 | GF106: -302443215 | GG106: 2 | GH106: 3 | GI106: 3 | GJ106: 0 | GK106: =ROUND(R106*(S12)/100,2) -> 0 | GL106: =ROUND(IF(AND(BH106=3,BI106=3,FS106<>0),P106,0),2) -> 0 | GM106: =ROUND(O106+X106+Y106+GK106,2)+GX106 -> 195254.25 | GN106: =IF(OR(BI106=0,BI106=1),ROUND(O106+X106+Y106+GK106,2),0) -> 0 | GO106: =IF(BI106=2,ROUND(O106+X106+Y106+GK106,2),0) -> 195254.25 | GP106: =IF(BI106=4,ROUND(O106+X106+Y106+GK106,2)+GX106,0) -> 0 | GR106: 1 | GS106: 1 | GT106: 0 | GV106: =ROUND(GT106,6) -> 0 | GW106: 1 | GX106: =ROUND(GV106*GW106*I106,2) -> 0 | HA106: 0 | HB106: 0 | IK106: 0
A107: 18 | B107: 1 | C107: 134 | E107: 11,2 | F107: Цена поставщика | G107: Контроллер системы оповещения LPA-EVA-MA | H107: ШТ | I107: =I103*J107 -> 1 | J107: 0.25 | O107: =ROUND(CP107,2) -> 0 | P107: =ROUND(CQ107*I107,2) -> 0 | Q107: =ROUND(CR107*I107,2) -> 0 | R107: =ROUND(CS107*I107,2) -> 0 | S107: =ROUND(CT107*I107,2) -> 0 | T107: =ROUND(CU107*I107,2) -> 0 | U107: =CV107*I107 -> 0 | V107: =CW107*I107 -> 0 | W107: =ROUND(CX107*I107,2) -> 0 | X107: =ROUND(CY107,2) -> 0 | Y107: =ROUND(CZ107,2) -> 0 | AA107: 16670159 | AB107: =ROUND((AC107+AD107+AF107),6) -> 0 | AC107: =ROUND((ES107),6) -> 0 | AD107: =ROUND((((ET107)-(EU107))+AE107),6) -> 0 | AE107: =ROUND((EU107),6) -> 0 | AF107: =ROUND((EV107),6) -> 0 | AG107: =ROUND((AP107),6) -> 0 | AH107: =(EW107) -> 0 | AI107: =(EX107) -> 0 | AJ107: =ROUND((AS107),6) -> 0 | AK107: 0 | AL107: 0 | AM107: 0 | AN107: 0 | AO107: 0 | AP107: 0 | AQ107: 0 | AR107: 0 | AS107: 0 | AT107: 92 | AU107: 65 | AV107: 1 | AW107: 1 | AZ107: 1 | BA107: 1 | BB107: 1 | BC107: 1 | BH107: 3 | BI107: 2 | BM107: 110004 | BN107: 0 | BP107: 0 | BQ107: 3 | BR107: 0 | BS107: 1 | BT107: 1 | BU107: 1 | BV107: 1 | BW107: 1 | BX107: 1 | BZ107: 92 | CA107: 65 | CF107: 0 | CG107: 0 | CM107: 0 | CO107: 0 | CP107: =(P107+Q107+S107) -> 0 | CQ107: =AC107*BC107 -> 0 | CR107: =AD107*BB107 -> 0 | CS107: =AE107*BS107 -> 0 | CT107: =AF107*BA107 -> 0 | CU107: =AG107 -> 0 | CV107: =AH107 -> 0 | CW107: =AI107 -> 0 | CX107: =AJ107 -> 0 | CY107: =(((S107+R107)*AT107)/100) -> 0 | CZ107: =(((S107+R107)*AU107)/100) -> 0 | DN107: 0 | DO107: 0 | DP107: 1 | DQ107: 1 | DU107: 1013 | DV107: ШТ | DW107: ШТ | DX107: 1 | EE107: 16510374 | EF107: 3 | EG107: Монтажные работы | EH107: 0 | EJ107: 2 | EK107: 110004 | EL107: Связь: монтаж теле- радио оборудования ( отдел 4 и 5 ) - (при устройстве средств посадки самолетов : НР=95%, СП=55% - {АВИА}=1) | EM107: мФЕР-10 | EQ107: 0 | ER107: 0 | ES107: 0 | ET107: 0 | EU107: 0 | EV107: 0 | EW107: 0 | EX107: 0 | FQ107: 0 | FR107: =ROUND(IF(AND(BH107=3,BI107=3),P107,0),2) -> 0 | FS107: 0 | FX107: 92 | FY107: 65 | GD107: 0 | GF107: 324895404 | GG107: 1 | GH107: 0 | GI107: -2 | GJ107: 0 | GK107: =ROUND(R107*(R12)/100,2) -> 0 | GL107: =ROUND(IF(AND(BH107=3,BI107=3,FS107<>0),P107,0),2) -> 0 | GM107: =ROUND(O107+X107+Y107+GK107,2)+GX107 -> 0 | GN107: =IF(OR(BI107=0,BI107=1),ROUND(O107+X107+Y107+GK107,2),0) -> 0 | GO107: =IF(BI107=2,ROUND(O107+X107+Y107+GK107,2),0) -> 0 | GP107: =IF(BI107=4,ROUND(O107+X107+Y107+GK107,2)+GX107,0) -> 0 | GR107: 0 | GS107: 3 | GT107: 0 | GV107: =ROUND(GT107,6) -> 0 | GW107: 1 | GX107: =ROUND(GV107*GW107*I107,2) -> 0 | HA107: 0 | HB107: 0 | IK107: 0
A108: 18 | B108: 1 | C108: 143 | E108: 11,2 | F108: Цена поставщика | G108: Контроллер системы оповещения LPA-EVA-MA | H108: ШТ | I108: =I104*J108 -> 1 | J108: 0.25 | O108: =ROUND(CP108,2) -> 146440.67 | P108: =ROUND(CQ108*I108,2) -> 146440.67 | Q108: =ROUND(CR108*I108,2) -> 0 | R108: =ROUND(CS108*I108,2) -> 0 | S108: =ROUND(CT108*I108,2) -> 0 | T108: =ROUND(CU108*I108,2) -> 0 | U108: =CV108*I108 -> 0 | V108: =CW108*I108 -> 0 | W108: =ROUND(CX108*I108,2) -> 0 | X108: =ROUND(CY108,2) -> 0 | Y108: =ROUND(CZ108,2) -> 0 | AA108: 16670161 | AB108: =ROUND((AC108+AD108+AF108),6) -> 41484.61 | AC108: =ROUND((ES108),6) -> 41484.61 | AD108: =ROUND((((ET108)-(EU108))+AE108),6) -> 0 | AE108: =ROUND((EU108),6) -> 0 | AF108: =ROUND((EV108),6) -> 0 | AG108: =ROUND((AP108),6) -> 0 | AH108: =(EW108) -> 0 | AI108: =(EX108) -> 0 | AJ108: =ROUND((AS108),6) -> 0 | AK108: 41484.61 | AL108: 41484.61 | AM108: 0 | AN108: 0 | AO108: 0 | AP108: 0 | AQ108: 0 | AR108: 0 | AS108: 0 | AT108: 78 | AU108: 52 | AV108: 1 | AW108: 1 | AZ108: 1 | BA108: 1 | BB108: 1 | BC108: 3.53 | BH108: 3 | BI108: 2 | BM108: 110004 | BN108: 0 | BP108: 0 | BQ108: 3 | BR108: 0 | BS108: 1 | BT108: 1 | BU108: 1 | BV108: 1 | BW108: 1 | BX108: 1 | BZ108: 92 | CA108: 65 | CF108: 0 | CG108: 0 | CM108: 0 | CO108: 0 | CP108: =(P108+Q108+S108) -> 146440.67 | CQ108: =AC108*BC108 -> 146440.67 | CR108: =AD108*BB108 -> 0 | CS108: =AE108*BS108 -> 0 | CT108: =AF108*BA108 -> 0 | CU108: =AG108 -> 0 | CV108: =AH108 -> 0 | CW108: =AI108 -> 0 | CX108: =AJ108 -> 0 | CY108: =(((S108+R108)*AT108)/100) -> 0 | CZ108: =(((S108+R108)*AU108)/100) -> 0 | DN108: 0 | DO108: 0 | DP108: 1 | DQ108: 1 | DU108: 1013 | DV108: ШТ | DW108: ШТ | DX108: 1 | EE108: 16510374 | EF108: 3 | EG108: Монтажные работы | EH108: 0 | EJ108: 2 | EK108: 110004 | EL108: Связь: монтаж теле- радио оборудования ( отдел 4 и 5 ) - (при устройстве средств посадки самолетов : НР=95%, СП=55% - {АВИА}=1) | EM108: мФЕР-10 | EQ108: 0 | ER108: 146440.68 | ES108: 41484.61 | ET108: 0 | EU108: 0 | EV108: 0 | EW108: 0 | EX108: 0 | EZ108: 5 | FC108: 1 | FD108: 18 | FF108: 172800 | FQ108: 0 | FR108: =ROUND(IF(AND(BH108=3,BI108=3),P108,0),2) -> 0 | FS108: 0 | FV108: *0,85 | FW108: *0,8 | FX108: 92 | FY108: 65 | GA108: [172 800 / 1,18 / 3,53] | GD108: 0 | GF108: 324895404 | GG108: 2 | GH108: 3 | GI108: 3 | GJ108: 0 | GK108: =ROUND(R108*(S12)/100,2) -> 0 | GL108: =ROUND(IF(AND(BH108=3,BI108=3,FS108<>0),P108,0),2) -> 0 | GM108: =ROUND(O108+X108+Y108+GK108,2)+GX108 -> 146440.67 | GN108: =IF(OR(BI108=0,BI108=1),ROUND(O108+X108+Y108+GK108,2),0) -> 0 | GO108: =IF(BI108=2,ROUND(O108+X108+Y108+GK108,2),0) -> 146440.67 | GP108: =IF(BI108=4,ROUND(O108+X108+Y108+GK108,2)+GX108,0) -> 0 | GR108: 1 | GS108: 1 | GT108: 0 | GV108: =ROUND(GT108,6) -> 0 | GW108: 1 | GX108: =ROUND(GV108*GW108*I108,2) -> 0 | HA108: 0 | HB108: 0 | IK108: 0
A109: 18 | B109: 1 | C109: 135 | E109: 11,3 | F109: Цена поставщика | G109: Коммутатор системы оповещения на 8 зон LPA-EVA-MS | H109: ШТ | I109: =I103*J109 -> 1 | J109: 0.25 | O109: =ROUND(CP109,2) -> 0 | P109: =ROUND(CQ109*I109,2) -> 0 | Q109: =ROUND(CR109*I109,2) -> 0 | R109: =ROUND(CS109*I109,2) -> 0 | S109: =ROUND(CT109*I109,2) -> 0 | T109: =ROUND(CU109*I109,2) -> 0 | U109: =CV109*I109 -> 0 | V109: =CW109*I109 -> 0 | W109: =ROUND(CX109*I109,2) -> 0 | X109: =ROUND(CY109,2) -> 0 | Y109: =ROUND(CZ109,2) -> 0 | AA109: 16670159 | AB109: =ROUND((AC109+AD109+AF109),6) -> 0 | AC109: =ROUND((ES109),6) -> 0 | AD109: =ROUND((((ET109)-(EU109))+AE109),6) -> 0 | AE109: =ROUND((EU109),6) -> 0 | AF109: =ROUND((EV109),6) -> 0 | AG109: =ROUND((AP109),6) -> 0 | AH109: =(EW109) -> 0 | AI109: =(EX109) -> 0 | AJ109: =ROUND((AS109),6) -> 0 | AK109: 0 | AL109: 0 | AM109: 0 | AN109: 0 | AO109: 0 | AP109: 0 | AQ109: 0 | AR109: 0 | AS109: 0 | AT109: 92 | AU109: 65 | AV109: 1 | AW109: 1 | AZ109: 1 | BA109: 1 | BB109: 1 | BC109: 1 | BH109: 3 | BI109: 2 | BM109: 110004 | BN109: 0 | BP109: 0 | BQ109: 3 | BR109: 0 | BS109: 1 | BT109: 1 | BU109: 1 | BV109: 1 | BW109: 1 | BX109: 1 | BZ109: 92 | CA109: 65 | CF109: 0 | CG109: 0 | CM109: 0 | CO109: 0 | CP109: =(P109+Q109+S109) -> 0 | CQ109: =AC109*BC109 -> 0 | CR109: =AD109*BB109 -> 0 | CS109: =AE109*BS109 -> 0 | CT109: =AF109*BA109 -> 0 | CU109: =AG109 -> 0 | CV109: =AH109 -> 0 | CW109: =AI109 -> 0 | CX109: =AJ109 -> 0 | CY109: =(((S109+R109)*AT109)/100) -> 0 | CZ109: =(((S109+R109)*AU109)/100) -> 0 | DN109: 0 | DO109: 0 | DP109: 1 | DQ109: 1 | DU109: 1013 | DV109: ШТ | DW109: ШТ | DX109: 1 | EE109: 16510374 | EF109: 3 | EG109: Монтажные работы | EH109: 0 | EJ109: 2 | EK109: 110004 | EL109: Связь: монтаж теле- радио оборудования ( отдел 4 и 5 ) - (при устройстве средств посадки самолетов : НР=95%, СП=55% - {АВИА}=1) | EM109: мФЕР-10 | EQ109: 0 | ER109: 0 | ES109: 0 | ET109: 0 | EU109: 0 | EV109: 0 | EW109: 0 | EX109: 0 | FQ109: 0 | FR109: =ROUND(IF(AND(BH109=3,BI109=3),P109,0),2) -> 0 | FS109: 0 | FX109: 92 | FY109: 65 | GD109: 0 | GF109: -1048887881 | GG109: 1 | GH109: 0 | GI109: -2 | GJ109: 0 | GK109: =ROUND(R109*(R12)/100,2) -> 0 | GL109: =ROUND(IF(AND(BH109=3,BI109=3,FS109<>0),P109,0),2) -> 0 | GM109: =ROUND(O109+X109+Y109+GK109,2)+GX109 -> 0 | GN109: =IF(OR(BI109=0,BI109=1),ROUND(O109+X109+Y109+GK109,2),0) -> 0 | GO109: =IF(BI109=2,ROUND(O109+X109+Y109+GK109,2),0) -> 0 | GP109: =IF(BI109=4,ROUND(O109+X109+Y109+GK109,2)+GX109,0) -> 0 | GR109: 0 | GS109: 3 | GT109: 0 | GV109: =ROUND(GT109,6) -> 0 | GW109: 1 | GX109: =ROUND(GV109*GW109*I109,2) -> 0 | HA109: 0 | HB109: 0 | IK109: 0
A110: 18 | B110: 1 | C110: 144 | E110: 11,3 | F110: Цена поставщика | G110: Коммутатор системы оповещения на 8 зон LPA-EVA-MS | H110: ШТ | I110: =I104*J110 -> 1 | J110: 0.25 | O110: =ROUND(CP110,2) -> 97627.13 | P110: =ROUND(CQ110*I110,2) -> 97627.13 | Q110: =ROUND(CR110*I110,2) -> 0 | R110: =ROUND(CS110*I110,2) -> 0 | S110: =ROUND(CT110*I110,2) -> 0 | T110: =ROUND(CU110*I110,2) -> 0 | U110: =CV110*I110 -> 0 | V110: =CW110*I110 -> 0 | W110: =ROUND(CX110*I110,2) -> 0 | X110: =ROUND(CY110,2) -> 0 | Y110: =ROUND(CZ110,2) -> 0 | AA110: 16670161 | AB110: =ROUND((AC110+AD110+AF110),6) -> 27656.41 | AC110: =ROUND((ES110),6) -> 27656.41 | AD110: =ROUND((((ET110)-(EU110))+AE110),6) -> 0 | AE110: =ROUND((EU110),6) -> 0 | AF110: =ROUND((EV110),6) -> 0 | AG110: =ROUND((AP110),6) -> 0 | AH110: =(EW110) -> 0 | AI110: =(EX110) -> 0 | AJ110: =ROUND((AS110),6) -> 0 | AK110: 27656.41 | AL110: 27656.41 | AM110: 0 | AN110: 0 | AO110: 0 | AP110: 0 | AQ110: 0 | AR110: 0 | AS110: 0 | AT110: 78 | AU110: 52 | AV110: 1 | AW110: 1 | AZ110: 1 | BA110: 1 | BB110: 1 | BC110: 3.53 | BH110: 3 | BI110: 2 | BM110: 110004 | BN110: 0 | BP110: 0 | BQ110: 3 | BR110: 0 | BS110: 1 | BT110: 1 | BU110: 1 | BV110: 1 | BW110: 1 | BX110: 1 | BZ110: 92 | CA110: 65 | CF110: 0 | CG110: 0 | CM110: 0 | CO110: 0 | CP110: =(P110+Q110+S110) -> 97627.13 | CQ110: =AC110*BC110 -> 97627.127 | CR110: =AD110*BB110 -> 0 | CS110: =AE110*BS110 -> 0 | CT110: =AF110*BA110 -> 0 | CU110: =AG110 -> 0 | CV110: =AH110 -> 0 | CW110: =AI110 -> 0 | CX110: =AJ110 -> 0 | CY110: =(((S110+R110)*AT110)/100) -> 0 | CZ110: =(((S110+R110)*AU110)/100) -> 0 | DN110: 0 | DO110: 0 | DP110: 1 | DQ110: 1 | DU110: 1013 | DV110: ШТ | DW110: ШТ | DX110: 1 | EE110: 16510374 | EF110: 3 | EG110: Монтажные работы | EH110: 0 | EJ110: 2 | EK110: 110004 | EL110: Связь: монтаж теле- радио оборудования ( отдел 4 и 5 ) - (при устройстве средств посадки самолетов : НР=95%, СП=55% - {АВИА}=1) | EM110: мФЕР-10 | EQ110: 0 | ER110: 97627.12 | ES110: 27656.41 | ET110: 0 | EU110: 0 | EV110: 0 | EW110: 0 | EX110: 0 | EZ110: 5 | FC110: 1 | FD110: 18 | FF110: 115200 | FQ110: 0 | FR110: =ROUND(IF(AND(BH110=3,BI110=3),P110,0),2) -> 0 | FS110: 0 | FV110: *0,85 | FW110: *0,8 | FX110: 92 | FY110: 65 | GA110: [115 200 / 1,18 / 3,53] | GD110: 0 | GF110: -1048887881 | GG110: 2 | GH110: 3 | GI110: 3 | GJ110: 0 | GK110: =ROUND(R110*(S12)/100,2) -> 0 | GL110: =ROUND(IF(AND(BH110=3,BI110=3,FS110<>0),P110,0),2) -> 0 | GM110: =ROUND(O110+X110+Y110+GK110,2)+GX110 -> 97627.13 | GN110: =IF(OR(BI110=0,BI110=1),ROUND(O110+X110+Y110+GK110,2),0) -> 0 | GO110: =IF(BI110=2,ROUND(O110+X110+Y110+GK110,2),0) -> 97627.13 | GP110: =IF(BI110=4,ROUND(O110+X110+Y110+GK110,2)+GX110,0) -> 0 | GR110: 1 | GS110: 1 | GT110: 0 | GV110: =ROUND(GT110,6) -> 0 | GW110: 1 | GX110: =ROUND(GV110*GW110*I110,2) -> 0 | HA110: 0 | HB110: 0 | IK110: 0
A111: 17 | B111: 1 | C111: =ROW(SmtRes!A151) -> 151 | D111: =ROW(EtalonRes!A126) -> 126 | E111: 12 | F111: м10-08-003-03 | G111: Устройство ультразвуковое, блок питания и контроля | H111: ШТ | I111: 6 | J111: 0 | O111: =ROUND(CP111,2) -> 246.54 | P111: =ROUND(CQ111*I111,2) -> 25.98 | Q111: =ROUND(CR111*I111,2) -> 0 | R111: =ROUND(CS111*I111,2) -> 0 | S111: =ROUND(CT111*I111,2) -> 220.56 | T111: =ROUND(CU111*I111,2) -> 0 | U111: =CV111*I111 -> 21.6 | V111: =CW111*I111 -> 0 | W111: =ROUND(CX111*I111,2) -> 0 | X111: =ROUND(CY111,2) -> 176.45 | Y111: =ROUND(CZ111,2) -> 132.34 | AA111: 16670159 | AB111: =ROUND((AC111+AD111+AF111),6) -> 41.09 | AC111: =ROUND((ES111),6) -> 4.33 | AD111: =ROUND((((ET111)-(EU111))+AE111),6) -> 0 | AE111: =ROUND((EU111),6) -> 0 | AF111: =ROUND((EV111),6) -> 36.76 | AG111: =ROUND((AP111),6) -> 0 | AH111: =(EW111) -> 3.6 | AI111: =(EX111) -> 0 | AJ111: =ROUND((AS111),6) -> 0 | AK111: 41.09 | AL111: 4.33 | AM111: 0 | AN111: 0 | AO111: 36.76 | AP111: 0 | AQ111: 3.6 | AR111: 0 | AS111: 0 | AT111: 80 | AU111: 60 | AV111: 1 | AW111: 1 | AZ111: 1 | BA111: 1 | BB111: 1 | BC111: 1 | BH111: 0 | BI111: 2 | BJ111: ФЕРм-2001, м10-08-003-03, приказ Минстроя России №1039/пр от 30.12.2016г. | BM111: 110011 | BN111: 0 | BP111: 0 | BQ111: 3 | BR111: 0 | BS111: 1 | BT111: 1 | BU111: 1 | BV111: 1 | BW111: 1 | BX111: 1 | BZ111: 80 | CA111: 60 | CF111: 0 | CG111: 0 | CM111: 0 | CO111: 0 | CP111: =(P111+Q111+S111) -> 246.54 | CQ111: =AC111*BC111 -> 4.33 | CR111: =AD111*BB111 -> 0 | CS111: =AE111*BS111 -> 0 | CT111: =AF111*BA111 -> 36.76 | CU111: =AG111 -> 0 | CV111: =AH111 -> 3.6 | CW111: =AI111 -> 0 | CX111: =AJ111 -> 0 | CY111: =(((S111+R111)*AT111)/100) -> 176.448 | CZ111: =(((S111+R111)*AU111)/100) -> 132.336 | DN111: 0 | DO111: 0 | DP111: 1 | DQ111: 1 | DU111: 1013 | DV111: ШТ | DW111: ШТ | DX111: 1 | EE111: 16510417 | EF111: 3 | EG111: Монтажные работы | EH111: 0 | EJ111: 2 | EK111: 110011 | EL111: Связь: пожарно-охранная сигнализация и пром. телевиз. установки ( отделы 8 и 9 ) (при устройстве средств посадки самолетов : НР=95%, СП=55% - {АВИА}=1) | EM111: мФЕР-10 | EQ111: 0 | ER111: 41.09 | ES111: 4.33 | ET111: 0 | EU111: 0 | EV111: 36.76 | EW111: 3.6 | EX111: 0 | EY111: 0 | FQ111: 0 | FR111: =ROUND(IF(AND(BH111=3,BI111=3),P111,0),2) -> 0 | FS111: 0 | FX111: 80 | FY111: 60 | GD111: 0 | GF111: -1645192336 | GG111: 1 | GH111: 1 | GI111: -2 | GJ111: 0 | GK111: =ROUND(R111*(R12)/100,2) -> 0 | GL111: =ROUND(IF(AND(BH111=3,BI111=3,FS111<>0),P111,0),2) -> 0 | GM111: =ROUND(O111+X111+Y111+GK111,2)+GX111 -> 555.33 | GN111: =IF(OR(BI111=0,BI111=1),ROUND(O111+X111+Y111+GK111,2),0) -> 0 | GO111: =IF(BI111=2,ROUND(O111+X111+Y111+GK111,2),0) -> 555.33 | GP111: =IF(BI111=4,ROUND(O111+X111+Y111+GK111,2)+GX111,0) -> 0 | GR111: 0 | GS111: 3 | GT111: 0 | GV111: =ROUND(GT111,6) -> 0 | GW111: 1 | GX111: =ROUND(GV111*GW111*I111,2) -> 0 | HA111: 0 | HB111: 0 | IK111: 0
A112: 17 | B112: 1 | C112: =ROW(SmtRes!A158) -> 158 | D112: =ROW(EtalonRes!A132) -> 132 | E112: 12 | F112: м10-08-003-03 | G112: Устройство ультразвуковое, блок питания и контроля | H112: ШТ | I112: 6 | J112: 0 | O112: =ROUND(CP112,2) -> 1609.91 | P112: =ROUND(CQ112*I112,2) -> 169.65 | Q112: =ROUND(CR112*I112,2) -> 0 | R112: =ROUND(CS112*I112,2) -> 0 | S112: =ROUND(CT112*I112,2) -> 1440.26 | T112: =ROUND(CU112*I112,2) -> 0 | U112: =CV112*I112 -> 21.6 | V112: =CW112*I112 -> 0 | W112: =ROUND(CX112*I112,2) -> 0 | X112: =ROUND(CY112,2) -> 1152.21 | Y112: =ROUND(CZ112,2) -> 864.16 | AA112: 16670161 | AB112: =ROUND((AC112+AD112+AF112),6) -> 41.09 | AC112: =ROUND((ES112),6) -> 4.33 | AD112: =ROUND((((ET112)-(EU112))+AE112),6) -> 0 | AE112: =ROUND((EU112),6) -> 0 | AF112: =ROUND((EV112),6) -> 36.76 | AG112: =ROUND((AP112),6) -> 0 | AH112: =(EW112) -> 3.6 | AI112: =(EX112) -> 0 | AJ112: =ROUND((AS112),6) -> 0 | AK112: 41.09 | AL112: 4.33 | AM112: 0 | AN112: 0 | AO112: 36.76 | AP112: 0 | AQ112: 3.6 | AR112: 0 | AS112: 0 | AT112: 80 | AU112: 60 | AV112: 1 | AW112: 1 | AZ112: 6.53 | BA112: 6.53 | BB112: 6.53 | BC112: 6.53 | BH112: 0 | BI112: 2 | BJ112: ФЕРм-2001, м10-08-003-03, приказ Минстроя России №1039/пр от 30.12.2016г. | BM112: 110011 | BN112: 0 | BP112: 0 | BQ112: 3 | BR112: 0 | BS112: 6.53 | BT112: 1 | BU112: 1 | BV112: 1 | BW112: 1 | BX112: 1 | BZ112: 80 | CA112: 60 | CF112: 0 | CG112: 0 | CM112: 0 | CO112: 0 | CP112: =(P112+Q112+S112) -> 1609.91 | CQ112: =AC112*BC112 -> 28.2749 | CR112: =AD112*BB112 -> 0 | CS112: =AE112*BS112 -> 0 | CT112: =AF112*BA112 -> 240.0428 | CU112: =AG112 -> 0 | CV112: =AH112 -> 3.6 | CW112: =AI112 -> 0 | CX112: =AJ112 -> 0 | CY112: =(((S112+R112)*AT112)/100) -> 1152.208 | CZ112: =(((S112+R112)*AU112)/100) -> 864.156 | DN112: 0 | DO112: 0 | DP112: 1 | DQ112: 1 | DU112: 1013 | DV112: ШТ | DW112: ШТ | DX112: 1 | EE112: 16510417 | EF112: 3 | EG112: Монтажные работы | EH112: 0 | EJ112: 2 | EK112: 110011 | EL112: Связь: пожарно-охранная сигнализация и пром. телевиз. установки ( отделы 8 и 9 ) (при устройстве средств посадки самолетов : НР=95%, СП=55% - {АВИА}=1) | EM112: мФЕР-10 | EQ112: 0 | ER112: 41.09 | ES112: 4.33 | ET112: 0 | EU112: 0 | EV112: 36.76 | EW112: 3.6 | EX112: 0 | EY112: 0 | FQ112: 0 | FR112: =ROUND(IF(AND(BH112=3,BI112=3),P112,0),2) -> 0 | FS112: 0 | FX112: 80 | FY112: 60 | GD112: 0 | GF112: -1645192336 | GG112: 1 | GH112: 1 | GI112: 4 | GJ112: 0 | GK112: =ROUND(R112*(S12)/100,2) -> 0 | GL112: =ROUND(IF(AND(BH112=3,BI112=3,FS112<>0),P112,0),2) -> 0 | GM112: =ROUND(O112+X112+Y112+GK112,2)+GX112 -> 3626.28 | GN112: =IF(OR(BI112=0,BI112=1),ROUND(O112+X112+Y112+GK112,2),0) -> 0 | GO112: =IF(BI112=2,ROUND(O112+X112+Y112+GK112,2),0) -> 3626.28 | GP112: =IF(BI112=4,ROUND(O112+X112+Y112+GK112,2)+GX112,0) -> 0 | GR112: 0 | GS112: 3 | GT112: 0 | GV112: =ROUND(GT112,6) -> 0 | GW112: 1 | GX112: =ROUND(GV112*GW112*I112,2) -> 0 | HA112: 0 | HB112: 0 | IK112: 0
A113: 18 | B113: 1 | C113: 150 | E113: 12,1 | F113: 62.4.02.03-0021 | G113: Источник вторичного электропитания резервированный ИВЭПР 12-5 К1 | H113: шт. | I113: =I111*J113 -> 6 | J113: 1 | O113: =ROUND(CP113,2) -> 1708.8 | P113: =ROUND(CQ113*I113,2) -> 1708.8 | Q113: =ROUND(CR113*I113,2) -> 0 | R113: =ROUND(CS113*I113,2) -> 0 | S113: =ROUND(CT113*I113,2) -> 0 | T113: =ROUND(CU113*I113,2) -> 0 | U113: =CV113*I113 -> 0 | V113: =CW113*I113 -> 0 | W113: =ROUND(CX113*I113,2) -> 0 | X113: =ROUND(CY113,2) -> 0 | Y113: =ROUND(CZ113,2) -> 0 | AA113: 16670159 | AB113: =ROUND((AC113+AD113+AF113),6) -> 284.8 | AC113: =ROUND((ES113),6) -> 284.8 | AD113: =ROUND((((ET113)-(EU113))+AE113),6) -> 0 | AE113: =ROUND((EU113),6) -> 0 | AF113: =ROUND((EV113),6) -> 0 | AG113: =ROUND((AP113),6) -> 0 | AH113: =(EW113) -> 0 | AI113: =(EX113) -> 0 | AJ113: =ROUND((AS113),6) -> 0 | AK113: 284.8 | AL113: 284.8 | AM113: 0 | AN113: 0 | AO113: 0 | AP113: 0 | AQ113: 0 | AR113: 0 | AS113: 0 | AT113: 80 | AU113: 60 | AV113: 1 | AW113: 1 | AZ113: 1 | BA113: 1 | BB113: 1 | BC113: 1 | BH113: 3 | BI113: 2 | BJ113: ФССЦ-2001, 62.4.02.03-0021, приказ Минстроя России №1039/пр от 30.12.2016г. | BM113: 110011 | BN113: 0 | BP113: 0 | BQ113: 3 | BR113: 0 | BS113: 1 | BT113: 1 | BU113: 1 | BV113: 1 | BW113: 1 | BX113: 1 | BZ113: 80 | CA113: 60 | CF113: 0 | CG113: 0 | CM113: 0 | CO113: 0 | CP113: =(P113+Q113+S113) -> 1708.8 | CQ113: =AC113*BC113 -> 284.8 | CR113: =AD113*BB113 -> 0 | CS113: =AE113*BS113 -> 0 | CT113: =AF113*BA113 -> 0 | CU113: =AG113 -> 0 | CV113: =AH113 -> 0 | CW113: =AI113 -> 0 | CX113: =AJ113 -> 0 | CY113: =(((S113+R113)*AT113)/100) -> 0 | CZ113: =(((S113+R113)*AU113)/100) -> 0 | DN113: 0 | DO113: 0 | DP113: 1 | DQ113: 1 | DU113: 1010 | DV113: шт. | DW113: шт. | DX113: 1 | EE113: 16510417 | EF113: 3 | EG113: Монтажные работы | EH113: 0 | EJ113: 2 | EK113: 110011 | EL113: Связь: пожарно-охранная сигнализация и пром. телевиз. установки ( отделы 8 и 9 ) (при устройстве средств посадки самолетов : НР=95%, СП=55% - {АВИА}=1) | EM113: мФЕР-10 | EQ113: 0 | ER113: 284.8 | ES113: 284.8 | ET113: 0 | EU113: 0 | EV113: 0 | EW113: 0 | EX113: 0 | FQ113: 0 | FR113: =ROUND(IF(AND(BH113=3,BI113=3),P113,0),2) -> 0 | FS113: 0 | FX113: 80 | FY113: 60 | GD113: 0 | GF113: -45008884 | GG113: 1 | GH113: 1 | GI113: -2 | GJ113: 0 | GK113: =ROUND(R113*(R12)/100,2) -> 0 | GL113: =ROUND(IF(AND(BH113=3,BI113=3,FS113<>0),P113,0),2) -> 0 | GM113: =ROUND(O113+X113+Y113+GK113,2)+GX113 -> 1708.8 | GN113: =IF(OR(BI113=0,BI113=1),ROUND(O113+X113+Y113+GK113,2),0) -> 0 | GO113: =IF(BI113=2,ROUND(O113+X113+Y113+GK113,2),0) -> 1708.8 | GP113: =IF(BI113=4,ROUND(O113+X113+Y113+GK113,2)+GX113,0) -> 0 | GR113: 0 | GS113: 3 | GT113: 0 | GV113: =ROUND(GT113,6) -> 0 | GW113: 1 | GX113: =ROUND(GV113*GW113*I113,2) -> 0 | HA113: 0 | HB113: 0 | IK113: 0
A114: 18 | B114: 1 | C114: 157 | E114: 12,1 | F114: 62.4.02.03-0021 | G114: Источник вторичного электропитания резервированный ИВЭПР 12-5 К1 | H114: шт. | I114: =I112*J114 -> 6 | J114: 1 | O114: =ROUND(CP114,2) -> 11158.46 | P114: =ROUND(CQ114*I114,2) -> 11158.46 | Q114: =ROUND(CR114*I114,2) -> 0 | R114: =ROUND(CS114*I114,2) -> 0 | S114: =ROUND(CT114*I114,2) -> 0 | T114: =ROUND(CU114*I114,2) -> 0 | U114: =CV114*I114 -> 0 | V114: =CW114*I114 -> 0 | W114: =ROUND(CX114*I114,2) -> 0 | X114: =ROUND(CY114,2) -> 0 | Y114: =ROUND(CZ114,2) -> 0 | AA114: 16670161 | AB114: =ROUND((AC114+AD114+AF114),6) -> 284.8 | AC114: =ROUND((ES114),6) -> 284.8 | AD114: =ROUND((((ET114)-(EU114))+AE114),6) -> 0 | AE114: =ROUND((EU114),6) -> 0 | AF114: =ROUND((EV114),6) -> 0 | AG114: =ROUND((AP114),6) -> 0 | AH114: =(EW114) -> 0 | AI114: =(EX114) -> 0 | AJ114: =ROUND((AS114),6) -> 0 | AK114: 284.8 | AL114: 284.8 | AM114: 0 | AN114: 0 | AO114: 0 | AP114: 0 | AQ114: 0 | AR114: 0 | AS114: 0 | AT114: 80 | AU114: 60 | AV114: 1 | AW114: 1 | AZ114: 6.53 | BA114: 1 | BB114: 1 | BC114: 6.53 | BH114: 3 | BI114: 2 | BJ114: ФССЦ-2001, 62.4.02.03-0021, приказ Минстроя России №1039/пр от 30.12.2016г. | BM114: 110011 | BN114: 0 | BP114: 0 | BQ114: 3 | BR114: 0 | BS114: 1 | BT114: 1 | BU114: 1 | BV114: 1 | BW114: 1 | BX114: 1 | BZ114: 80 | CA114: 60 | CF114: 0 | CG114: 0 | CM114: 0 | CO114: 0 | CP114: =(P114+Q114+S114) -> 11158.46 | CQ114: =AC114*BC114 -> 1859.744 | CR114: =AD114*BB114 -> 0 | CS114: =AE114*BS114 -> 0 | CT114: =AF114*BA114 -> 0 | CU114: =AG114 -> 0 | CV114: =AH114 -> 0 | CW114: =AI114 -> 0 | CX114: =AJ114 -> 0 | CY114: =(((S114+R114)*AT114)/100) -> 0 | CZ114: =(((S114+R114)*AU114)/100) -> 0 | DN114: 0 | DO114: 0 | DP114: 1 | DQ114: 1 | DU114: 1010 | DV114: шт. | DW114: шт. | DX114: 1 | EE114: 16510417 | EF114: 3 | EG114: Монтажные работы | EH114: 0 | EJ114: 2 | EK114: 110011 | EL114: Связь: пожарно-охранная сигнализация и пром. телевиз. установки ( отделы 8 и 9 ) (при устройстве средств посадки самолетов : НР=95%, СП=55% - {АВИА}=1) | EM114: мФЕР-10 | EQ114: 0 | ER114: 284.8 | ES114: 284.8 | ET114: 0 | EU114: 0 | EV114: 0 | EW114: 0 | EX114: 0 | FQ114: 0 | FR114: =ROUND(IF(AND(BH114=3,BI114=3),P114,0),2) -> 0 | FS114: 0 | FX114: 80 | FY114: 60 | GD114: 0 | GF114: -45008884 | GG114: 1 | GH114: 1 | GI114: 4 | GJ114: 0 | GK114: =ROUND(R114*(S12)/100,2) -> 0 | GL114: =ROUND(IF(AND(BH114=3,BI114=3,FS114<>0),P114,0),2) -> 0 | GM114: =ROUND(O114+X114+Y114+GK114,2)+GX114 -> 11158.46 | GN114: =IF(OR(BI114=0,BI114=1),ROUND(O114+X114+Y114+GK114,2),0) -> 0 | GO114: =IF(BI114=2,ROUND(O114+X114+Y114+GK114,2),0) -> 11158.46 | GP114: =IF(BI114=4,ROUND(O114+X114+Y114+GK114,2)+GX114,0) -> 0 | GR114: 0 | GS114: 3 | GT114: 0 | GV114: =ROUND(GT114,6) -> 0 | GW114: 1 | GX114: =ROUND(GV114*GW114*I114,2) -> 0 | HA114: 0 | HB114: 0 | IK114: 0
A115: 17 | B115: 1 | C115: =ROW(SmtRes!A165) -> 165 | D115: =ROW(EtalonRes!A138) -> 138 | E115: 13 | F115: м10-08-003-03 | G115: Устройство ультразвуковое, блок питания и контроля | H115: ШТ | I115: 1 | J115: 0 | O115: =ROUND(CP115,2) -> 41.09 | P115: =ROUND(CQ115*I115,2) -> 4.33 | Q115: =ROUND(CR115*I115,2) -> 0 | R115: =ROUND(CS115*I115,2) -> 0 | S115: =ROUND(CT115*I115,2) -> 36.76 | T115: =ROUND(CU115*I115,2) -> 0 | U115: =CV115*I115 -> 3.6 | V115: =CW115*I115 -> 0 | W115: =ROUND(CX115*I115,2) -> 0 | X115: =ROUND(CY115,2) -> 29.41 | Y115: =ROUND(CZ115,2) -> 22.06 | AA115: 16670159 | AB115: =ROUND((AC115+AD115+AF115),6) -> 41.09 | AC115: =ROUND((ES115),6) -> 4.33 | AD115: =ROUND((((ET115)-(EU115))+AE115),6) -> 0 | AE115: =ROUND((EU115),6) -> 0 | AF115: =ROUND((EV115),6) -> 36.76 | AG115: =ROUND((AP115),6) -> 0 | AH115: =(EW115) -> 3.6 | AI115: =(EX115) -> 0 | AJ115: =ROUND((AS115),6) -> 0 | AK115: 41.09 | AL115: 4.33 | AM115: 0 | AN115: 0 | AO115: 36.76 | AP115: 0 | AQ115: 3.6 | AR115: 0 | AS115: 0 | AT115: 80 | AU115: 60 | AV115: 1 | AW115: 1 | AZ115: 1 | BA115: 1 | BB115: 1 | BC115: 1 | BH115: 0 | BI115: 2 | BJ115: ФЕРм-2001, м10-08-003-03, приказ Минстроя России №1039/пр от 30.12.2016г. | BM115: 110011 | BN115: 0 | BP115: 0 | BQ115: 3 | BR115: 0 | BS115: 1 | BT115: 1 | BU115: 1 | BV115: 1 | BW115: 1 | BX115: 1 | BZ115: 80 | CA115: 60 | CF115: 0 | CG115: 0 | CM115: 0 | CO115: 0 | CP115: =(P115+Q115+S115) -> 41.09 | CQ115: =AC115*BC115 -> 4.33 | CR115: =AD115*BB115 -> 0 | CS115: =AE115*BS115 -> 0 | CT115: =AF115*BA115 -> 36.76 | CU115: =AG115 -> 0 | CV115: =AH115 -> 3.6 | CW115: =AI115 -> 0 | CX115: =AJ115 -> 0 | CY115: =(((S115+R115)*AT115)/100) -> 29.408 | CZ115: =(((S115+R115)*AU115)/100) -> 22.056 | DN115: 0 | DO115: 0 | DP115: 1 | DQ115: 1 | DU115: 1013 | DV115: ШТ | DW115: ШТ | DX115: 1 | EE115: 16510417 | EF115: 3 | EG115: Монтажные работы | EH115: 0 | EJ115: 2 | EK115: 110011 | EL115: Связь: пожарно-охранная сигнализация и пром. телевиз. установки ( отделы 8 и 9 ) (при устройстве средств посадки самолетов : НР=95%, СП=55% - {АВИА}=1) | EM115: мФЕР-10 | EQ115: 0 | ER115: 41.09 | ES115: 4.33 | ET115: 0 | EU115: 0 | EV115: 36.76 | EW115: 3.6 | EX115: 0 | EY115: 0 | FQ115: 0 | FR115: =ROUND(IF(AND(BH115=3,BI115=3),P115,0),2) -> 0 | FS115: 0 | FX115: 80 | FY115: 60 | GD115: 0 | GF115: -1645192336 | GG115: 1 | GH115: 1 | GI115: -2 | GJ115: 0 | GK115: =ROUND(R115*(R12)/100,2) -> 0 | GL115: =ROUND(IF(AND(BH115=3,BI115=3,FS115<>0),P115,0),2) -> 0 | GM115: =ROUND(O115+X115+Y115+GK115,2)+GX115 -> 92.56 | GN115: =IF(OR(BI115=0,BI115=1),ROUND(O115+X115+Y115+GK115,2),0) -> 0 | GO115: =IF(BI115=2,ROUND(O115+X115+Y115+GK115,2),0) -> 92.56 | GP115: =IF(BI115=4,ROUND(O115+X115+Y115+GK115,2)+GX115,0) -> 0 | GR115: 0 | GS115: 3 | GT115: 0 | GV115: =ROUND(GT115,6) -> 0 | GW115: 1 | GX115: =ROUND(GV115*GW115*I115,2) -> 0 | HA115: 0 | HB115: 0 | IK115: 0
A116: 17 | B116: 1 | C116: =ROW(SmtRes!A172) -> 172 | D116: =ROW(EtalonRes!A144) -> 144 | E116: 13 | F116: м10-08-003-03 | G116: Устройство ультразвуковое, блок питания и контроля | H116: ШТ | I116: 1 | J116: 0 | O116: =ROUND(CP116,2) -> 268.31 | P116: =ROUND(CQ116*I116,2) -> 28.27 | Q116: =ROUND(CR116*I116,2) -> 0 | R116: =ROUND(CS116*I116,2) -> 0 | S116: =ROUND(CT116*I116,2) -> 240.04 | T116: =ROUND(CU116*I116,2) -> 0 | U116: =CV116*I116 -> 3.6 | V116: =CW116*I116 -> 0 | W116: =ROUND(CX116*I116,2) -> 0 | X116: =ROUND(CY116,2) -> 192.03 | Y116: =ROUND(CZ116,2) -> 144.02 | AA116: 16670161 | AB116: =ROUND((AC116+AD116+AF116),6) -> 41.09 | AC116: =ROUND((ES116),6) -> 4.33 | AD116: =ROUND((((ET116)-(EU116))+AE116),6) -> 0 | AE116: =ROUND((EU116),6) -> 0 | AF116: =ROUND((EV116),6) -> 36.76 | AG116: =ROUND((AP116),6) -> 0 | AH116: =(EW116) -> 3.6 | AI116: =(EX116) -> 0 | AJ116: =ROUND((AS116),6) -> 0 | AK116: 41.09 | AL116: 4.33 | AM116: 0 | AN116: 0 | AO116: 36.76 | AP116: 0 | AQ116: 3.6 | AR116: 0 | AS116: 0 | AT116: 80 | AU116: 60 | AV116: 1 | AW116: 1 | AZ116: 6.53 | BA116: 6.53 | BB116: 6.53 | BC116: 6.53 | BH116: 0 | BI116: 2 | BJ116: ФЕРм-2001, м10-08-003-03, приказ Минстроя России №1039/пр от 30.12.2016г. | BM116: 110011 | BN116: 0 | BP116: 0 | BQ116: 3 | BR116: 0 | BS116: 6.53 | BT116: 1 | BU116: 1 | BV116: 1 | BW116: 1 | BX116: 1 | BZ116: 80 | CA116: 60 | CF116: 0 | CG116: 0 | CM116: 0 | CO116: 0 | CP116: =(P116+Q116+S116) -> 268.31 | CQ116: =AC116*BC116 -> 28.2749 | CR116: =AD116*BB116 -> 0 | CS116: =AE116*BS116 -> 0 | CT116: =AF116*BA116 -> 240.0428 | CU116: =AG116 -> 0 | CV116: =AH116 -> 3.6 | CW116: =AI116 -> 0 | CX116: =AJ116 -> 0 | CY116: =(((S116+R116)*AT116)/100) -> 192.032 | CZ116: =(((S116+R116)*AU116)/100) -> 144.024 | DN116: 0 | DO116: 0 | DP116: 1 | DQ116: 1 | DU116: 1013 | DV116: ШТ | DW116: ШТ | DX116: 1 | EE116: 16510417 | EF116: 3 | EG116: Монтажные работы | EH116: 0 | EJ116: 2 | EK116: 110011 | EL116: Связь: пожарно-охранная сигнализация и пром. телевиз. установки ( отделы 8 и 9 ) (при устройстве средств посадки самолетов : НР=95%, СП=55% - {АВИА}=1) | EM116: мФЕР-10 | EQ116: 0 | ER116: 41.09 | ES116: 4.33 | ET116: 0 | EU116: 0 | EV116: 36.76 | EW116: 3.6 | EX116: 0 | EY116: 0 | FQ116: 0 | FR116: =ROUND(IF(AND(BH116=3,BI116=3),P116,0),2) -> 0 | FS116: 0 | FX116: 80 | FY116: 60 | GD116: 0 | GF116: -1645192336 | GG116: 1 | GH116: 1 | GI116: 4 | GJ116: 0 | GK116: =ROUND(R116*(S12)/100,2) -> 0 | GL116: =ROUND(IF(AND(BH116=3,BI116=3,FS116<>0),P116,0),2) -> 0 | GM116: =ROUND(O116+X116+Y116+GK116,2)+GX116 -> 604.36 | GN116: =IF(OR(BI116=0,BI116=1),ROUND(O116+X116+Y116+GK116,2),0) -> 0 | GO116: =IF(BI116=2,ROUND(O116+X116+Y116+GK116,2),0) -> 604.36 | GP116: =IF(BI116=4,ROUND(O116+X116+Y116+GK116,2)+GX116,0) -> 0 | GR116: 0 | GS116: 3 | GT116: 0 | GV116: =ROUND(GT116,6) -> 0 | GW116: 1 | GX116: =ROUND(GV116*GW116*I116,2) -> 0 | HA116: 0 | HB116: 0 | IK116: 0
A117: 18 | B117: 1 | C117: 165 | E117: 13,1 | F117: Цена поставщика | G117: Блок основного и резервного питания системы LPA-EVA-BC | H117: ШТ | I117: =I115*J117 -> 1 | J117: 1 | O117: =ROUND(CP117,2) -> 0 | P117: =ROUND(CQ117*I117,2) -> 0 | Q117: =ROUND(CR117*I117,2) -> 0 | R117: =ROUND(CS117*I117,2) -> 0 | S117: =ROUND(CT117*I117,2) -> 0 | T117: =ROUND(CU117*I117,2) -> 0 | U117: =CV117*I117 -> 0 | V117: =CW117*I117 -> 0 | W117: =ROUND(CX117*I117,2) -> 0 | X117: =ROUND(CY117,2) -> 0 | Y117: =ROUND(CZ117,2) -> 0 | AA117: 16670159 | AB117: =ROUND((AC117+AD117+AF117),6) -> 0 | AC117: =ROUND((ES117),6) -> 0 | AD117: =ROUND((((ET117)-(EU117))+AE117),6) -> 0 | AE117: =ROUND((EU117),6) -> 0 | AF117: =ROUND((EV117),6) -> 0 | AG117: =ROUND((AP117),6) -> 0 | AH117: =(EW117) -> 0 | AI117: =(EX117) -> 0 | AJ117: =ROUND((AS117),6) -> 0 | AK117: 0 | AL117: 0 | AM117: 0 | AN117: 0 | AO117: 0 | AP117: 0 | AQ117: 0 | AR117: 0 | AS117: 0 | AT117: 80 | AU117: 60 | AV117: 1 | AW117: 1 | AZ117: 1 | BA117: 1 | BB117: 1 | BC117: 1 | BH117: 3 | BI117: 2 | BM117: 110011 | BN117: 0 | BP117: 0 | BQ117: 3 | BR117: 0 | BS117: 1 | BT117: 1 | BU117: 1 | BV117: 1 | BW117: 1 | BX117: 1 | BZ117: 80 | CA117: 60 | CF117: 0 | CG117: 0 | CM117: 0 | CO117: 0 | CP117: =(P117+Q117+S117) -> 0 | CQ117: =AC117*BC117 -> 0 | CR117: =AD117*BB117 -> 0 | CS117: =AE117*BS117 -> 0 | CT117: =AF117*BA117 -> 0 | CU117: =AG117 -> 0 | CV117: =AH117 -> 0 | CW117: =AI117 -> 0 | CX117: =AJ117 -> 0 | CY117: =(((S117+R117)*AT117)/100) -> 0 | CZ117: =(((S117+R117)*AU117)/100) -> 0 | DN117: 0 | DO117: 0 | DP117: 1 | DQ117: 1 | DU117: 1013 | DV117: ШТ | DW117: ШТ | DX117: 1 | EE117: 16510417 | EF117: 3 | EG117: Монтажные работы | EH117: 0 | EJ117: 2 | EK117: 110011 | EL117: Связь: пожарно-охранная сигнализация и пром. телевиз. установки ( отделы 8 и 9 ) (при устройстве средств посадки самолетов : НР=95%, СП=55% - {АВИА}=1) | EM117: мФЕР-10 | EQ117: 0 | ER117: 0 | ES117: 0 | ET117: 0 | EU117: 0 | EV117: 0 | EW117: 0 | EX117: 0 | FQ117: 0 | FR117: =ROUND(IF(AND(BH117=3,BI117=3),P117,0),2) -> 0 | FS117: 0 | FX117: 80 | FY117: 60 | GD117: 0 | GF117: 802656617 | GG117: 1 | GH117: 0 | GI117: -2 | GJ117: 0 | GK117: =ROUND(R117*(R12)/100,2) -> 0 | GL117: =ROUND(IF(AND(BH117=3,BI117=3,FS117<>0),P117,0),2) -> 0 | GM117: =ROUND(O117+X117+Y117+GK117,2)+GX117 -> 0 | GN117: =IF(OR(BI117=0,BI117=1),ROUND(O117+X117+Y117+GK117,2),0) -> 0 | GO117: =IF(BI117=2,ROUND(O117+X117+Y117+GK117,2),0) -> 0 | GP117: =IF(BI117=4,ROUND(O117+X117+Y117+GK117,2)+GX117,0) -> 0 | GR117: 0 | GS117: 3 | GT117: 0 | GV117: =ROUND(GT117,6) -> 0 | GW117: 1 | GX117: =ROUND(GV117*GW117*I117,2) -> 0 | HA117: 0 | HB117: 0 | IK117: 0
